Workbook
Name Contingency: Lists!$B$23:$B$25
Name Dozer_work: EquipProd!$C$53:$G$70
Name EquipList: Lists!$B$4:$B$6
Name EquipRates: 'T2 - Unit Rates'!$C$7:$J$54
Name Excavator_prod: EquipProd!$C$76:$J$84
Name LabourRates: 'T2 - Unit Rates'!$A$57:$L$68
Name Manpower: Lists!$G$4:$G$15
Name MatRate: 'T2 - Unit Rates'!$C$71:$H$82
Name MiscRates: 'T2 - Unit Rates'!$C$99:$E$110
Name Period: Lists!$B$11:$B$12
Name Productivity: EquipProd!$B$4:$C$39
Name Progressive: Lists!$B$18:$B$19
Name RehabCover: LHD!$B$39:$E$65
Name UnitCost: '[1]T2-UnitCost'!$B$4:$D$77

Sheet Revisions
A3: Original | B3: File Name | C3: Appendix E_20200910_BMCM1_ClosureCostEst
A5: Update 1 | B5: File Name | C5: Closure Cost Model_Rev01
A7: Revision No | B7: Tab | C7: Column | D7: Row | E7: Change
A8: 1-1 | B8: T1-Summary | C8: I | D8: 6 | E8: Added 'Select Equipment Costing Method' drop box | F8: Depending on selections made, Rev 1-1 through 1-4 substantially change the values
A9: 1-2 | B9: T1-Summary | C9: I | D9: 8 | E9: Added 'Select Reclamation Cost Timeframe' drop box | F9: Depending on selections made, Rev 1-1 through 1-4 substantially change the values
A10: 1-3 | B10: T1-Summary | C10: I | D10: 12 | E10: Added 'Select Cost Method for Progressive Reclamation' drop box | F10: Depending on selections made, Rev 1-1 through 1-4 substantially change the values
A11: 1-4 | B11: T1-Summary | C11: I | D11: 16 | E11: Added 'Select Contingency Level' drop box | F11: Depending on selections made, Rev 1-1 through 1-4 substantially change the values
A12: 1-5 | B12: Quantities | C12: F | E12: Inserted column F to include quantities for Life of Mine (LOM)
A13: 1-6 | B13: Quantities | D13: 43 | E13: Inserted row 43 'Class A SF - Progressively Reclaimed' to show progressive rehabilitation
A14: 1-7 | B14: Quantities | D14: 57 | E14: Inserted row 57 "Class B SF - Progressively Reclaimed' to show progressive rehabilitation
A15: 1-8 | B15: Quantities | D15: 70 | E15: Inserted row 70 'Class C SF - Progressively Reclaimed' to show progressive rehabilitation
A16: 1-9 | B16: Quantities | C16: G | D16: 39 - 82 | E16: Updated areas and volumes
A17: 1-10 | B17: Quantities | D17: 84 - 85 | E17: Added rows 84 & 85, additional information only
A18: 1-11 | B18: Quantities | D18: 87 - 88 | E18: Added rows 87 & 88, Class C claim fraction information only
A19: 1-12 | B19: EquipProd | E19: Reviewed and updated most productivity calculations
A20: 1-13 | B20: LHD | D20: 6 - 28 | E20: Updated equipment selection and productivity calculations
A21: 1-14 | B21: LHD | D21: 15 | E21: Inserted row 15 to include calculation of progessive Class C material to the Class A SF
A22: 1-15 | B22: LHD | D22: 22 | E22: Inserted row 22 to include calculation of progessive Class C material to the Class B SF
A23: 1-16 | B23: LHD | D23: 39 - 61 | E23: Updated full placement cost calculations
A24: 1-17 | B24: LHD | D24: 48 - 50 | E24: Inserted rows 48-50 for allow multiple pricing methodologies for Class A SF
A25: 1-18 | B25: LHD | D25: 55 - 57 | E25: Inserted rows 55-57 for allow multiple pricing methodologies for Class B SF
A26: 1-19 | B26: Labour & Equip Hrs | C26: C & E | D26: 18 | E26: Added estimated number of seasons for active reclamation works
A27: 1-20 | B27: T2-Unit Rates | C27: C | D27: 57 - 63 | E27: Updated Labour rates for YG-FWS effective April 1, 2020
A28: 1-21 | B28: T2-Unit Rates | C28: J | D28: 7 - 54 | E28: Updated Owner Rates based on Caterpillar and Komatsu information
A29: 1-22 | B29: T2-Unit Rates | D29: 33 - 34 | E29: Inserted rows 33 & 34 with additional trucks
A30: 1-23 | B30: T2-Unit Rates | D30: 42 | E30: Inserted row 42 with additional loader
A31: 1-24 | B31: T2-Unit Rates | C31: E | D31: 71 | E31: Updated Zone F costs
A32: 1-25 | B32: T2-Unit Rates | C32: E | D32: 72 | E32: Updated Zone S costs
A33: 1-26 | B33: T3 - G&A | C33: J | D33: 9-28 | E33: Updated to calculate directly from info on tab 'Labour & Equip Hrs'
A34: 1-27 | B34: T3 - G&A | C34: L | D34: 9-28 | E34: Updated to calculate directly from info on tab 'Labour & Equip Hrs'
A35: 1-28 | B35: T10 - Infrastructure | D35: 10 | E35: Added cost of demobing camp buildings
A36: 1-29 | B36: T10 - Infrastructure | C36: R | D36: 8 & 15 | E36: Updated building breakdown labour hours
A37: 1-30 | B37: T14 - MobDemob | E37: Adjusted number of items for various scenarios
A38: 1-31 | B38: T14 - MobDemob | D38: 38 | E38: Added additional truck type
A39: 1-32 | B39: T14 - MobDemob | D39: 46 | E39: Added additional FEL type
A40: 1-33 | B40: T14 - MobDemob | C40: K | E40: Adjustedcolumn K values to reflect ICMM mobdemob for Year 2
A41: 1-34 | B41: T15-ICMM | C41: K | D41: 8 - 61 | E41: Included ICMM costs for Year 2 based on EMR request
A42: 1-35 | B42: T15-ICMM | C42: N | D42: 8 - 61 | E42: Reviewed and updated estimates
A43: 1-36 | B43: T15-ICMM | D43: 33 - 41 | E43: Updated rows 33-41, Site Maintenance section to be similar to 'T16-PCMM' section
A44: 1-37 | B44: T16-PCMM | C44: I | D44: 70 | E44: Updated PCMM annual MobDemob to include both ways
A46: Update 2 | B46: File Name | C46: Closure Cost Model_Rev02
A48: Revision No | B48: Tab | C48: Column | D48: Row | E48: Change
A49: 2-1 | B49: T1-Summary | E49: Unused rows for Tailings, Quarries and Borrow Pits, Sediment and Erosion Control removed
A50: 2-2 | B50: T1-Summary | E50: Roads and Trails costs moved to PCMM to accurately capture timing of activity
A51: 2-3 | B51: T1-Summary | C51: E | D51: 17 | E51: Formula edited to account for 3 years of active closure
A52: 2-4 | B52: T1-Summary | C52: G-I | E52: Tables for activity specific Contingency and Indirect costs added
A53: 2-5 | B53: T1-Summary | C53: B-E | D53: 49-58 | E53: Table 2 added to provide sensitivity analysis of NPV rates as per IR2-45
A54: 2-6 | B54: Quantities | C54: F | D54: 14 | E54: Formula corrected to show LOM quantity
A55: 2-7 | B55: Quantities | C55: F | D55: 15 | E55: Formula corrected to show LOM quantity
A56: 2-8 | B56: Quantities | C56: F | D56: 18 | E56: Formula corrected to show LOM quantity
A57: 2-9 | B57: Quantities | C57: F | D57: 20 | E57: Formula corrected to show LOM quantity
A58: 2-10 | B58: Quantities | C58: F | D58: 31 | E58: Formula corrected to show LOM quantity
A59: 2-11 | B59: Quantities | C59: E-G | D59: 76 | E59: Formulas corrected
A60: 2-12 | B60: Quantities | C60: G | D60: 78 | E60: Formula corrected
A61: 2-13 | B61: Quantities | C61: G | D61: 81 | E61: Formula corrected
A62: 2-14 | B62: LHD | C62: C | D62: 6-28 | E62: 'Nearby Stockpilec' replaced with specific stockpile names
A63: 2-15 | B63: T2-Unit Rates | C63: G-J | D63: 5-54 | E63: Cells showing BC Blue Book and Owner equipment rates blacked out
A64: 2-16 | B64: T2-Unit Rates | C64: E | D64: 72 | E64: Unit rate for Zone S material updated based on revised quote
... A66: 2-18 | B66: T8-Facilities | C66: C | D66: 14-20 | E66: Included estimate for cleanup, transport and disposal of any residual hazardous materials
A67: 2-19 | B67: T14-MobDemob | C67: L | E67: Updated to match ICMM requirements
A68: 2-20 | B68: T15-ICMM | C68: K | D68: 49-50 | E68: Sampling frequency reduced due to limited disturbance for initial Year 2 period
A69: 2-21 | B69: T15-ICMM | C69: C | D69: 54-56 | E69: Monitoring section updated due to limited disturbance for initial Year 2 period
A70: 2-22 | B70: T15-ICMM | C70: C | D70: 58 | E70: Section changed to Road Closure and Reclamation, part of Rev 2-2
A71: 2-23 | B71: T16-PCMM | C71: C | D71: 13 | E71: Irrelevant commit deleted as per IR2-51
A72: 2-24 | B72: T16-PCMM | C72: C | D72: 36-44 | E72: Sections updated to separate Project Management costs from other site costs
A73: 2-25 | B73: T16-PCMM | C73: P | D73: 74 | E73: Formula corrected
A74: 2-26 | B74: T16-PCMM | C74: S | D74: 74 | E74: Formula corrected
A75: 2-27 | B75: T16-PCMM | C75: C | D75: 77-79 | E75: Surface and Groundwater costs moved to 'Monitoring' rows below for consistency
A76: 2-28 | B76: T16-PCMM | C76: C | D76: 82-90 | E76: All ongoing environmental monitoring costs placed in one section for simplicity
A77: 2-29 | B77: T16-PCMM | C77: I | D77: 83-90 | E77: Lump sum rates updated following review as per IR2-50
A78: 2-30 | B78: T16-PCMM | C78: C-D | D78: 83-90 | E78: Monitoring requirements updated to match descriptions in RCP
A79: 2-31 | B79: T16-PCMM | C79: D | D79: 100-103 | E79: Section changed to Road Closure and Reclamation, part of Rev 2-2
... A88: 2-40 | B88: T19-NPV-EOM | C88: D | D88: 79 | E88: Commencement year for NPV calculation changed to Year 1 as per IR2-46
A90: Update 3 | B90: File Name | C90: Closure Cost Model_Rev03
A92: Revision No | B92: Tab | C92: Column | D92: Row | E92: Change
A93: 3-1 | B93: T1-Summary | C93: H | D93: 27 | E93: Indirect cost for Engineering and Survey changed
A94: 3-2 | B94: Quantities | C94: J | D94: 37 | E94: Deleted obsolete comment
A95: 3-3 | B95: T16-PCMM | C95: I | D95: 83-90 | E95: Updated costs after reducing average helicopter travel speed
A97: Update 4 | B97: File Name | C97: Closure Cost Model_Rev04
A99: Revision No | B99: Tab | C99: Column | D99: Row | E99: Change
A100: 4-1 | B100: Quantities | C100: E | E100: Review and update Year 2 quantities
A101: 4-2 | B101: T2-Unit Rates | C101: E-J | D101: 7-54 | E101: Updated hourly equipment costs to 2023 rates
A102: 4-3 | B102: T2-Unit Rates | C102: C | D102: 57-68 | E102: Updated base wage rates to 2023 rates
A103: 4-4 | B103: T2-Unit Rates | C103: E | D103: 71-82 | E103: Reviewed and updated materials costs
A104: 4-5 | B104: T2-Unit Rates | C104: E | D104: 85-94 | E104: Reviewed and updated miscellaneous costs
A105: 4-6 | B105: T6-Pits | C105: I | D105: 33 | E105: Update pit lake treatment costs following pilot plant work
A106: 4-7 | B106: T9-Ponds | D106: 55-61 | E106: Added disposal of HDPE liners for WRSF ponds
A107: 4-8 | B107: T10-Infrastructure | D107: 46-65 | E107: Added reclamation of temporary construction areas
A108: 4-9 | B108: T13 - Water | C108: I | D108: 57 | E108: Revised passive treatment capital cost
A109: 4-10 | B109: T16-PCMM | C109: I | D109: 83-90 | E109: Revised monitoring costs
A110: 4-11 | B110: T1-Summary | C110: D | D110: 45 | E110: Updated 5 year average inflation rate
A111: 4-12 | B111: T1-Summary | C111: C-E | D111: 52-58 | E111: Updated sensitivity table
A113: Update 5 | B113: File Name | C113: Closure Cost Model_Rev05
A115: Revision No | B115: Tab | C115: Column | D115: Row | E115: Change
A116: 5-1 | B116: Quantities | C116: D-G | E116: Review and update all quantities
A117: 5-2 | B117: T1-Summary | C117: D | D117: 45 | E117: Updated 5 year average inflation rate
A118: 5-3 | B118: T7-WSF | E118: Review and add reclamation of collection ponds and ROM pad
A120: Update 6 | B120: File Name | C120: Closure Cost Model_Rev06
A122: Revision No | B122: Tab | C122: Column | D122: Row | E122: Change
A123: 6-1 | B123: T2-Unit Rates | C123: E-J | D123: 7-54 | E123: Updated hourly equipment costs for BC Blue Book 2025/2026 rates
...

Sheet T1-Summary
Y1: calcs | AA1: Hide and lock section
B3: Table 1
B4: Summary Table of Estimated Closure Costs | Z4: Calculation Options
B5: Description of Cost | C5: Current | D5: 2 Year | E5: 5 Year | F5: =Z8 -> EOM | H5: Implementation Contingency Cost Factors
B6: Closure Implementation | H6: =C5 -> Current | I6: =D5 -> 2 Year | J6: =E5 -> 5 Year | K6: =F5 -> EOM | Z6: BC Blue Book | AA6: Select Equipment Costing Method
B7: General & Administration | C7: ='T3 - G&A'!$I31 -> 0 | D7: ='T3 - G&A'!$K31 -> 985776 | E7: ='T3 - G&A'!$M31 -> 1966552 | F7: ='T3 - G&A'!$O$31 -> 2947328 | H7: 0 | I7: 0.2 | J7: 0.2 | K7: 0.2
B8: Exploration | C8: ='T4 - Exploration'!$H16 -> 100000 | D8: ='T4 - Exploration'!$J16 -> 100000 | E8: ='T4 - Exploration'!$L16 -> 100000 | F8: ='T4 - Exploration'!$N$16 -> 100000 | H8: n/a | I8: n/a | J8: n/a | K8: n/a | Z8: EOM | AA8: Select Reclamation Cost Timeframe
B9: Closure Planning | C9: ='T5 - ClosurePlan'!$H24 -> 0 | D9: ='T5 - ClosurePlan'!$J24 -> 160000 | E9: ='T5 - ClosurePlan'!$L24 -> 1120000 | F9: ='T5 - ClosurePlan'!$N$24 -> 2240000 | H9: 0 | I9: 0.1 | J9: 0.1 | K9: 0.1 | AB9: Total LOM = Total Costs of Reclamation
B10: Mine Working - UG & OP | C10: ='T6 - Pits'!$O45 -> 0 | D10: ='T6 - Pits'!$T45 -> 0 | E10: ='T6 - Pits'!$Y45 -> 968819.57 | F10: ='T6 - Pits'!$AD$45 -> 4339481.4 | H10: 0 | I10: 0.15 | J10: 0.2 | K10: 0.2 | AB10: EOM = Costs of Reclamation Remaining At End of Operations, Removes Progressively Completed Reclamation
B11: Waste Rock and Tailings Storage Facilities | C11: ='T7 - WSF'!$O70 -> 0 | D11: ='T7 - WSF'!$T70 -> 83605.814 | E11: ='T7 - WSF'!$Y70 -> 21268342 | F11: ='T7 - WSF'!$AD$70 -> 30561817 | H11: 0 | I11: 0.15 | J11: 0.2 | K11: 0.2
B12: Surface Facilities | C12: ='T8 - Facilities'!$O115 -> 0 | D12: ='T8 - Facilities'!$T115 -> 674247.77 | E12: ='T8 - Facilities'!$Y115 -> 4613369.8 | F12: ='T8 - Facilities'!$AD$115 -> 4613369.8 | H12: 0 | I12: 0.15 | J12: 0.2 | K12: 0.2 | Z12: YG | AA12: Select Cost Method for Progressive Reclamation
B13: Water Storage Ponds | C13: ='T9 - Ponds'!$O62 -> 0 | D13: ='T9 - Ponds'!$T62 -> 0 | E13: ='T9 - Ponds'!$Y62 -> 783161.96 | F13: ='T9 - Ponds'!$AD$62 -> 783161.96 | H13: 0 | I13: 0.15 | J13: 0.15 | K13: 0.15 | AB13: YG = Progressive Reclamation is Costed at YG 3rd Party Rates & Equipment Sizes
B14: Infrastructure | C14: ='T10 - Infrastructure'!$O65 -> 230064.32 | D14: ='T10 - Infrastructure'!$T65 -> 708798.67 | E14: ='T10 - Infrastructure'!$Y65 -> 743398.05 | F14: ='T10 - Infrastructure'!$AD$65 -> 743398.05 | H14: 0 | I14: 0.2 | J14: 0.2 | K14: 0.2 | AB14: Mining = Progressive Reclamatin is Costed as per the Open Pit Mining Contract
B15: Waste Disposal / Remediation | C15: ='T11 - Wastes'!$O23 -> 0 | D15: ='T11 - Wastes'!$T23 -> 19636.568 | E15: ='T11 - Wastes'!$Y23 -> 19636.568 | F15: ='T11 - Wastes'!$AD$23 -> 19636.568 | H15: 0 | I15: 0.15 | J15: 0.15 | K15: 0.15
B16: Water Management | C16: ='T13 - Water'!$O61 -> 0 | D16: ='T13 - Water'!$T61 -> 224565.5 | E16: ='T13 - Water'!$Y61 -> 4415405.5 | F16: ='T13 - Water'!$AD$61 -> 4598683 | H16: 0 | I16: 0.15 | J16: 0.25 | K16: 0.25 | Z16: Medium | AA16: Select Contingency Level
B17: Mob/Demob | C17: 0 | D17: ='T14 - MobDemob'!$O$61+'T14 - MobDemob'!$S$61 -> 258095.25 | E17: ='T14 - MobDemob'!$Q$61+'T14 - MobDemob'!$S$61 -> 366632 | F17: ='T14 - MobDemob'!$Q$61+'T14 - MobDemob'!$S$61 -> 366632 | H17: 0 | I17: 0.1 | J17: 0.1 | K17: 0.1
B18: Interim Care, Maintenance, and Monitoring Costs | C18: 0 | D18: ='T15-ICMM'!$M$63 -> 389293.1 | E18: ='T15-ICMM'!$P$63 -> 2709272.1 | F18: ='T15-ICMM'!$S$63 -> 3336272.1 | H18: 0 | I18: 0.15 | J18: 0.15 | K18: 0.15
B19: Sub-total Implementation Costs | C19: =SUM(C7:C18) -> 330064.32 | D19: =SUM(D7:D18) -> 3604018.7 | E19: =SUM(E7:E18) -> 39074590 | F19: =SUM(F7:F18) -> 54649780
B20: Contingency Costs | C20: 0 | D20: =SUMPRODUCT(D7:D18,I7:I18) -> 589426.77 | E20: =SUMPRODUCT(E7:E18,J7:J18) -> 7691421.5 | F20: =SUMPRODUCT(F7:F18,K7:K18) -> 10672273 | H20: Average Contingency | I20: =D20/D19 -> 0.16354709 | J20: =E20/E19 -> 0.19683947 | K20: =F20/F19 -> 0.19528484
B21: Indirect Costs | C21: 0 | D21: =D19*$I$30 -> 720803.73 | E21: =E19*$I$30 -> 7814917.9 | F21: =F19*$I$30 -> 10929956
B22: Cost Inflation 1 | C22: 0 | D22: =((D19+D21)*(1+$D$45)^2)-(D19+D21) -> 325957.54 | E22: =((E19+E21)*(1+$D$45)^5)-(E19+E21) -> 9340669.9 | F22: =((F19+F21)*(1+$D$45)^12)-(F19+F21) -> 35838194 | H22: Implementation Indirect Cost Factors
B23: Total Implementation Costs | C23: =C19+C21+C22 -> 330064.32 | D23: =D19+D21+D22 -> 4650779.9 | E23: =E19+E21+E22 -> 56230178 | F23: =F19+F21+F22 -> 1.0141793e+08 | H23: Contractors | I23: 0.05
H24: Insurance | I24: 0
B25: Post Closure Costs | H25: Bonding | I25: 0.03
B26: Capital Costs | H26: Taxes | I26: 0
B27: Pre-Closure Site Environmental Assessment | C27: ='T16-PCMM'!$M$11 -> 0 | D27: ='T16-PCMM'!$P$11 -> 60000 | E27: ='T16-PCMM'!$S$11 -> 120000 | F27: ='T16-PCMM'!$V$11 -> 120000 | H27: Agency administration | I27: 0
B28: Post-Closure Site Environmental Assessment | C28: ='T16-PCMM'!$M$16 -> 0 | D28: ='T16-PCMM'!$P$16 -> 35000 | E28: ='T16-PCMM'!$S$16 -> 70000 | F28: ='T16-PCMM'!$V$16 -> 70000 | H28: Engineering and Surveying | I28: 0.07
B29: Instrumentation | C29: ='T16-PCMM'!$M$22 -> 0 | D29: ='T16-PCMM'!$P$22 -> 0 | E29: ='T16-PCMM'!$S$22 -> 25000 | F29: ='T16-PCMM'!$V$22 -> 25000 | H29: Project Management | I29: 0.05
B30: Recurring Costs (NPV) | H30: Total | I30: =SUM(I23:I29) -> 0.2
B31: Water Treatment | C31: ='T17-NPV-YR0'!B80 -> 0 | D31: ='T18-NPV-YR2'!B80 -> 0 | E31: ='T19-NPV-YR5'!B80 -> 23426.41 | F31: ='T20-NPV-EOM'!B80 -> 16702.707
B32: Staff/Equipment | C32: ='T17-NPV-YR0'!B83 -> 0 | D32: ='T18-NPV-YR2'!B83 -> 436635.16 | E32: ='T19-NPV-YR5'!B83 -> 906654.22 | F32: ='T20-NPV-EOM'!B83 -> 1064199.1
B33: Maintenance | C33: ='T17-NPV-YR0'!B87 -> 0 | D33: ='T18-NPV-YR2'!B87 -> 123116.81 | E33: ='T19-NPV-YR5'!B87 -> 337582.9 | F33: ='T20-NPV-EOM'!B87 -> 616162.04
B34: Transportation | C34: ='T17-NPV-YR0'!B90 -> 0 | D34: ='T18-NPV-YR2'!B90 -> 88329.224 | E34: ='T19-NPV-YR5'!B90 -> 252167.21 | F34: ='T20-NPV-EOM'!B90 -> 285027.9 | H34: Post Closure Cost Factors
B35: Monitoring | C35: ='T17-NPV-YR0'!B92 -> 64593.072 | D35: ='T18-NPV-YR2'!B92 -> 2992920.7 | E35: ='T19-NPV-YR5'!B92 -> 4460678.1 | F35: ='T20-NPV-EOM'!B92 -> 6127936.4 | H35: Contingency | I35: Indirects
B36: Sub-total Post Closure Costs | C36: =SUM(C27:C35) -> 64593.072 | D36: =SUM(D27:D35) -> 3736001.9 | E36: =SUM(E27:E35) -> 6195508.8 | F36: =SUM(F27:F35) -> 8325028.1 | H36: 0.2 | I36: 0.15
B37: Contingency Costs | C37: =C36*$H$36 -> 12918.614 | D37: =D36*$H$36 -> 747200.39 | E37: =E36*$H$36 -> 1239101.8 | F37: =F36*$H$36 -> 1665005.6
B38: Indirect Costs | C38: =C36*$I$36 -> 9688.9608 | D38: =D36*$I$36 -> 560400.29 | E38: =E36*$I$36 -> 929326.32 | F38: =F36*$I$36 -> 1248754.2
B39: Total Post Closure Costs | C39: =C36+C38 -> 74282.033 | D39: =D36+D38 -> 4296402.2 | E39: =E36+E38 -> 7124835.1 | F39: =F36+F38 -> 9573782.3
B41: Total Closure Costs | C41: =C39+C23 -> 404346.35 | D41: =D39+D23 -> 8947182.2 | E41: =E39+E23 -> 63355013 | F41: =F39+F23 -> 1.1099171e+08
B42: Contingency Costs | C42: =C20+C37 -> 12918.614 | D42: =D20+D37 -> 1336627.2 | E42: =E20+E37 -> 8930523.3 | F42: =F20+F37 -> 12337279
B43: Total Closure Costs (incl Contingency) | C43: =SUM(C41:C42) -> 417264.97 | D43: =SUM(D41:D42) -> 10283809 | E43: =SUM(E41:E42) -> 72285536 | F43: =SUM(F41:F42) -> 1.2332899e+08
B45: Inflation Rate (Bank of Canada 5 year ave) | D45: 0.037

Sheet Quantities
B1: Table 8
B2: Quantities
B4: ID | C4: Remediation Unit | D4: Quantity Current (to end 2025) | E4: Quantity Year 2 | F4: Quantity Year 5 | G4: Quantity LOM | H4: Quantity End of Mine | I4: Unit | K4: Basis
C5: Mill Site | D5: 0 | E5: 200900 | F5: 200900 | G5: 200900 | H5: 200900 | I5: m2 | K5: Surface footprint feasibility design file
C6: Temporary Offices and Fuel Management | D6: 0 | E6: 51600 | F6: 0 | G6: 0 | H6: 0 | I6: m2 | K6: Surface footprint feasibility design file
C7: Borrow Pit and Crushing/Screening Plant and Stockpiles | D7: 0 | E7: 171900 | F7: 0 | G7: 0 | H7: 0 | I7: m2 | K7: Surface footprint feasibility design file
C8: Mining Workshop, Go Bay, Fuel Facility | D8: 0 | E8: 0 | F8: =46510+20105 -> 66615 | G8: =46510+20105 -> 66615 | H8: =46510+20105 -> 66615 | I8: m2 | K8: Surface footprint feasibility design file
C9: Explosives Facilities and magazines | D9: 0 | E9: 200 | F9: 29900 | G9: 29900 | H9: 29900 | I9: m2 | K9: Surface footprint feasibility design file
C10: Incinerator and Landfill | D10: 0 | E10: 6700 | F10: 6700 | G10: 6700 | H10: 6700 | I10: m2 | K10: Surface footprint feasibility design file
C11: Camp Area | D11: 42800 | E11: 53800 | F11: 53800 | G11: 53800 | H11: 53800 | I11: m2 | K11: Surface footprint feasibility design file
C12: Core Storage Area | D12: 8200 | E12: 12400 | F12: 12400 | G12: 12400 | H12: 12400 | I12: m2 | K12: Surface footprint feasibility design file
C13: Roads | D13: 14.27 | E13: 15.592 | F13: 15.5 | G13: 20.388 | H13: 20.388 | I13: km | K13: Surface footprint feasibility design file
C14: Lower Water Management Pond Berm | D14: 0 | E14: 0 | F14: 24400 | G14: 24400 | H14: 24400 | I14: m2 | K14: Feasibility design file
C15: Lower Water Management Pond footprint | D15: 0 | E15: 0 | F15: 151500 | G15: 151500 | H15: 151500 | I15: m2 | K15: Surface footprint feasibility design file
C16: Lower Water Management Pond Embankment, Excess Material Excavated | D16: 0 | E16: 0 | F16: 126730 | G16: 126730 | H16: 126730 | I16: m3 | K16: Feasibility design file
C17: Lower Water Management Pond Embankment | D17: 0 | E17: 0 | F17: 229659 | G17: 229659 | H17: 229659 | I17: m3 | K17: Feasibility design file
C18: Lower Water Management Pond Liner | D18: 0 | E18: 0 | F18: 118856 | G18: 118856 | H18: 118856 | I18: m2 | K18: Feasibility design file
C19: Upper Water Management Pond Berm | D19: 0 | E19: 0 | F19: 24700 | G19: 24700 | H19: 24700 | I19: m2 | K19: Feasibility design file
C20: Upper Water Management Pond footprint | D20: 0 | E20: 0 | F20: 132800 | G20: 132800 | H20: 132800 | I20: m2 | K20: Surface footprint feasibility design file
... C28: Overburden Stockpile - Collection Pond Liner | D28: 0 | E28: 0 | F28: 9000 | G28: 9000 | H28: 9000 | I28: m2 | K28: Feasibility design file
C29: Overburden Stockpile - Regrade volume (assumed 0.1 m cut) | D29: =D26*0.1 -> 0 | E29: =E26*0.1 -> 7890 | F29: =F26*0.1 -> 32540 | G29: =G26*0.1 -> 47470 | H29: =H26*0.1 -> 47470 | I29: m3 | K29: Estimate
C30: Topsoil Stockpile | D30: 0 | E30: 42200 | F30: 227300 | G30: 320600 | H30: =G30*0.5 -> 160300 | I30: m2 | K30: Surface footprint feasibility design file
C31: Topsoil Stockpile - Regrade volume (assumed 0.10 m cut) | D31: =D30*0.1 -> 0 | E31: =E30*0.1 -> 4220 | F31: =F30*0.1 -> 22730 | G31: =G30*0.1 -> 32060 | H31: =H30*0.1 -> 16030 | I31: m3 | K31: Estimate
C32: Pit | D32: 0 | E32: 0 | F32: 487900 | G32: 881000 | H32: 881000 | I32: m2 | K32: Surface footprint feasibility design file
C33: Pit Perimeter | D33: 0 | E33: 0 | F33: 3950 | G33: 4600 | H33: 4600 | I33: m | K33: Surface footprint feasibility design file
C34: Pit Safety Berm Volume (m3/m) | D34: 0 | E34: 0 | F34: 3.8 | G34: 3.8 | H34: 3.8 | I34: m3/m | K34: 1.5 m high, 1.5:1 side slopes, 0.3 m crest
C35: Pit Safety Berm Volume (m3) | D35: =D33*D34 -> 0 | E35: =E33*E34 -> 0 | F35: =F33*F34 -> 15010 | G35: =G33*G34 -> 17480 | H35: =H33*H34 -> 17480 | I35: m3 | K35: Calculated
C36: Drainage channels to be reclaimed - length | D36: 0 | E36: 16900 | F36: 21900 | G36: 33060 | H36: 33060 | I36: m | K36: Surface footprint feasibility design file
C37: Drainage channels fill volume | D37: 0 | E37: 102600 | F37: 127000 | G37: 166400 | H37: 166400 | I37: m3 | K37: Feasibility design file
C38: Drainage channels to be reclaimed - Regrade quantities | D38: =D36*3*0.1 -> 0 | E38: =E36*3*0.1 -> 5070 | F38: =F36*3*0.1 -> 6570 | G38: =G36*3*0.1 -> 9918 | H38: =H36*3*0.1 -> 9918 | I38: m3 | K38: Estimate, D6 with 3 m wide blade, 0.1 m cut
C39: Finlayson Creek Pipeline | D39: 0 | E39: 0 | F39: 4970 | G39: 4970 | H39: 4970 | I39: m | K39: Feasibility design file
C40: Dewatering Trenches - Total Area | D40: 0 | E40: 0 | F40: 47500 | G40: 0 | H40: 0 | I40: m2 | K40: Surface footprint feasibility design file
C41: Dewatering Trenches - Regrade Area | D41: 0 | E41: 0 | F41: 47500 | G41: 0 | H41: 0 | I41: m2 | K41: Surface footprint feasibility design file
C42: Dewatering Trenches - Backfill Quantities | D42: 0 | E42: 0 | F42: 311400 | G42: 0 | H42: 0 | I42: m3 | K42: Feasibility design file
C43: Dewatering Trenches - Regrade Quantities | D43: =D40*0.1 -> 0 | E43: =E40*0.1 -> 0 | F43: =F40*0.1 -> 4750 | G43: =G40*0.1 -> 0 | H43: =H40*0.1 -> 0 | I43: m3 | K43: Calculated
C45: Class A SF - Surface Area | D45: 0 | E45: 0 | F45: =525700-F46-F47 -> 227900 | G45: 739200 | H45: 739200 | I45: m2 | K45: Feasibility design file
C46: Class A SF - Surface Area, Cleared not Used | D46: 0 | E46: 0 | F46: 163400 | G46: 0 | H46: 0 | I46: m2 | K46: Feasibility design file | P46: Cleared for expansion, but does not have rock or tailings placed on it
C47: Class A SF - Buttress Area | D47: 0 | E47: 0 | F47: 134400 | G47: 134400 | H47: 134400 | I47: m2 | K47: Feasibility design file | P47: Will be reclaimed prior to closure
C48: Class A - Collection Pond | D48: 0 | E48: 0 | F48: 82300 | G48: 82300 | H48: 82300 | I48: m2 | K48: Surface footprint feasibility design file
C49: Class A - Collection Pond Liner | D49: 0 | E49: 0 | F49: 25000 | G49: 25000 | H49: 25000 | I49: m2 | K49: Feasibility design file
C50: Class A SF - incl Buttress & Pond | D50: =SUM(D45,D47:D48) -> 0 | E50: =SUM(E45,E47:E48) -> 0 | F50: =SUM(F45,F47:F48) -> 444600 | G50: =SUM(G45,G47:G48) -> 955900 | H50: =SUM(H45,H47:H48) -> 955900 | I50: m2 | K50: Calculated
C51: Class A SF - Progressively Reclaimed | D51: 0 | E51: 0 | F51: 0 | G51: 0 | H51: =H45/2+H47 -> 504000 | I51: m2 | K51: Estimate | P51: All buttress and 50% Class A
C52: Class A SF - Final Year Surface Area | D52: 0 | E52: =E50 -> 0 | F52: =F50-F51 -> 444600 | G52: =G50-G51 -> 955900 | H52: =H50-H51 -> 451900 | I52: m2 | K52: Calculated | P52: Class A Surface plus Buttress plus pond
C53: Class A SF - Cover Liner Protection | D53: =(D52-D48-D47)*0.5 -> 0 | E53: =(E52-E48-E47)*0.5 -> 0 | F53: =(F52-F48-F47)*0.5 -> 113950 | G53: =(G52-G48-G47)*0.5 -> 369600 | H53: =(H52-H48)*0.5 -> 184800 | I53: m3 | K53: Calculated | P53: Surface Area Only, does not include pond area
C54: Class A SF - Cover Glacial Till | D54: =(D52-D48-D47)*0.5 -> 0 | E54: =(E52-E48-E47)*0.5 -> 0 | F54: =(F52-F48-F47)*0.5 -> 113950 | G54: =(G52-G48-G47)*0.5 -> 369600 | H54: =(H52-H48)*0.5 -> 184800 | I54: m3 | K54: Calculated | P54: Surface Area Only, does not include pond area
C55: Class A SF - Frost Protection Layer | D55: =(D52-D48-D47)*3 -> 0 | E55: =(E52-E48-E47)*3 -> 0 | F55: =(F52-F48-F47)*3 -> 683700 | G55: =(G52-G48-G47)*3 -> 2217600 | H55: =(H52-H48)*3 -> 1108800 | I55: m3 | K55: Calculated | P55: Surface Area Only, does not include pond area
C56: Class A SF - Growth Media - Overburden | D56: 0 | E56: 0 | F56: =F59*0.15 -> 91200 | G56: =G59*0.15 -> 143385 | H56: =H59*0.15 -> 67785 | I56: m3 | K56: Calculated | P56: Surface Area, Buttress, Pond
C57: Class A SF - Growth Media - Topsoil | D57: =ROUNDUP(D50*0.15,-2) -> 0 | E57: =ROUNDUP(E50*0.15,-2) -> 0 | F57: =F59*0.15 -> 91200 | G57: =G59*0.15 -> 143385 | H57: =H59*0.15 -> 67785 | I57: m3 | K57: Calculated | P57: Surface Area, Buttress, Pond
C58: Class A SF - Cover HDPE Geomembrane | D58: 0 | E58: 0 | F58: =F52-F47-F48 -> 227900 | G58: =G52-G47-G48 -> 739200 | H58: =H52-H47-H48 -> 235200 | I58: m2 | K58: Calculated | P58: Surface Area Only
C59: Class A SF - Revegetation Area | D59: =ROUNDUP(D50,-2)+D48 -> 0 | E59: =ROUNDUP(E50,-2)+E48 -> 0 | F59: =F52+F46 -> 608000 | G59: =G52+G46 -> 955900 | H59: =H52+H46 -> 451900 | I59: m2 | K59: Calculated | P59: Surface Area, Buttress, Pond
C61: Class B SF - Surface Area | D61: 0 | E61: 0 | F61: =320000-F62 -> 242400 | G61: 673100 | H61: 673100 | I61: m2 | K61: Feasibility design file
C62: Class B SF - Surface Area, Cleared not Used | D62: 0 | E62: 0 | F62: 77600 | G62: 0 | H62: 0 | I62: m2 | K62: Feasibility design file | P62: Cleared for expansion, but does not have rock or tailings placed on it
C63: Class B SF - LGO & ROM | D63: 0 | E63: 0 | F63: 151715 | G63: 151715 | H63: 151715 | I63: m2 | K63: Feasibility design file
C64: Class B - Collection Pond | D64: 0 | E64: 0 | F64: 42400 | G64: 42400 | H64: 42400 | I64: m2 | K64: Surface footprint feasibility design file
C65: Class B - Collection Pond Liner | D65: 0 | E65: 0 | F65: 17000 | G65: 17000 | H65: 17000 | I65: m2 | K65: Feasibility design file
C66: Class B SF - incl ROM & Pond | D66: 0 | E66: 0 | F66: =SUM(F61,F63:F64) -> 436515 | G66: =SUM(G61,G63:G64) -> 867215 | H66: =SUM(H61,H63:H64) -> 867215 | I66: m2 | K66: Calculated
C67: Class B SF - Progressively Reclaimed | D67: 0 | E67: 0 | F67: 0 | G67: 0 | H67: =H61/2 -> 336550 | I67: m2 | K67: Estimate
C68: Class B SF - Final Year Surface Area | D68: 0 | E68: 0 | F68: =F66-F67 -> 436515 | G68: =G66-G67 -> 867215 | H68: =H66-H67 -> 530665 | I68: m2 | K68: Calculated | P68: Includes ROM and LGO
C69: Class B SF - Cover Liner Protection | D69: 0 | E69: =0.5*$E$68 -> 0 | F69: =(F68-F64-F63)*0.5 -> 121200 | G69: =(G68-G64-G63)*0.5 -> 336550 | H69: =(H68-H64-H63)*0.5 -> 168275 | I69: m3 | K69: Calculated | P69: Surface Area, does not include pond, ROM/LGO
C70: Class B SF - Cover Glacial Till | D70: 0 | E70: =0.5*$E$68 -> 0 | F70: =(F68-F64-F63)*0.5 -> 121200 | G70: =(G68-G64-G63)*0.5 -> 336550 | H70: =(H68-H64-H63)*0.5 -> 168275 | I70: m3 | K70: Calculated | P70: Surface Area, does not include pond, ROM/LGO
C71: Class B SF - Frost Protection Layer | D71: 0 | E71: =E68*5 -> 0 | F71: =(F68-F64-F63)*3 -> 727200 | G71: =(G68-G64-G63)*3 -> 2019300 | H71: =(H68-H64-H63)*3 -> 1009650 | I71: m3 | K71: Calculated | P71: Surface Area, does not include pond, ROM/LGO
C72: Class B SF - Growth Media - Overburden | D72: 0 | E72: 0 | F72: =F75*0.15 -> 77130 | G72: =G75*0.15 -> 130095 | H72: =H75*0.15 -> 79605 | I72: m3 | K72: Calculated | P72: Surface Area, ROM, Pond
C73: Class B SF - Growth Media - Topsoil | D73: 0 | E73: =ROUNDUP(E66*0.15,-2) -> 0 | F73: =F75*0.15 -> 77130 | G73: =G75*0.15 -> 130095 | H73: =H75*0.15 -> 79605 | I73: m3 | K73: Calculated | P73: Surface Area, ROM, Pond
C74: Class B SF - Cover HDPE Geomembrane | D74: 0 | E74: =E68 -> 0 | F74: =F68-F64-F63 -> 242400 | G74: =G68-G64-G63 -> 673100 | H74: =H68-H64-H63 -> 336550 | I74: m2 | K74: Calculated | P74: Surface Area
C75: Class B SF - Revegetation Area | D75: =D64 -> 0 | E75: =ROUNDUP(E66,-2)+E64 -> 0 | F75: =ROUNDUP(F68,-2)+F62 -> 514200 | G75: =ROUNDUP(G68,-2)+G62 -> 867300 | H75: =ROUNDUP(H68,-2)+H62 -> 530700 | I75: m2 | K75: Calculated | P75: Surface Area, ROM, Pond
C77: Class C SF - Surface Area | D77: 0 | E77: 0 | F77: 352500 | G77: 1267000 | H77: 1267000 | I77: m2 | K77: Feasibility design file
C78: Class C - Collection Pond | D78: 0 | E78: 0 | F78: 33300 | G78: 33300 | H78: 33300 | I78: m2 | K78: Surface footprint feasibility design file
C79: Class C - Collection Pond Liner | D79: 0 | E79: 0 | F79: 13000 | G79: 13000 | H79: 13000 | I79: m2 | K79: Feasibility design file
C80: Class C SF - SF & Pond | D80: 0 | E80: 0 | F80: =SUM(F77:F78) -> 385800 | G80: =SUM(G77:G78) -> 1300300 | H80: =SUM(H77:H78) -> 1300300 | I80: m2 | K80: Calculated
C81: Class C SF - Progressively Reclaimed | D81: 0 | E81: 0 | F81: 0 | G81: 0 | H81: 0 | I81: m2 | K81: Estimate
C82: Class C SF - Final Year Surface Area | D82: 0 | E82: 0 | F82: =F80-F81 -> 385800 | G82: =G80-G81 -> 1300300 | H82: =H80-H81 -> 1300300 | I82: m2 | K82: Calculated
C83: Class C SF - Growth Media - Overburden | D83: 0 | E83: 0 | F83: =F$85*0.15 -> 57870 | G83: =G$85*0.15 -> 195045 | H83: =(H$82+H78)*0.15 -> 200040 | I83: m3 | K83: Calculated | P83: Surface Area, Pond
C84: Class C SF - Growth Media - Topsoil | D84: 0 | E84: 0 | F84: =F$85*0.15 -> 57870 | G84: =G$85*0.15 -> 195045 | H84: =(H$82+H78)*0.15 -> 200040 | I84: m3 | K84: Calculated | P84: Surface Area, Pond
C85: Class C SF - Revegetation Area | D85: =D78 -> 0 | E85: =E78 -> 0 | F85: =F82 -> 385800 | G85: =G82 -> 1300300 | H85: =H82 -> 1300300 | I85: m2 | K85: Calculated | P85: Surface Area, Pond
C87: Total revegetation area | D87: =SUM(D5,D6,D7,D8,D9,D10,D11,D12,D19,D19,D24,D26,D27,D30,D52,D48,D68,D64,D77,D78) -> 51000 | E87: =SUM(E5,E6,E7,E8,E9,E10,E11,E12,E19,E24,E26,E27,E30,E52,E48,E68,E64,E77,E78) -> 653300 | F87: =SUM(F5,F6,F7,F8,F9,F10,F11,F12,F19,F24,F26,F27,F30,F52,F48,F68,F64,F77,F78) -> 2409130 | G87: =SUM(G5,G6,G7,G8,G9,G10,G11,G12,G19,G24,G26,G27,G30,G50,G66,G80) -> 4383530 | H87: =SUM(H5,H6,H7,H8,H9,H10,H11,H12,H19,H24,H26,H27,H30,H52,H68,H82) -> 3382680 | I87: m2 | K87: Calculated
C88: Total revegetation area excluding covers | D88: =D87-D89 -> 51000 | E88: =E87-E89 -> 653300 | F88: =F87-F89 -> 1175515 | G88: =G87-G89 -> 1704230 | H88: =H87-H89 -> 1099815 | I88: m2 | K88: Calculated
C89: Total revegetation area covers | D89: =D52+D68+D77 -> 0 | E89: =E52+E68+E77 -> 0 | F89: =F52+F68+F77 -> 1233615 | G89: =G45+G61+G77 -> 2679300 | H89: =H52+H68+H82 -> 2282865 | I89: m2 | K89: Calculated
C92: Class C material for Class A & Class B frost protection | F92: =F45+F61 -> 470300 | G92: =G45+G61 -> 1412300 | H92: =H52+H68 -> 982565 | I92: m2 | K92: Calculated
C93: Class C material for Class A & Class B frost protection | F93: =F92*3 -> 1410900 | G93: =G92*3 -> 4236900 | H93: =H92*3 -> 2947695 | I93: m3 | K93: Calculated
C95: Frost Protection for Class A - cover only | F95: =F45*3 -> 683700 | G95: =G45*3 -> 2217600 | H95: =H45*3 -> 2217600 | I95: m3 | K95: Calculated
C96: Frost Protection for Class B - cover only | F96: =F61*3 -> 727200 | G96: =G61*3 -> 2019300 | H96: =H61*3 -> 2019300 | I96: m3 | K96: Calculated
C98: Class C Claim Fraction | H98: 196089 | I98: m2
C99: Class C Claim Fraction, Percentage | H99: =H98/H77*100 -> 15.476638 | I99: %
C101: Pit Lake Treatment
C102: Ferric Sulphate 60% consumption | F102: =G102*14.2% -> 4473 | G102: 31500 | H102: =G102 -> 31500 | I102: kg | K102: Calculated mass for treatment as noted in reference pdf file
C103: Glycerine 80% consumption | F103: =G103*14.2% -> 335475 | G103: 2362500 | H103: =G103 -> 2362500 | I103: kg | K103: Calculated mass for treatment as noted in reference pdf file
C105: Active Closure Phase Water Treatment Volumes (Combined 3 years) | D105: 0 | E105: 0 | F105: 975036 | G105: 1462683 | H105: 1462683 | I105: m3 | K105: Water Balance Model
C106: Transitional Closure Phase Water Treatment Volumes (Combined 12 years) | D106: 0 | E106: 0 | F106: 12073 | G106: 12301 | H106: 12301 | I106: m3 | K106: Water Balance Model
C107: Interim Closure Water Treatment Volume (2 years) | D107: 0 | E107: 0 | F107: 500000 | G107: 800000 | H107: 800000 | I107: m3 | K107: Estimate

Sheet EquipProd
B1: Summary of Individual Equipment Productivities
B3: Unit | C3: m3/hr
B4: =C53 -> D6 Rock pushing | C4: =F53 -> 104.96449
B5: =C54 -> D6 Loose recontouring | C5: =F54 -> 334.5743
B6: =C55 -> D6 Linear recontouring | C6: =F55 -> 250.93072
B7: =C56 -> D6 Berm building | C7: =F56 -> 86.5957
B8: =C57 -> D8 Rock pushing | C8: =F57 -> 157.44673
B9: =C58 -> D8 Loose recontouring | C9: =F58 -> 541.69172
B10: =C59 -> D8 Linear recontouring | C10: =F59 -> 406.26879
B11: =C60 -> D8 Berm building | C11: =F60 -> 140.20256
B12: =C61 -> D9 Rock pushing | C12: =F61 -> 230.92187
B13: =C62 -> D9 Rock recontouring | C13: =F62 -> 479.83765
B14: =C63 -> D9 Rock recontouring - long push | C14: =F63 -> 109.96279
B15: =C64 -> D9 Loose recontouring | C15: =F64 -> 764.74125
... B21: =C70 -> D10 Berm building | C21: =F70 -> 280.40512
B22: =C76 -> Cat 329 loose loading | C22: =I76 -> 252
B23: =C77 -> Cat 329 digging | C23: =I77 -> 132
B24: =C78 -> Cat 235 loose loading | C24: =I78 -> 273.6
B25: =C79 -> Cat 235 digging | C25: =I79 -> 156
B26: =C80 -> Cat 345 loose loading | C26: =I80 -> 348
B27: =C81 -> Cat 345 rock loading | C27: =I81 -> 276
B28: =C82 -> Cat 345 digging | C28: =I82 -> 240
B29: =C88 -> Roller compacting | C29: =I88 -> 226.21711
B30: ='T2 - Unit Rates'!C71 -> Zone F - Crush & Screen | C30: =231/1.9 -> 121.57895
B31: ='T2 - Unit Rates'!C72 -> Zone S - Crush & Screen | C31: =272/1.9 -> 143.15789
B32: =C94 -> Cat 966 Rock Loading | C32: =O94 -> 233.06452
B33: =C95 -> Cat 980 Rock Loading | C33: =O95 -> 301.6129
B34: =C96 -> Cat 988 Crushed Loading | C34: =O96 -> 429.85075
B35: Cat 988 Soil/Gravel Loading | C35: =O97 -> 443.07692
B36: =C98 -> Cat 988 Rock Loading | C36: =O98 -> 405.97015
B37: =C99 -> Cat 992 Rock Loading | C37: =O99 -> 631.59722
B48: Dozer Production Rates
H49: Job Condition Correction Factors
H50: Operator | J50: Material | L50: Slot Dozing | M50: Side by Side Dozing | N50: Visibility | Q50: Job Efficiency | S50: Grades | V50: =Lists!$B$3 -> 5
B51: Dozer | C51: Activity | D51: Assumed Average Dozing Distance | E51: Uncorrected Est. Dozing Production | F51: Corrected Est. Dozing Production | G51: Est. Linear Dozing Production | H51: Description | I51: Factor | J51: Description | K51: Factor | Q51: Description | R51: Factor | S51: % Grade | T51: Factor
D52: m | E52: Lm3/hr | F52: Lm3/hr | G52: m/hr | O52: Weight | P52: Linear | V52: $/m3
B53: CAT D6D | C53: D6 Rock pushing | D53: 60 | E53: 250 | F53: =E53*I53*K53*L53*M53*N53*O53*P53*R53*T53 -> 104.96449 | H53: Average | I53: 0.75 | J53: Rock | K53: 0.8 | L53: 1 | M53: 1 | N53: 1 | O53: =1365/1700 -> 0.80294118 | P53: 1 | Q53: 50 min/hr | R53: 0.83 | S53: -3 | T53: 1.05 | V53: =VLOOKUP(B53,'T2 - Unit Rates'!$C$7:$J$55,$V$50,FALSE)/F53 -> 2.7399744
B54: CAT D6D | C54: D6 Loose recontouring | D54: 15 | E54: 525 | F54: =E54*I54*K54*L54*M54*N54*O54*P54*R54*T54 -> 334.5743 | H54: Average | I54: 0.75 | J54: Loose | K54: 1.2 | L54: 1 | M54: 1 | N54: 1 | O54: =1365/1600 -> 0.853125 | P54: 1 | Q54: 50 min/hr | R54: 0.83 | S54: 0 | T54: 1 | V54: =VLOOKUP(B54,'T2 - Unit Rates'!$C$7:$J$55,$V$50,FALSE)/F54 -> 0.8595998
B55: CAT D6D | C55: D6 Linear recontouring | D55: 15 | E55: 525 | F55: =E55*I55*K55*L55*M55*N55*O55*P55*R55*T55 -> 250.93072 | G55: =F55*0.3 -> 75.279217 | H55: Average | I55: 0.75 | J55: Loose | K55: 1.2 | L55: 1 | M55: 1 | N55: 1 | O55: =1365/1600 -> 0.853125 | P55: 0.75 | Q55: 50 min/hr | R55: 0.83 | S55: 0 | T55: 1 | V55: =VLOOKUP(B55,'T2 - Unit Rates'!$C$7:$J$55,$V$50,FALSE)/F55 -> 1.1461331
B56: CAT D6D | C56: D6 Berm building | D56: 15 | E56: 525 | F56: =E56*I56*K56*L56*M56*N56*O56*P56*R56*T56 -> 86.5957 | H56: Average | I56: 0.75 | J56: Rock | K56: 0.8 | L56: 1 | M56: 1 | N56: 1 | O56: =1365/1700 -> 0.80294118 | P56: 0.75 | Q56: 50 min/hr | R56: 0.83 | S56: 20 | T56: 0.55 | V56: =VLOOKUP(B56,'T2 - Unit Rates'!$C$7:$J$55,$V$50,FALSE)/F56 -> 3.3211811
B57: CAT D8R | C57: D8 Rock pushing | D57: 60 | E57: 375 | F57: =E57*I57*K57*L57*M57*N57*O57*P57*R57*T57 -> 157.44673 | H57: Average | I57: 0.75 | J57: Rock | K57: 0.8 | L57: 1 | M57: 1 | N57: 1 | O57: =1365/1700 -> 0.80294118 | P57: 1 | Q57: 50 min/hr | R57: 0.83 | S57: -3 | T57: 1.05 | V57: =VLOOKUP(B57,'T2 - Unit Rates'!$C$7:$J$55,$V$50,FALSE)/F57 -> 2.3344404
B58: CAT D8R | C58: D8 Loose recontouring | D58: 15 | E58: 850 | F58: =E58*I58*K58*L58*M58*N58*O58*P58*R58*T58 -> 541.69172 | H58: Average | I58: 0.75 | J58: Loose | K58: 1.2 | L58: 1 | M58: 1 | N58: 1 | O58: =1365/1600 -> 0.853125 | P58: 1 | Q58: 50 min/hr | R58: 0.83 | S58: 0 | T58: 1 | V58: =VLOOKUP(B58,'T2 - Unit Rates'!$C$7:$J$55,$V$50,FALSE)/F58 -> 0.67852246
B59: CAT D8R | C59: D8 Linear recontouring | D59: 15 | E59: 850 | F59: =E59*I59*K59*L59*M59*N59*O59*P59*R59*T59 -> 406.26879 | G59: =F59*0.3 -> 121.88064 | H59: Average | I59: 0.75 | J59: Loose | K59: 1.2 | L59: 1 | M59: 1 | N59: 1 | O59: =1365/1600 -> 0.853125 | P59: 0.75 | Q59: 50 min/hr | R59: 0.83 | S59: 0 | T59: 1 | V59: =VLOOKUP(B59,'T2 - Unit Rates'!$C$7:$J$55,$V$50,FALSE)/F59 -> 0.90469662
B60: CAT D8R | C60: D8 Berm building | D60: 15 | E60: 850 | F60: =E60*I60*K60*L60*M60*N60*O60*P60*R60*T60 -> 140.20256 | H60: Average | I60: 0.75 | J60: Rock | K60: 0.8 | L60: 1 | M60: 1 | N60: 1 | O60: =1365/1700 -> 0.80294118 | P60: 0.75 | Q60: 50 min/hr | R60: 0.83 | S60: 20 | T60: 0.55 | V60: =VLOOKUP(B60,'T2 - Unit Rates'!$C$7:$J$55,$V$50,FALSE)/F60 -> 2.6215641
B61: CAT D9N | C61: D9 Rock pushing | D61: 60 | E61: 550 | F61: =E61*I61*K61*L61*M61*N61*O61*P61*R61*T61 -> 230.92187 | H61: Average | I61: 0.75 | J61: Rock | K61: 0.8 | L61: 1 | M61: 1 | N61: 1 | O61: =1365/1700 -> 0.80294118 | P61: 1 | Q61: 50 min/hr | R61: 0.83 | S61: -3 | T61: 1.05 | V61: =VLOOKUP(B61,'T2 - Unit Rates'!$C$7:$J$55,$V$50,FALSE)/F61 -> 2.1572232
B62: CAT D9N | C62: D9 Rock recontouring | D62: 15 | E62: 1200 | F62: =E62*I62*K62*L62*M62*N62*O62*P62*R62*T62 -> 479.83765 | H62: Average | I62: 0.75 | J62: Rock | K62: 0.8 | L62: 1 | M62: 1 | N62: 1 | O62: =1365/1700 -> 0.80294118 | P62: 1 | Q62: 50 min/hr | R62: 0.83 | S62: 0 | T62: 1 | V62: =VLOOKUP(B62,'T2 - Unit Rates'!$C$7:$J$55,$V$50,FALSE)/F62 -> 1.0381636
B63: CAT D9N | C63: D9 Rock recontouring - long push | D63: 120 | E63: 275 | F63: =E63*I63*K63*L63*M63*N63*O63*P63*R63*T63 -> 109.96279 | H63: Average | I63: 0.75 | J63: Rock | K63: 0.8 | L63: 1 | M63: 1 | N63: 1 | O63: =1365/1700 -> 0.80294118 | P63: 1 | Q63: 50 min/hr | R63: 0.83 | S63: 0 | T63: 1 | V63: =VLOOKUP(B63,'T2 - Unit Rates'!$C$7:$J$55,$V$50,FALSE)/F63 -> 4.5301686
B64: CAT D9N | C64: D9 Loose recontouring | D64: 15 | E64: 1200 | F64: =E64*I64*K64*L64*M64*N64*O64*P64*R64*T64 -> 764.74125 | H64: Average | I64: 0.75 | J64: Loose | K64: 1.2 | L64: 1 | M64: 1 | N64: 1 | O64: =1365/1600 -> 0.853125 | P64: 1 | Q64: 50 min/hr | R64: 0.83 | S64: 0 | T64: 1 | V64: =VLOOKUP(B64,'T2 - Unit Rates'!$C$7:$J$55,$V$50,FALSE)/F64 -> 0.6513968
B65: CAT D9N | C65: D9 Linear recontouring | D65: 15 | E65: 1200 | F65: =E65*I65*K65*L65*M65*N65*O65*P65*R65*T65 -> 573.55594 | G65: =F65*0.3 -> 172.06678 | H65: Average | I65: 0.75 | J65: Loose | K65: 1.2 | L65: 1 | M65: 1 | N65: 1 | O65: =1365/1600 -> 0.853125 | P65: 0.75 | Q65: 50 min/hr | R65: 0.83 | S65: 0 | T65: 1 | V65: =VLOOKUP(B65,'T2 - Unit Rates'!$C$7:$J$55,$V$50,FALSE)/F65 -> 0.86852906
B66: CAT D9N | C66: D9 Berm building | D66: 15 | E66: 1200 | F66: =E66*I66*K66*L66*M66*N66*O66*P66*R66*T66 -> 197.93303 | H66: Average | I66: 0.75 | J66: Rock | K66: 0.8 | L66: 1 | M66: 1 | N66: 1 | O66: =1365/1700 -> 0.80294118 | P66: 0.75 | Q66: 50 min/hr | R66: 0.83 | S66: 20 | T66: 0.55 | V66: =VLOOKUP(B66,'T2 - Unit Rates'!$C$7:$J$55,$V$50,FALSE)/F66 -> 2.5167603
B67: CAT D10N | C67: D10 Rock pushing | D67: 60 | E67: 725 | F67: =E67*I67*K67*L67*M67*N67*O67*P67*R67*T67 -> 304.39701 | H67: Average | I67: 0.75 | J67: Rock | K67: 0.8 | L67: 1 | M67: 1 | N67: 1 | O67: =1365/1700 -> 0.80294118 | P67: 1 | Q67: 50 min/hr | R67: 0.83 | S67: -3 | T67: 1.05 | V67: =VLOOKUP(B67,'T2 - Unit Rates'!$C$7:$J$55,$V$50,FALSE)/F67 -> 1.9883573
B68: CAT D10N | C68: D10 Loose recontouring | D68: 15 | E68: 1700 | F68: =E68*I68*K68*L68*M68*N68*O68*P68*R68*T68 -> 1083.3834 | H68: Average | I68: 0.75 | J68: Loose | K68: 1.2 | L68: 1 | M68: 1 | N68: 1 | O68: =1365/1600 -> 0.853125 | P68: 1 | Q68: 50 min/hr | R68: 0.83 | S68: 0 | T68: 1 | V68: =VLOOKUP(B68,'T2 - Unit Rates'!$C$7:$J$55,$V$50,FALSE)/F68 -> 0.55866647
B69: CAT D10N | C69: D10 Linear recontouring | D69: 15 | E69: 1700 | F69: =E69*I69*K69*L69*M69*N69*O69*P69*R69*T69 -> 812.53758 | G69: =F69*0.3 -> 243.76127 | H69: Average | I69: 0.75 | J69: Loose | K69: 1.2 | L69: 1 | M69: 1 | N69: 1 | O69: =1365/1600 -> 0.853125 | P69: 0.75 | Q69: 50 min/hr | R69: 0.83 | S69: 0 | T69: 1 | V69: =VLOOKUP(B69,'T2 - Unit Rates'!$C$7:$J$55,$V$50,FALSE)/F69 -> 0.74488863
B70: CAT D10N | C70: D10 Berm building | D70: 15 | E70: 1700 | F70: =E70*I70*K70*L70*M70*N70*O70*P70*R70*T70 -> 280.40512 | H70: Average | I70: 0.75 | J70: Rock | K70: 0.8 | L70: 1 | M70: 1 | N70: 1 | O70: =1365/1700 -> 0.80294118 | P70: 0.75 | Q70: 50 min/hr | R70: 0.83 | S70: 20 | T70: 0.55 | V70: =VLOOKUP(B70,'T2 - Unit Rates'!$C$7:$J$55,$V$50,FALSE)/F70 -> 2.1584841
B72: Table 6
B73: Excavator Production Rates
B74: Excavator | D74: Estimated Bucket Payload | E74: Estimated Cycle Time | F74: Assumed Travel Time | G74: Max Production Rate | H74: Efficiency | I74: Actual Production Rate | J74: Unit Cost
D75: m3 | E75: sec | F75: sec | G75: m3/hr | H75: % | I75: m3/hr | J75: $/m3
B76: CAT 329 (30 ton) | C76: Cat 329 loose loading | D76: 1.5 | E76: 17 | G76: 315 | H76: 0.8 | I76: =G76*H76 -> 252 | J76: =VLOOKUP(B76,EquipRates,$V$50,FALSE)/I76 -> #N/A | P76: Base Cycle time | Q76: min | R76: 0.55
B77: CAT 329 (30 ton) | C77: Cat 329 digging | D77: 1.1 | E77: 24 | G77: 165 | H77: 0.8 | I77: =G77*H77 -> 132 | J77: =VLOOKUP(B77,EquipRates,$V$50,FALSE)/I77 -> #N/A | P77: Material Factor | Q77: min | R77: 0.03
B78: CAT 336 (40 ton) | C78: Cat 235 loose loading | D78: 1.9 | E78: 20 | G78: 342 | H78: 0.8 | I78: =G78*H78 -> 273.6 | J78: =VLOOKUP(B78,EquipRates,$V$50,FALSE)/I78 -> 1.096674 | P78: Pile | Q78: min | R78: 0.02
B79: CAT 336 (40 ton) | C79: Cat 235 digging | D79: 1.3 | E79: 24 | G79: 195 | H79: 0.8 | I79: =G79*H79 -> 156 | J79: =VLOOKUP(B79,EquipRates,$V$50,FALSE)/I79 -> 1.9233974 | P79: Constant operation | Q79: min | R79: -0.04
B80: CAT 345 (45 ton) | C80: Cat 345 loose loading | D80: 2.9 | E80: 24 | G80: 435 | H80: 0.8 | I80: =G80*H80 -> 348 | J80: =VLOOKUP(B80,EquipRates,$V$50,FALSE)/I80 -> 1.0912356 | P80: Fragile target | Q80: min | R80: 0.04
B81: CAT 345 (45 ton) | C81: Cat 345 rock loading | D81: 2.9 | E81: 24 | G81: 345 | H81: 0.8 | I81: =G81*H81 -> 276 | J81: =VLOOKUP(B81,EquipRates,$V$50,FALSE)/I81 -> 1.3759058 | P81: Total | Q81: min | R81: =SUM(R76:R80) -> 0.6
B82: CAT 345 (45 ton) | C82: Cat 345 digging | D82: 2.5 | E82: 30 | G82: 300 | H82: 0.8 | I82: =G82*H82 -> 240 | J82: =VLOOKUP(B82,EquipRates,$V$50,FALSE)/I82 -> 1.5822917
P83: Job efficiency | Q83: min | R83: =50/60 -> 0.83333333
P84: Final cycle time | Q84: min | R84: =R81/R83 -> 0.72
B85: Vibrating Roller Rates
B86: Excavator | D86: Stated Prod | E86: Avail | F86: Speed | G86: Thickness | H86: Passes | I86: Net Prod | J86: Unit Cost | P86: Cycles per hour | Q86: # | R86: =60/R84 -> 83.333333
D87: m3/hr | E87: % | F87: Factor | G87: Factor | H87: Factor | I87: m3/hr | J87: $/m3
B88: CAT CP56 | C88: Roller compacting | D88: 299 | E88: 0.92 | F88: =4/6.4 -> 0.625 | G88: =30/15.2 -> 1.9736842 | H88: =4/6 -> 0.66666667 | I88: =D88*E88*F88*G88*H88 -> 226.21711 | J88: =VLOOKUP(B88,'T2 - Unit Rates'!C7:J55,$V$50,FALSE)/I88 -> 0.75988949 | P88: Required bucket size | Q88: m3 | R88: 4
P90: Matched Loader size | Q90: Cat | R90: 980
E91: Material Factor | F91: Pile Factor | G91: Operation Factor | H91: Target Factor
B92: Loader | C92: Activity | D92: Base Cycle Time | E92: Broken | F92: Dozer Piled | G92: Constant | H92: Small | I92: Cycle Time | J92: Efficiency | K92: Final Cycle Time | L92: Cycles per Hour | M92: Bucket Size | N92: Bucket Fill Factor | O92: Productivity
D93: min | E93: min | F93: min | G93: min | H93: min | I93: min | K93: min | M93: m3 | N93: Bucket Fill Factor | O93: m3/hr
B94: Cat 966 | C94: Cat 966 Rock Loading | D94: 0.55 | E94: 0.04 | F94: 0.01 | G94: -0.02 | H94: 0.04 | I94: =SUM(D94:H94) -> 0.62 | J94: =50/60 -> 0.83333333 | K94: =I94/J94 -> 0.744 | L94: =60/K94 -> 80.645161 | M94: 3.4 | N94: 0.85 | O94: =L94*M94*N94 -> 233.06452
B95: Cat 980 | C95: Cat 980 Rock Loading | D95: 0.55 | E95: 0.04 | F95: 0.01 | G95: -0.02 | H95: 0.04 | I95: =SUM(D95:H95) -> 0.62 | J95: =50/60 -> 0.83333333 | K95: =I95/J95 -> 0.744 | L95: =60/K95 -> 80.645161 | M95: 4.4 | N95: 0.85 | O95: =L95*M95*N95 -> 301.6129
B96: Cat 988 | C96: Cat 988 Crushed Loading | D96: 0.6 | E96: 0.02 | F96: 0.01 | G96: 0 | H96: 0.04 | I96: =SUM(D96:H96) -> 0.67 | J96: =50/60 -> 0.83333333 | K96: =I96/J96 -> 0.804 | L96: =60/K96 -> 74.626866 | M96: 6.4 | N96: 0.9 | O96: =L96*M96*N96 -> 429.85075
B97: Cat 988 | C97: Cat 988 Soil/Gravel Loading | D97: 0.6 | E97: 0 | F97: 0.01 | G97: 0 | H97: 0.04 | I97: =SUM(D97:H97) -> 0.65 | J97: =50/60 -> 0.83333333 | K97: =I97/J97 -> 0.78 | L97: =60/K97 -> 76.923077 | M97: 6.4 | N97: 0.9 | O97: =L97*M97*N97 -> 443.07692
B98: Cat 988 | C98: Cat 988 Rock Loading | D98: 0.6 | E98: 0.04 | F98: 0.01 | G98: -0.02 | H98: 0.04 | I98: =SUM(D98:H98) -> 0.67 | J98: =50/60 -> 0.83333333 | K98: =I98/J98 -> 0.804 | L98: =60/K98 -> 74.626866 | M98: 6.4 | N98: 0.85 | O98: =L98*M98*N98 -> 405.97015
B99: Cat 992 | C99: Cat 992 Rock Loading | D99: 0.65 | E99: 0.04 | F99: 0.01 | G99: -0.02 | H99: 0.04 | I99: =SUM(D99:H99) -> 0.72 | J99: =50/60 -> 0.83333333 | K99: =I99/J99 -> 0.864 | L99: =60/K99 -> 69.444444 | M99: 10.7 | N99: 0.85 | O99: =L99*M99*N99 -> 631.59722
B103: DOZER PRODUCTIVITY FROM CAT HANDBOOK - edition 48
B150: Source: Caterpillar Performance Handbook Edition 40 | K150: Source: Caterpillar Performance Handbook Edition 40
B152: EXCAVATOR PRODUCTIVITY FROM CAT HANDBOOK
B197: Source: Caterpillar Performance Handbook Edition 40
B202: LOADER PRODUCTIVITY FROM CAT HANDBOOK
B269: GRADER PRODUCTIVITY FROM CAT HANDBOOK
F271: Grader Size
C272: Grader Productivity - Heavy Shaping | E272: 12 | F272: 14 | G272: 16
C273: Operating Speed | D273: km/hr | E273: 2 | F273: 2 | G273: 2
C274: Effective blade length | D274: m | E274: 3.17 | F274: 3.7 | G274: 4.22
C275: Width of overlap | D275: m | E275: =E274/2 -> 1.585 | F275: =F274/2 -> 1.85 | G275: =G274/2 -> 2.11
C276: Job efficiency | D276: % | E276: 0.4 | F276: 0.4 | G276: 0.4
C277: Productivity | D277: m2/hr | E277: =E273*(E274-E275)*1000*E276 -> 1268 | F277: =F273*(F274-F275)*1000*F276 -> 1480 | G277: =G273*(G274-G275)*1000*G276 -> 1688
F280: Grader Size
C281: Grader Productivity - Road Maintenance | E281: 12 | F281: 14 | G281: 16
C282: Operating Speed | D282: km/hr | E282: 5 | F282: 5 | G282: 5
C283: Effective blade length | D283: m | E283: 3.17 | F283: 3.7 | G283: 4.22
C284: Width of overlap | D284: m | E284: =E283/4 -> 0.7925 | F284: =F283/4 -> 0.925 | G284: =G283/4 -> 1.055
C285: Job efficiency | D285: % | E285: 0.7 | F285: 0.7 | G285: 0.7
...

Sheet LHD
B1: Table 7
B2: Load, Haul, Dump | W2: =Lists!$B$3 -> 5
B4: Task Description | C4: From | D4: To | E4: Loader | F4: Truck | G4: Loader Job Classification | H4: Unit Transported Volume | I4: Truck Position Time | J4: Load Time | K4: Haul Distance | L4: Average Haul Speed | M4: Dump Time | N4: Haul Back Distance | O4: Turn-a-round Time | P4: Efficiency | Q4: Daily Work Duration | R4: Loads per Day per Truck | S4: Volume per Day per Truck | T4: Productivity per Truck | U4: Number of Trucks Required | V4: Fleet Productivity | W4: Truck Rate | X4: Excavator Rate | Y4: Total Equipment Rate | Z4: Volume Cost
H5: m3/load | J5: min | K5: km | L5: km/hr | M5: min | N5: km | O5: min | P5: Min/hour | Q5: hours | R5: LPD | S5: m3 | T5: m3/hr | V5: m3/hr | W5: $/hr | X5: $/hr | Y5: $/hr | Z5: $/m3
B6: ROM Pad Cleanup | C6: Ore Stockpile Pads | D6: Class A SF | E6: ='T2 - Unit Rates'!$C$25 -> CAT 345 (45 ton) | F6: ='T2 - Unit Rates'!$C$33 -> 90 ton Rigid Haul Truck | G6: =EquipProd!$C$80 -> Cat 345 loose loading | H6: =VLOOKUP(F6,'T2 - Unit Rates'!$C$7:$K$55,9,FALSE) -> 64.1 | I6: 0.25 | J6: =H6/(VLOOKUP(G6,EquipProd!$C$76:$I$83,7,FALSE)/60) -> 11.051724 | K6: 1.6 | L6: 30 | M6: 1 | N6: =K6 -> 1.6 | O6: =I6+J6+(K6*60/L6)+(N6*60/L6)+M6 -> 18.701724 | P6: 50 | Q6: 12 | R6: =60/O6*Q6*P6/60 -> 32.082603 | S6: =R6*H6 -> 2056.4949 | T6: =S6/Q6 -> 171.37457 | U6: =ROUNDUP(V6/T6,0) -> 3 | V6: =VLOOKUP(G6,Productivity,2,FALSE) -> 348 | W6: =VLOOKUP(F6,EquipRates,$W$2,FALSE) -> 500.1 | X6: =VLOOKUP(E6,EquipRates,$W$2,FALSE) -> 379.75 | Y6: =W6*U6+X6 -> 1880.05 | Z6: =Y6/V6 -> 5.4024425
B7: Explosive Magazine Cleanup | C7: Explosives plant | D7: Class A SF | E7: ='T2 - Unit Rates'!$C$25 -> CAT 345 (45 ton) | F7: ='T2 - Unit Rates'!$C$33 -> 90 ton Rigid Haul Truck | G7: =EquipProd!$C$80 -> Cat 345 loose loading | H7: =VLOOKUP(F7,'T2 - Unit Rates'!$C$7:$K$55,9,FALSE) -> 64.1 | I7: 0.25 | J7: =H7/(VLOOKUP(G7,EquipProd!$C$76:$I$83,7,FALSE)/60) -> 11.051724 | K7: 5.4 | L7: 30 | M7: 1 | N7: =K7 -> 5.4 | O7: =I7+J7+(K7*60/L7)+(N7*60/L7)+M7 -> 33.901724 | P7: 50 | Q7: 12 | R7: =60/O7*Q7*P7/60 -> 17.698215 | S7: =R7*H7 -> 1134.4556 | T7: =S7/Q7 -> 94.537965 | U7: =ROUNDUP(V7/T7,0) -> 4 | V7: =VLOOKUP(G7,Productivity,2,FALSE) -> 348 | W7: =VLOOKUP(F7,EquipRates,$W$2,FALSE) -> 500.1 | X7: =VLOOKUP(E7,EquipRates,$W$2,FALSE) -> 379.75 | Y7: =W7*U7+X7 -> 2380.15 | Z7: =Y7/V7 -> 6.8395115
B8: Mining Workshop Overburden | C8: Overburden SP | D8: Mining Workshop | E8: ='T2 - Unit Rates'!$C$41 -> CAT 988 | F8: ='T2 - Unit Rates'!$C$33 -> 90 ton Rigid Haul Truck | G8: =EquipProd!$C$97 -> Cat 988 Soil/Gravel Loading | H8: =VLOOKUP(F8,'T2 - Unit Rates'!$C$7:$K$55,9,FALSE) -> 64.1 | I8: 0.25 | J8: =H8/(VLOOKUP(G8,EquipProd!$C$94:$O$101,13,FALSE)/60) -> 8.6802083 | K8: 3.4 | L8: 30 | M8: 1 | N8: =K8 -> 3.4 | O8: =I8+J8+(K8*60/L8)+(N8*60/L8)+M8 -> 23.530208 | P8: 50 | Q8: 12 | R8: =60/O8*Q8*P8/60 -> 25.499137 | S8: =R8*H8 -> 1634.4947 | T8: =S8/Q8 -> 136.20789 | U8: =ROUNDUP(V8/T8,0) -> 4 | V8: =VLOOKUP(G8,Productivity,2,FALSE) -> 443.07692 | W8: =VLOOKUP(F8,EquipRates,$W$2,FALSE) -> 500.1 | X8: =VLOOKUP(E8,EquipRates,$W$2,FALSE) -> 398.55 | Y8: =W8*U8+X8 -> 2398.95 | Z8: =Y8/V8 -> 5.4142969
B9: Mining Workshop Topsoil | C9: Workshop Topsoil SP | D9: Mining Workshop | E9: ='T2 - Unit Rates'!$C$41 -> CAT 988 | F9: ='T2 - Unit Rates'!$C$33 -> 90 ton Rigid Haul Truck | G9: =EquipProd!$C$97 -> Cat 988 Soil/Gravel Loading | H9: =VLOOKUP(F9,'T2 - Unit Rates'!$C$7:$K$55,9,FALSE) -> 64.1 | I9: 0.25 | J9: =H9/(VLOOKUP(G9,EquipProd!$C$94:$O$101,13,FALSE)/60) -> 8.6802083 | K9: 0.3 | L9: 30 | M9: 1 | N9: =K9 -> 0.3 | O9: =I9+J9+(K9*60/L9)+(N9*60/L9)+M9 -> 11.130208 | P9: 50 | Q9: 12 | R9: =60/O9*Q9*P9/60 -> 53.907347 | S9: =R9*H9 -> 3455.4609 | T9: =S9/Q9 -> 287.95508 | U9: =ROUNDUP(V9/T9,0) -> 2 | V9: =VLOOKUP(G9,Productivity,2,FALSE) -> 443.07692 | W9: =VLOOKUP(F9,EquipRates,$W$2,FALSE) -> 500.1 | X9: =VLOOKUP(E9,EquipRates,$W$2,FALSE) -> 398.55 | Y9: =W9*U9+X9 -> 1398.75 | Z9: =Y9/V9 -> 3.156901
B10: Mill Site Overburden | C10: Overburden SP | D10: Mill Site | E10: ='T2 - Unit Rates'!$C$41 -> CAT 988 | F10: ='T2 - Unit Rates'!$C$33 -> 90 ton Rigid Haul Truck | G10: Cat 988 Crushed Loading | H10: =VLOOKUP(F10,'T2 - Unit Rates'!$C$7:$K$55,9,FALSE) -> 64.1 | I10: 0.25 | J10: =H10/(VLOOKUP(G10,EquipProd!$C$94:$O$101,13,FALSE)/60) -> 8.9472917 | K10: 3.9 | L10: 30 | M10: 1 | N10: =K10 -> 3.9 | O10: =I10+J10+(K10*60/L10)+(N10*60/L10)+M10 -> 25.797292 | P10: 50 | Q10: 12 | R10: =60/O10*Q10*P10/60 -> 23.258255 | S10: =R10*H10 -> 1490.8542 | T10: =S10/Q10 -> 124.23785 | U10: =ROUNDUP(V10/T10,0) -> 4 | V10: =VLOOKUP(G10,Productivity,2,FALSE) -> 429.85075 | W10: =VLOOKUP(F10,EquipRates,$W$2,FALSE) -> 500.1 | X10: =VLOOKUP(E10,EquipRates,$W$2,FALSE) -> 398.55 | Y10: =W10*U10+X10 -> 2398.95 | Z10: =Y10/V10 -> 5.5808906
B11: Mill Site Topsoil | C11: Mill Topsoil SP | D11: Mill Site | E11: ='T2 - Unit Rates'!$C$41 -> CAT 988 | F11: ='T2 - Unit Rates'!$C$33 -> 90 ton Rigid Haul Truck | G11: =EquipProd!$C$97 -> Cat 988 Soil/Gravel Loading | H11: =VLOOKUP(F11,'T2 - Unit Rates'!$C$7:$K$55,9,FALSE) -> 64.1 | I11: 0.25 | J11: =H11/(VLOOKUP(G11,EquipProd!$C$94:$O$101,13,FALSE)/60) -> 8.6802083 | K11: 0.3 | L11: 30 | M11: 1 | N11: =K11 -> 0.3 | O11: =I11+J11+(K11*60/L11)+(N11*60/L11)+M11 -> 11.130208 | P11: 50 | Q11: 12 | R11: =60/O11*Q11*P11/60 -> 53.907347 | S11: =R11*H11 -> 3455.4609 | T11: =S11/Q11 -> 287.95508 | U11: =ROUNDUP(V11/T11,0) -> 2 | V11: =VLOOKUP(G11,Productivity,2,FALSE) -> 443.07692 | W11: =VLOOKUP(F11,EquipRates,$W$2,FALSE) -> 500.1 | X11: =VLOOKUP(E11,EquipRates,$W$2,FALSE) -> 398.55 | Y11: =W11*U11+X11 -> 1398.75 | Z11: =Y11/V11 -> 3.156901
B12: Topsoil - General Areas | C12: General Areas Topsoil SP | D12: General Areas | E12: ='T2 - Unit Rates'!$C$41 -> CAT 988 | F12: ='T2 - Unit Rates'!$C$33 -> 90 ton Rigid Haul Truck | G12: =EquipProd!$C$97 -> Cat 988 Soil/Gravel Loading | H12: =VLOOKUP(F12,'T2 - Unit Rates'!$C$7:$K$55,9,FALSE) -> 64.1 | I12: 0.25 | J12: =H12/(VLOOKUP(G12,EquipProd!$C$94:$O$101,13,FALSE)/60) -> 8.6802083 | K12: 0.3 | L12: 30 | M12: 1 | N12: =K12 -> 0.3 | O12: =I12+J12+(K12*60/L12)+(N12*60/L12)+M12 -> 11.130208 | P12: 50 | Q12: 12 | R12: =60/O12*Q12*P12/60 -> 53.907347 | S12: =R12*H12 -> 3455.4609 | T12: =S12/Q12 -> 287.95508 | U12: =ROUNDUP(V12/T12,0) -> 2 | V12: =VLOOKUP(G12,Productivity,2,FALSE) -> 443.07692 | W12: =VLOOKUP(F12,EquipRates,$W$2,FALSE) -> 500.1 | X12: =VLOOKUP(E12,EquipRates,$W$2,FALSE) -> 398.55 | Y12: =W12*U12+X12 -> 1398.75 | Z12: =Y12/V12 -> 3.156901
B13: Class A Glacial Till | C13: Class A & B Cover Mat SP | D13: Class A SF | E13: ='T2 - Unit Rates'!$C$41 -> CAT 988 | F13: ='T2 - Unit Rates'!$C$33 -> 90 ton Rigid Haul Truck | G13: Cat 988 Crushed Loading | H13: =VLOOKUP(F13,'T2 - Unit Rates'!$C$7:$K$55,9,FALSE) -> 64.1 | I13: 0.25 | J13: =H13/(VLOOKUP(G13,EquipProd!$C$94:$O$101,13,FALSE)/60) -> 8.9472917 | K13: 0.7 | L13: 30 | M13: 1 | N13: =K13 -> 0.7 | O13: =I13+J13+(K13*60/L13)+(N13*60/L13)+M13 -> 12.997292 | P13: 50 | Q13: 12 | R13: =60/O13*Q13*P13/60 -> 46.163464 | S13: =R13*H13 -> 2959.078 | T13: =S13/Q13 -> 246.58983 | U13: =ROUNDUP(V13/T13,0) -> 2 | V13: =VLOOKUP(G13,Productivity,2,FALSE) -> 429.85075 | W13: =VLOOKUP(F13,EquipRates,$W$2,FALSE) -> 500.1 | X13: =VLOOKUP(E13,EquipRates,$W$2,FALSE) -> 398.55 | Y13: =W13*U13+X13 -> 1398.75 | Z13: =Y13/V13 -> 3.2540365
B14: Class A Liner Protection | C14: Crush & Screen Plant | D14: Class A SF | E14: ='T2 - Unit Rates'!$C$41 -> CAT 988 | F14: ='T2 - Unit Rates'!$C$33 -> 90 ton Rigid Haul Truck | G14: =EquipProd!$C$97 -> Cat 988 Soil/Gravel Loading | H14: =VLOOKUP(F14,'T2 - Unit Rates'!$C$7:$K$55,9,FALSE) -> 64.1 | I14: 0.25 | J14: =H14/(VLOOKUP(G14,EquipProd!$C$94:$O$101,13,FALSE)/60) -> 8.6802083 | K14: 2.5 | L14: 30 | M14: 1 | N14: =K14 -> 2.5 | O14: =I14+J14+(K14*60/L14)+(N14*60/L14)+M14 -> 19.930208 | P14: 50 | Q14: 12 | R14: =60/O14*Q14*P14/60 -> 30.105054 | S14: =R14*H14 -> 1929.734 | T14: =S14/Q14 -> 160.81116 | U14: =ROUNDUP(V14/T14,0) -> 3 | V14: =VLOOKUP(G14,Productivity,2,FALSE) -> 443.07692 | W14: =VLOOKUP(F14,EquipRates,$W$2,FALSE) -> 500.1 | X14: =VLOOKUP(E14,EquipRates,$W$2,FALSE) -> 398.55 | Y14: =W14*U14+X14 -> 1898.85 | Z14: =Y14/V14 -> 4.285599
B15: Class A Frost Protect - Progressive | C15: Pit | D15: Class A SF | F15: ='T2 - Unit Rates'!$C$34 -> 140 ton Rigid Haul Truck | G15: 400 ton Excavator | H15: =VLOOKUP(F15,'T2 - Unit Rates'!$C$7:$K$55,9,FALSE) -> 84 | I15: 0.25 | J15: 5 | K15: 0.7 | L15: 30 | M15: 1 | N15: =K15 -> 0.7 | O15: =I15+J15+(K15*60/L15)+(N15*60/L15)+M15 -> 9.05 | P15: 50 | Q15: 12 | R15: =60/O15*Q15*P15/60 -> 66.298343 | S15: =R15*H15 -> 5569.0608 | T15: =S15/Q15 -> 464.0884 | Z15: 0.37 | AB15: Price difference between hauling to Class A and Class C
B16: Class A Frost Protection - Closure - YG | C16: Class A & B Cover Mat SP | D16: Class A SF | E16: ='T2 - Unit Rates'!$C$41 -> CAT 988 | F16: ='T2 - Unit Rates'!$C$33 -> 90 ton Rigid Haul Truck | G16: =EquipProd!$C$98 -> Cat 988 Rock Loading | H16: =VLOOKUP(F16,'T2 - Unit Rates'!$C$7:$K$55,9,FALSE) -> 64.1 | I16: 0.25 | J16: =H16/(VLOOKUP(G16,EquipProd!$C$94:$O$101,13,FALSE)/60) -> 9.4736029 | K16: 0.7 | L16: 30 | M16: 1 | N16: =K16 -> 0.7 | O16: =I16+J16+(K16*60/L16)+(N16*60/L16)+M16 -> 13.523603 | P16: 50 | Q16: 12 | R16: =60/O16*Q16*P16/60 -> 44.366875 | S16: =R16*H16 -> 2843.9167 | T16: =S16/Q16 -> 236.99306 | U16: =ROUNDUP(V16/T16,0) -> 2 | V16: =VLOOKUP(G16,Productivity,2,FALSE) -> 405.97015 | W16: =VLOOKUP(F16,EquipRates,$W$2,FALSE) -> 500.1 | X16: =VLOOKUP(E16,EquipRates,$W$2,FALSE) -> 398.55 | Y16: =W16*U16+X16 -> 1398.75 | Z16: =Y16/V16 -> 3.4454504
B17: Class A Frost Protection - Closure - BMC | C17: Class A & B Cover Mat SP | D17: Class A SF | E17: ='T2 - Unit Rates'!$C$42 -> CAT 992 | F17: ='T2 - Unit Rates'!$C$34 -> 140 ton Rigid Haul Truck | G17: =EquipProd!$C$99 -> Cat 992 Rock Loading | H17: =VLOOKUP(F17,'T2 - Unit Rates'!$C$7:$K$55,9,FALSE) -> 84 | I17: 0.25 | J17: =H17/(VLOOKUP(G17,EquipProd!$C$94:$O$101,13,FALSE)/60) -> 7.9797691 | K17: 0.7 | L17: 30 | M17: 1 | N17: =K17 -> 0.7 | O17: =I17+J17+(K17*60/L17)+(N17*60/L17)+M17 -> 12.029769 | P17: 50 | Q17: 12 | R17: =60/O17*Q17*P17/60 -> 49.876269 | S17: =R17*H17 -> 4189.6066 | T17: =S17/Q17 -> 349.13388 | U17: =ROUNDUP(V17/T17,0) -> 2 | V17: =VLOOKUP(G17,Productivity,2,FALSE) -> 631.59722 | W17: =VLOOKUP(F17,EquipRates,$W$2,FALSE) -> 575.3 | X17: =VLOOKUP(E17,EquipRates,$W$2,FALSE) -> 398.55 | Y17: =W17*U17+X17 -> 1549.15 | Z17: =Y17/V17 -> 2.4527499
B18: Class A Overburden | C18: Class A Overburden SP | D18: Class A SF | E18: ='T2 - Unit Rates'!$C$41 -> CAT 988 | F18: ='T2 - Unit Rates'!$C$33 -> 90 ton Rigid Haul Truck | G18: Cat 988 Crushed Loading | H18: =VLOOKUP(F18,'T2 - Unit Rates'!$C$7:$K$55,9,FALSE) -> 64.1 | I18: 0.25 | J18: =H18/(VLOOKUP(G18,EquipProd!$C$94:$O$101,13,FALSE)/60) -> 8.9472917 | K18: 0.7 | L18: 30 | M18: 1 | N18: =K18 -> 0.7 | O18: =I18+J18+(K18*60/L18)+(N18*60/L18)+M18 -> 12.997292 | P18: 50 | Q18: 12 | R18: =60/O18*Q18*P18/60 -> 46.163464 | S18: =R18*H18 -> 2959.078 | T18: =S18/Q18 -> 246.58983 | U18: =ROUNDUP(V18/T18,0) -> 2 | V18: =VLOOKUP(G18,Productivity,2,FALSE) -> 429.85075 | W18: =VLOOKUP(F18,EquipRates,$W$2,FALSE) -> 500.1 | X18: =VLOOKUP(E18,EquipRates,$W$2,FALSE) -> 398.55 | Y18: =W18*U18+X18 -> 1398.75 | Z18: =Y18/V18 -> 3.2540365
B19: Class A Topsoil | C19: Class A Topsoil SP | D19: Class A SF | E19: ='T2 - Unit Rates'!$C$41 -> CAT 988 | F19: ='T2 - Unit Rates'!$C$33 -> 90 ton Rigid Haul Truck | G19: =EquipProd!$C$97 -> Cat 988 Soil/Gravel Loading | H19: =VLOOKUP(F19,'T2 - Unit Rates'!$C$7:$K$55,9,FALSE) -> 64.1 | I19: 0.25 | J19: =H19/(VLOOKUP(G19,EquipProd!$C$94:$O$101,13,FALSE)/60) -> 8.6802083 | K19: 0.7 | L19: 30 | M19: 1 | N19: =K19 -> 0.7 | O19: =I19+J19+(K19*60/L19)+(N19*60/L19)+M19 -> 12.730208 | P19: 50 | Q19: 12 | R19: =60/O19*Q19*P19/60 -> 47.131986 | S19: =R19*H19 -> 3021.1603 | T19: =S19/Q19 -> 251.76336 | U19: =ROUNDUP(V19/T19,0) -> 2 | V19: =VLOOKUP(G19,Productivity,2,FALSE) -> 443.07692 | W19: =VLOOKUP(F19,EquipRates,$W$2,FALSE) -> 500.1 | X19: =VLOOKUP(E19,EquipRates,$W$2,FALSE) -> 398.55 | Y19: =W19*U19+X19 -> 1398.75 | Z19: =Y19/V19 -> 3.156901
B20: Class B Glacial Till | C20: Class B Cover Mat SP | D20: Class B SF | E20: ='T2 - Unit Rates'!$C$41 -> CAT 988 | F20: ='T2 - Unit Rates'!$C$33 -> 90 ton Rigid Haul Truck | G20: Cat 988 Crushed Loading | H20: =VLOOKUP(F20,'T2 - Unit Rates'!$C$7:$K$55,9,FALSE) -> 64.1 | I20: 0.25 | J20: =H20/(VLOOKUP(G20,EquipProd!$C$94:$O$101,13,FALSE)/60) -> 8.9472917 | K20: 0.8 | L20: 30 | M20: 1 | N20: =K20 -> 0.8 | O20: =I20+J20+(K20*60/L20)+(N20*60/L20)+M20 -> 13.397292 | P20: 50 | Q20: 12 | R20: =60/O20*Q20*P20/60 -> 44.785171 | S20: =R20*H20 -> 2870.7295 | T20: =S20/Q20 -> 239.22746 | U20: =ROUNDUP(V20/T20,0) -> 2 | V20: =VLOOKUP(G20,Productivity,2,FALSE) -> 429.85075 | W20: =VLOOKUP(F20,EquipRates,$W$2,FALSE) -> 500.1 | X20: =VLOOKUP(E20,EquipRates,$W$2,FALSE) -> 398.55 | Y20: =W20*U20+X20 -> 1398.75 | Z20: =Y20/V20 -> 3.2540365
B21: Class B Liner Protection | C21: Crush & Screen Plant | D21: Class B SF | E21: ='T2 - Unit Rates'!$C$41 -> CAT 988 | F21: ='T2 - Unit Rates'!$C$33 -> 90 ton Rigid Haul Truck | G21: =EquipProd!$C$97 -> Cat 988 Soil/Gravel Loading | H21: =VLOOKUP(F21,'T2 - Unit Rates'!$C$7:$K$55,9,FALSE) -> 64.1 | I21: 0.25 | J21: =H21/(VLOOKUP(G21,EquipProd!$C$94:$O$101,13,FALSE)/60) -> 8.6802083 | K21: 2.1 | L21: 30 | M21: 1 | N21: =K21 -> 2.1 | O21: =I21+J21+(K21*60/L21)+(N21*60/L21)+M21 -> 18.330208 | P21: 50 | Q21: 12 | R21: =60/O21*Q21*P21/60 -> 32.732852 | S21: =R21*H21 -> 2098.1758 | T21: =S21/Q21 -> 174.84799 | U21: =ROUNDUP(V21/T21,0) -> 3 | V21: =VLOOKUP(G21,Productivity,2,FALSE) -> 443.07692 | W21: =VLOOKUP(F21,EquipRates,$W$2,FALSE) -> 500.1 | X21: =VLOOKUP(E21,EquipRates,$W$2,FALSE) -> 398.55 | Y21: =W21*U21+X21 -> 1898.85 | Z21: =Y21/V21 -> 4.285599
B22: Class B Frost Protect - Progressive | C22: Pit | D22: Class B SF | F22: ='T2 - Unit Rates'!$C$34 -> 140 ton Rigid Haul Truck | G22: 400 ton Excavator | H22: =VLOOKUP(F22,'T2 - Unit Rates'!$C$7:$K$55,9,FALSE) -> 84 | I22: 0.25 | J22: 5 | K22: 0.7 | L22: 30 | M22: 1 | N22: =K22 -> 0.7 | O22: =I22+J22+(K22*60/L22)+(N22*60/L22)+M22 -> 9.05 | P22: 50 | Q22: 12 | R22: =60/O22*Q22*P22/60 -> 66.298343 | S22: =R22*H22 -> 5569.0608 | T22: =S22/Q22 -> 464.0884 | Z22: 0 | AB22: Price difference between hauling to Class B and Class C
B23: Class B Frost Protection - Closure - YG | C23: Class A & B Cover Mat SP | D23: Class B SF | E23: ='T2 - Unit Rates'!$C$41 -> CAT 988 | F23: ='T2 - Unit Rates'!$C$33 -> 90 ton Rigid Haul Truck | G23: =EquipProd!$C$98 -> Cat 988 Rock Loading | H23: =VLOOKUP(F23,'T2 - Unit Rates'!$C$7:$K$55,9,FALSE) -> 64.1 | I23: 0.25 | J23: =H23/(VLOOKUP(G23,EquipProd!$C$94:$O$101,13,FALSE)/60) -> 9.4736029 | K23: 0.8 | L23: 30 | M23: 1 | N23: =K23 -> 0.8 | O23: =I23+J23+(K23*60/L23)+(N23*60/L23)+M23 -> 13.923603 | P23: 50 | Q23: 12 | R23: =60/O23*Q23*P23/60 -> 43.092295 | S23: =R23*H23 -> 2762.2161 | T23: =S23/Q23 -> 230.18467 | U23: =ROUNDUP(V23/T23,0) -> 2 | V23: =VLOOKUP(G23,Productivity,2,FALSE) -> 405.97015 | W23: =VLOOKUP(F23,EquipRates,$W$2,FALSE) -> 500.1 | X23: =VLOOKUP(E23,EquipRates,$W$2,FALSE) -> 398.55 | Y23: =W23*U23+X23 -> 1398.75 | Z23: =Y23/V23 -> 3.4454504
B24: Class B Frost Protection - Closure - BMC | C24: Class A & B Cover Mat SP | D24: Class B SF | E24: ='T2 - Unit Rates'!$C$42 -> CAT 992 | F24: ='T2 - Unit Rates'!$C$34 -> 140 ton Rigid Haul Truck | G24: =EquipProd!$C$99 -> Cat 992 Rock Loading | H24: =VLOOKUP(F24,'T2 - Unit Rates'!$C$7:$K$55,9,FALSE) -> 84 | I24: 0.25 | J24: =H24/(VLOOKUP(G24,EquipProd!$C$94:$O$101,13,FALSE)/60) -> 7.9797691 | K24: 0.8 | L24: 30 | M24: 1 | N24: =K24 -> 0.8 | O24: =I24+J24+(K24*60/L24)+(N24*60/L24)+M24 -> 12.429769 | P24: 50 | Q24: 12 | R24: =60/O24*Q24*P24/60 -> 48.27121 | S24: =R24*H24 -> 4054.7817 | T24: =S24/Q24 -> 337.89847 | U24: =ROUNDUP(V24/T24,0) -> 2 | V24: =VLOOKUP(G24,Productivity,2,FALSE) -> 631.59722 | W24: =VLOOKUP(F24,EquipRates,$W$2,FALSE) -> 575.3 | X24: =VLOOKUP(E24,EquipRates,$W$2,FALSE) -> 398.55 | Y24: =W24*U24+X24 -> 1549.15 | Z24: =Y24/V24 -> 2.4527499
B25: Class B Overburden | C25: Class B Overburden SP | D25: Class B SF | E25: ='T2 - Unit Rates'!$C$41 -> CAT 988 | F25: ='T2 - Unit Rates'!$C$33 -> 90 ton Rigid Haul Truck | G25: Cat 988 Crushed Loading | H25: =VLOOKUP(F25,'T2 - Unit Rates'!$C$7:$K$55,9,FALSE) -> 64.1 | I25: 0.25 | J25: =H25/(VLOOKUP(G25,EquipProd!$C$94:$O$101,13,FALSE)/60) -> 8.9472917 | K25: 0.8 | L25: 30 | M25: 1 | N25: =K25 -> 0.8 | O25: =I25+J25+(K25*60/L25)+(N25*60/L25)+M25 -> 13.397292 | P25: 50 | Q25: 12 | R25: =60/O25*Q25*P25/60 -> 44.785171 | S25: =R25*H25 -> 2870.7295 | T25: =S25/Q25 -> 239.22746 | U25: =ROUNDUP(V25/T25,0) -> 2 | V25: =VLOOKUP(G25,Productivity,2,FALSE) -> 429.85075 | W25: =VLOOKUP(F25,EquipRates,$W$2,FALSE) -> 500.1 | X25: =VLOOKUP(E25,EquipRates,$W$2,FALSE) -> 398.55 | Y25: =W25*U25+X25 -> 1398.75 | Z25: =Y25/V25 -> 3.2540365
B26: Class B Topsoil | C26: Class B Topsoil SP | D26: Class B SF | E26: ='T2 - Unit Rates'!$C$41 -> CAT 988 | F26: ='T2 - Unit Rates'!$C$33 -> 90 ton Rigid Haul Truck | G26: =EquipProd!$C$97 -> Cat 988 Soil/Gravel Loading | H26: =VLOOKUP(F26,'T2 - Unit Rates'!$C$7:$K$55,9,FALSE) -> 64.1 | I26: 0.25 | J26: =H26/(VLOOKUP(G26,EquipProd!$C$94:$O$101,13,FALSE)/60) -> 8.6802083 | K26: 0.8 | L26: 30 | M26: 1 | N26: =K26 -> 0.8 | O26: =I26+J26+(K26*60/L26)+(N26*60/L26)+M26 -> 13.130208 | P26: 50 | Q26: 12 | R26: =60/O26*Q26*P26/60 -> 45.696152 | S26: =R26*H26 -> 2929.1234 | T26: =S26/Q26 -> 244.09361 | U26: =ROUNDUP(V26/T26,0) -> 2 | V26: =VLOOKUP(G26,Productivity,2,FALSE) -> 443.07692 | W26: =VLOOKUP(F26,EquipRates,$W$2,FALSE) -> 500.1 | X26: =VLOOKUP(E26,EquipRates,$W$2,FALSE) -> 398.55 | Y26: =W26*U26+X26 -> 1398.75 | Z26: =Y26/V26 -> 3.156901
B27: Class C Overburden | C27: Overburden SP | D27: Class C Storage | E27: ='T2 - Unit Rates'!$C$41 -> CAT 988 | F27: ='T2 - Unit Rates'!$C$33 -> 90 ton Rigid Haul Truck | G27: Cat 988 Crushed Loading | H27: =VLOOKUP(F27,'T2 - Unit Rates'!$C$7:$K$55,9,FALSE) -> 64.1 | I27: 0.25 | J27: =H27/(VLOOKUP(G27,EquipProd!$C$94:$O$101,13,FALSE)/60) -> 8.9472917 | K27: 3.2 | L27: 30 | M27: 1 | N27: =K27 -> 3.2 | O27: =I27+J27+(K27*60/L27)+(N27*60/L27)+M27 -> 22.997292 | P27: 50 | Q27: 12 | R27: =60/O27*Q27*P27/60 -> 26.090029 | S27: =R27*H27 -> 1672.3708 | T27: =S27/Q27 -> 139.36424 | U27: =ROUNDUP(V27/T27,0) -> 4 | V27: =VLOOKUP(G27,Productivity,2,FALSE) -> 429.85075 | W27: =VLOOKUP(F27,EquipRates,$W$2,FALSE) -> 500.1 | X27: =VLOOKUP(E27,EquipRates,$W$2,FALSE) -> 398.55 | Y27: =W27*U27+X27 -> 2398.95 | Z27: =Y27/V27 -> 5.5808906
B28: Class C Topsoil | C28: Overburden SP | D28: Class C Storage | E28: ='T2 - Unit Rates'!$C$41 -> CAT 988 | F28: ='T2 - Unit Rates'!$C$33 -> 90 ton Rigid Haul Truck | G28: =EquipProd!$C$97 -> Cat 988 Soil/Gravel Loading | H28: =VLOOKUP(F28,'T2 - Unit Rates'!$C$7:$K$55,9,FALSE) -> 64.1 | I28: 0.25 | J28: =H28/(VLOOKUP(G28,EquipProd!$C$94:$O$101,13,FALSE)/60) -> 8.6802083 | K28: 1.4 | L28: 30 | M28: 1 | N28: =K28 -> 1.4 | O28: =I28+J28+(K28*60/L28)+(N28*60/L28)+M28 -> 15.530208 | P28: 50 | Q28: 12 | R28: =60/O28*Q28*P28/60 -> 38.634382 | S28: =R28*H28 -> 2476.4639 | T28: =S28/Q28 -> 206.37199 | U28: =ROUNDUP(V28/T28,0) -> 3 | V28: =VLOOKUP(G28,Productivity,2,FALSE) -> 443.07692 | W28: =VLOOKUP(F28,EquipRates,$W$2,FALSE) -> 500.1 | X28: =VLOOKUP(E28,EquipRates,$W$2,FALSE) -> 398.55 | Y28: =W28*U28+X28 -> 1898.85 | Z28: =Y28/V28 -> 4.285599
H29: =H28/406 -> 0.15788177
B35: Load, Haul, Dump, Spread, Compact, etc
B37: Task Description | C37: From | D37: To | E37: Volume Cost
E38: $/m3
B39: ROM Pad Cleanup | C39: =VLOOKUP($B39,$B$6:$Z$32,2,FALSE) -> Ore Stockpile Pads | D39: =VLOOKUP($B39,$B$6:$Z$32,3,FALSE) -> Class A SF | E39: =VLOOKUP($B39,$B$6:$Z$31,25,FALSE) -> 5.4024425
B40: Explosive Magazine Cleanup | C40: =VLOOKUP($B40,$B$6:$Z$32,2,FALSE) -> Explosives plant | D40: =VLOOKUP($B40,$B$6:$Z$32,3,FALSE) -> Class A SF | E40: =VLOOKUP($B40,$B$6:$Z$31,25,FALSE) -> 6.8395115
B41: Mining Workshop Overburden | C41: =VLOOKUP($B41,$B$6:$Z$32,2,FALSE) -> Overburden SP | D41: =VLOOKUP($B41,$B$6:$Z$32,3,FALSE) -> Mining Workshop | E41: =VLOOKUP($B41,$B$6:$Z$31,25,FALSE) -> 5.4142969
B42: Mining Workshop Topsoil | C42: =VLOOKUP($B42,$B$6:$Z$32,2,FALSE) -> Workshop Topsoil SP | D42: =VLOOKUP($B42,$B$6:$Z$32,3,FALSE) -> Mining Workshop | E42: =VLOOKUP($B42,$B$6:$Z$31,25,FALSE) -> 3.156901
B43: Mill Site Overburden | C43: =VLOOKUP($B43,$B$6:$Z$32,2,FALSE) -> Overburden SP | D43: =VLOOKUP($B43,$B$6:$Z$32,3,FALSE) -> Mill Site | E43: =VLOOKUP($B43,$B$6:$Z$31,25,FALSE) -> 5.5808906
B44: Mill Site Topsoil | C44: =VLOOKUP($B44,$B$6:$Z$32,2,FALSE) -> Mill Topsoil SP | D44: =VLOOKUP($B44,$B$6:$Z$32,3,FALSE) -> Mill Site | E44: =VLOOKUP($B44,$B$6:$Z$31,25,FALSE) -> 3.156901
B45: Topsoil - General Areas | C45: =VLOOKUP($B45,$B$6:$Z$32,2,FALSE) -> General Areas Topsoil SP | D45: =VLOOKUP($B45,$B$6:$Z$32,3,FALSE) -> General Areas | E45: =VLOOKUP($B45,$B$6:$Z$31,25,FALSE) -> 3.156901
B46: Class A Glacial Till | C46: =VLOOKUP($B46,$B$6:$Z$32,2,FALSE) -> Class A & B Cover Mat SP | D46: =VLOOKUP($B46,$B$6:$Z$32,3,FALSE) -> Class A SF | E46: =VLOOKUP($B46,$B$6:$Z$31,25,FALSE)+'T2 - Unit Rates'!$E$72*1.9+EquipProd!$V$64+EquipProd!$J$88 -> 10.726323 | F46: Zone S Material
B47: Class A Liner Protection | C47: =VLOOKUP($B47,$B$6:$Z$32,2,FALSE) -> Crush & Screen Plant | D47: =VLOOKUP($B47,$B$6:$Z$32,3,FALSE) -> Class A SF | E47: =VLOOKUP($B47,$B$6:$Z$31,25,FALSE)+EquipProd!$V$64+'T2 - Unit Rates'!$E$71*1.9 -> 13.638996 | F47: Zone F Material
B48: Class A Frost Protect - Progressive | C48: =VLOOKUP($B48,$B$6:$Z$32,2,FALSE) -> Pit | D48: =VLOOKUP($B48,$B$6:$Z$32,3,FALSE) -> Class A SF | E48: =VLOOKUP($B48,$B$6:$Z$31,25,FALSE)+EquipProd!$V$62 -> 1.4081636
B49: Class A Frost Protection - Closure - YG | C49: =VLOOKUP($B49,$B$6:$Z$32,2,FALSE) -> Class A & B Cover Mat SP | D49: =VLOOKUP($B49,$B$6:$Z$32,3,FALSE) -> Class A SF | E49: =VLOOKUP($B49,$B$6:$Z$31,25,FALSE)+EquipProd!$V$62 -> 4.483614
B50: Class A Frost Protection - Closure - BMC | C50: =VLOOKUP($B50,$B$6:$Z$32,2,FALSE) -> Class A & B Cover Mat SP | D50: =VLOOKUP($B50,$B$6:$Z$32,3,FALSE) -> Class A SF | E50: =VLOOKUP($B50,$B$6:$Z$31,25,FALSE)+EquipProd!$V$62 -> 3.4909135
B51: Class A Overburden | C51: =VLOOKUP($B51,$B$6:$Z$32,2,FALSE) -> Class A Overburden SP | D51: =VLOOKUP($B51,$B$6:$Z$32,3,FALSE) -> Class A SF | E51: =VLOOKUP($B51,$B$6:$Z$31,25,FALSE)+EquipProd!$V$64 -> 3.9054333
B52: Class A Topsoil | C52: =VLOOKUP($B52,$B$6:$Z$32,2,FALSE) -> Class A Topsoil SP | D52: =VLOOKUP($B52,$B$6:$Z$32,3,FALSE) -> Class A SF | E52: =VLOOKUP($B52,$B$6:$Z$31,25,FALSE)+EquipProd!$V$64 -> 3.8082978
B53: Class B Glacial Till | C53: =VLOOKUP($B53,$B$6:$Z$32,2,FALSE) -> Class B Cover Mat SP | D53: =VLOOKUP($B53,$B$6:$Z$32,3,FALSE) -> Class B SF | E53: =VLOOKUP($B53,$B$6:$Z$31,25,FALSE)+'T2 - Unit Rates'!$E$72*1.9+EquipProd!$V$64+EquipProd!$J$88 -> 10.726323 | F53: Zone S Material
B54: Class B Liner Protection | C54: =VLOOKUP($B54,$B$6:$Z$32,2,FALSE) -> Crush & Screen Plant | D54: =VLOOKUP($B54,$B$6:$Z$32,3,FALSE) -> Class B SF | E54: =VLOOKUP($B54,$B$6:$Z$31,25,FALSE)+EquipProd!$V$64+'T2 - Unit Rates'!$E$71*1.9 -> 13.638996 | F54: Zone F Material
B55: Class B Frost Protect - Progressive | C55: =VLOOKUP($B55,$B$6:$Z$32,2,FALSE) -> Pit | D55: =VLOOKUP($B55,$B$6:$Z$32,3,FALSE) -> Class B SF | E55: =VLOOKUP($B55,$B$6:$Z$31,25,FALSE)+EquipProd!$V$62 -> 1.0381636
B56: Class B Frost Protection - Closure - YG | C56: =VLOOKUP($B56,$B$6:$Z$32,2,FALSE) -> Class A & B Cover Mat SP | D56: =VLOOKUP($B56,$B$6:$Z$32,3,FALSE) -> Class B SF | E56: =VLOOKUP($B56,$B$6:$Z$31,25,FALSE)+EquipProd!$V$62 -> 4.483614
B57: Class B Frost Protection - Closure - BMC | C57: =VLOOKUP($B57,$B$6:$Z$32,2,FALSE) -> Class A & B Cover Mat SP | D57: =VLOOKUP($B57,$B$6:$Z$32,3,FALSE) -> Class B SF | E57: =VLOOKUP($B57,$B$6:$Z$31,25,FALSE)+EquipProd!$V$62 -> 3.4909135
B58: Class B Overburden | C58: =VLOOKUP($B58,$B$6:$Z$32,2,FALSE) -> Class B Overburden SP | D58: =VLOOKUP($B58,$B$6:$Z$32,3,FALSE) -> Class B SF | E58: =VLOOKUP($B58,$B$6:$Z$31,25,FALSE)+EquipProd!$V$64 -> 3.9054333
B59: Class B Topsoil | C59: =VLOOKUP($B59,$B$6:$Z$32,2,FALSE) -> Class B Topsoil SP | D59: =VLOOKUP($B59,$B$6:$Z$32,3,FALSE) -> Class B SF | E59: =VLOOKUP($B59,$B$6:$Z$31,25,FALSE)+EquipProd!$V$64 -> 3.8082978
B60: Class C Overburden | C60: =VLOOKUP($B60,$B$6:$Z$32,2,FALSE) -> Overburden SP | D60: =VLOOKUP($B60,$B$6:$Z$32,3,FALSE) -> Class C Storage | E60: =VLOOKUP($B60,$B$6:$Z$31,25,FALSE)+EquipProd!$V$64 -> 6.2322874
B61: Class C Topsoil | C61: =VLOOKUP($B61,$B$6:$Z$32,2,FALSE) -> Overburden SP | D61: =VLOOKUP($B61,$B$6:$Z$32,3,FALSE) -> Class C Storage | E61: =VLOOKUP($B61,$B$6:$Z$31,25,FALSE)+EquipProd!$V$64 -> 4.9369958

Sheet Labour & Equip Hrs
A2: TOTAL LABOUR HOURS | C2: Year 2 | D2: Year 5 | E2: EOM
A3: Labour Classification | C3: Hrs | D3: Hrs | E3: Hrs
A4: =A51 -> Blaster | C4: =C51 -> 0 | D4: =D51 -> 60 | E4: =E51 -> 60
A5: =A52 -> General Labourer | C5: =C52+V46 -> 4699.1317 | D5: =D52+AI46 -> 40135.959 | E5: =E52+AU46 -> 55524.002
A6: =A53 -> Trades Labourer | C6: =C53 -> 194 | D6: =D53 -> 3215 | E6: =E53 -> 3215
A7: =A54 -> Camp Labourer | C7: =C54 -> 0 | D7: =D54 -> 0 | E7: =E54 -> 0
A8: =A55 -> Site Caretaker | C8: =C55 -> 0 | D8: =D55 -> 0 | E8: =E55 -> 0
A9: =A56 -> Mechanic | C9: =C56 -> 0 | D9: =D56 -> 0 | E9: =E56 -> 0
A10: =A57 -> Environmental Monitor | C10: =C57 -> 0 | D10: =D57 -> 0 | E10: =E57 -> 0
A11: =A58 -> Site Supervisor | C11: =C58 -> 0 | D11: =D58 -> 0 | E11: =E58 -> 0
A12: =A59 -> Design Engineer | C12: =C59 -> 0 | D12: =D59 -> 0 | E12: =E59 -> 0
A13: =A60 -> Environmental Scientist | C13: =C60 -> 20 | D13: =D60 -> 190 | E13: =E60 -> 190
A14: =A61 -> Passive Treatment Manager | C14: =C61 -> 0 | D14: =D61 -> 0 | E14: =E61 -> 0
A15: =A62 -> Project Manager | C15: =C62 -> 0 | D15: =D62 -> 0 | E15: =E62 -> 0
A16: Total | C16: =SUM(C4:C15) -> 4913.1317 | D16: =SUM(D4:D15) -> 43600.959 | E16: =SUM(E4:E15) -> 58989.002
A17: Estimated workforce | C17: =C16/231/5/C18 -> 4.2537936 | D17: =D16/231/5/D18 -> 18.874874 | E17: =E16/231/5/E18 -> 17.024243
A18: Years | C18: 1 | D18: 2 | E18: 3
A20: EQUIPMENT AND LABOUR HOURS (BUILD INTO MATERIAL MOVEMENT RATES) | P20: YEAR 2 | Z20: YEAR 5 | AL20: EOM/LOM
A21: Material Load & Haul | B21: m3 | D21: Excavator | E21: Loader | F21: Truck | G21: Dozer | H21: Compact roller | I21: Crush / Screen | K21: Loading Style | L21: Dozer Style | M21: Crush / Screen Style | N21: Roller Style | P21: Excavator Hours | Q21: Loader Hours | R21: Truck Hours | S21: Dozer Hours | T21: Roller Hours | U21: Crush / Screen Hours | V21: Total Labour Hours | Z21: Material Load & Haul | AA21: m3 | AC21: Excavator Hours | AD21: Loader Hours | AE21: Truck Hours | AF21: Dozer Hours | AG21: Roller Hours | AH21: Crush / Screen Hours | AI21: Total Labour Hours | AL21: Material Load & Haul | AM21: m3 | AO21: Excavator Hours | AP21: Loader Hours | AQ21: Truck Hours | AR21: Dozer Hours | AS21: Roller Hours | AT21: Crush / Screen Hours | AU21: Total Labour Hours
A22: =LHD!B39 -> ROM Pad Cleanup | B22: =SUMIF('T6 - Pits'!$AL$7:$AL$44,'Labour & Equip Hrs'!A22,'T6 - Pits'!$AM$7:$AM$44)+SUMIF('T7 - WSF'!$AL$7:$AL$69,'Labour & Equip Hrs'!A22,'T7 - WSF'!$AM$7:$AM$69)+SUMIF('T8 - Facilities'!$AL$7:$AL$115,'Labour & Equip Hrs'!A22,'T8 - Facilities'!$AM$7:$AM$115)+SUMIF('T9 - Ponds'!$AL$7:$AL$54,'Labour & Equip Hrs'!A22,'T9 - Ponds'!$AM$7:$AM$54)+SUMIF('T10 - Infrastructure'!$AL$7:$AL$45,'Labour & Equip Hrs'!A22,'T10 - Infrastructure'!$AM$7:$AM$45)+SUMIF('T11 - Wastes'!$AL$6:$AL$22,'Labour & Equip Hrs'!A22,'T11 - Wastes'!$AM$6:$AM$22)+SUMIF('T12 - Roads'!$AL$7:$AL$19,'Labour & Equip Hrs'!A22,'T12 - Roads'!$AM$7:$AM$19)+SUMIF('T13 - Water'!$AL$7:$AL$60,'Labour & Equip Hrs'!A22,'T13 - Water'!$AM$7:$AM$60) -> 0 | E22: 1 | F22: 1 | G22: 1 | H22: 1 | I22: 1 | K22: =VLOOKUP(A22,LHD!$B$6:$G$31,6,FALSE) -> Cat 345 loose loading | L22: =EquipProd!$B$15 -> D9 Loose recontouring | M22: =EquipProd!$B$30 -> Zone F - Crush & Screen | N22: =EquipProd!$B$29 -> Roller compacting | P22: =IFERROR(IF(D22="","",$B22/VLOOKUP($K22,Productivity,2,FALSE)),"") | Q22: =IFERROR(IF(E22="","",$B22/VLOOKUP($K22,Productivity,2,FALSE)),"") -> 0 | R22: =IF(B22=0,0,$B22/VLOOKUP($A22,LHD!$B$6:$T$31,19,FALSE)) -> 0 | S22: =IF(G22="","",$B22/VLOOKUP(L22,Productivity,2,FALSE)) -> 0 | T22: =IF(H22="","",$B22/VLOOKUP(N22,Productivity,2,FALSE)) -> 0 | U22: =IF(I22="","",$B22/VLOOKUP(M22,Productivity,2,FALSE)*2) -> 0 | V22: =SUM(P22:U22) -> 0 | Z22: =A22 -> ROM Pad Cleanup | AA22: =SUMIF('T6 - Pits'!$AU$7:$AU$44,'Labour & Equip Hrs'!Z22,'T6 - Pits'!$AV$7:$AV$44)+SUMIF('T7 - WSF'!$AU$7:$AU$69,'Labour & Equip Hrs'!Z22,'T7 - WSF'!$AV$7:$AV$69)+SUMIF('T8 - Facilities'!$AU$7:$AU$115,'Labour & Equip Hrs'!Z22,'T8 - Facilities'!$AV$7:$AV$115)+SUMIF('T9 - Ponds'!$AU$7:$AU$54,'Labour & Equip Hrs'!Z22,'T9 - Ponds'!$AV$7:$AV$54)+SUMIF('T10 - Infrastructure'!$AU$7:$AU$45,'Labour & Equip Hrs'!Z22,'T10 - Infrastructure'!$AV$7:$AV$45)+SUMIF('T11 - Wastes'!$AU$6:$AU$22,'Labour & Equip Hrs'!Z22,'T11 - Wastes'!$AV$6:$AV$22)+SUMIF('T12 - Roads'!$AU$7:$AU$19,'Labour & Equip Hrs'!Z22,'T12 - Roads'!$AV$7:$AV$19)+SUMIF('T13 - Water'!$AU$7:$AU$60,'Labour & Equip Hrs'!Z22,'T13 - Water'!$AV$7:$AV$60) -> 0 | AC22: =IFERROR(IF($D22="","",$AA22/VLOOKUP($K22,Productivity,2,FALSE)),"") | AD22: =IFERROR(IF(E22="","",$AA22/VLOOKUP($K22,Productivity,2,FALSE)),"") -> 0 | AE22: =AA22/VLOOKUP(Z22,LHD!$B$6:$Z$31,19,FALSE) -> 0 | AF22: =IF(G22="","",$AA22/VLOOKUP(L22,Productivity,2,FALSE)) -> 0 | AG22: =IF(H22="","",$AA22/VLOOKUP(N22,Productivity,2,FALSE)) -> 0 | AH22: =IF(I22="","",$AA22/VLOOKUP(M22,Productivity,2,FALSE)*2) -> 0 | AI22: =SUM(AC22:AH22) -> 0 | AL22: =A22 -> ROM Pad Cleanup | AM22: =SUMIF('T6 - Pits'!$BD$7:$BD$44,'Labour & Equip Hrs'!AL22,'T6 - Pits'!$BE$7:$BE$44)+SUMIF('T7 - WSF'!$BD$7:$BD$69,'Labour & Equip Hrs'!AL22,'T7 - WSF'!$BE$7:$BE$69)+SUMIF('T8 - Facilities'!$BD$7:$BD$115,'Labour & Equip Hrs'!AL22,'T8 - Facilities'!$BE$7:$BE$115)+SUMIF('T9 - Ponds'!$BD$7:$BD$54,'Labour & Equip Hrs'!AL22,'T9 - Ponds'!$BE$7:$BE$54)+SUMIF('T10 - Infrastructure'!$BD$7:$BD$45,'Labour & Equip Hrs'!AL22,'T10 - Infrastructure'!$BE$7:$BE$45)+SUMIF('T11 - Wastes'!$BD$6:$BD$22,'Labour & Equip Hrs'!AL22,'T11 - Wastes'!$BE$6:$BE$22)+SUMIF('T12 - Roads'!$BD$7:$BD$19,'Labour & Equip Hrs'!AL22,'T12 - Roads'!$BE$7:$BE$19)+SUMIF('T13 - Water'!$BD$7:$BD$60,'Labour & Equip Hrs'!AL22,'T13 - Water'!$BE$7:$BE$60) -> 0 | AO22: =IFERROR(IF($D22="","",$AM22/VLOOKUP($K22,Productivity,2,FALSE)),"") | AP22: =IFERROR(IF(E22="","",$AM22/VLOOKUP($K22,Productivity,2,FALSE)),"") -> 0 | AQ22: =AM22/VLOOKUP(AL22,LHD!$B$6:$Z$31,19,FALSE) -> 0 | AR22: =IF(G22="","",$AM22/VLOOKUP(L22,Productivity,2,FALSE)) -> 0 | AS22: =IF(H22="","",$AM22/VLOOKUP(N22,Productivity,2,FALSE)) -> 0 | AT22: =IF(I22="","",$AM22/VLOOKUP(M22,Productivity,2,FALSE)*2) -> 0 | AU22: =SUM(AO22:AT22) -> 0
A23: =LHD!B40 -> Explosive Magazine Cleanup | B23: =SUMIF('T6 - Pits'!$AL$7:$AL$44,'Labour & Equip Hrs'!A23,'T6 - Pits'!$AM$7:$AM$44)+SUMIF('T7 - WSF'!$AL$7:$AL$69,'Labour & Equip Hrs'!A23,'T7 - WSF'!$AM$7:$AM$69)+SUMIF('T8 - Facilities'!$AL$7:$AL$115,'Labour & Equip Hrs'!A23,'T8 - Facilities'!$AM$7:$AM$115)+SUMIF('T9 - Ponds'!$AL$7:$AL$54,'Labour & Equip Hrs'!A23,'T9 - Ponds'!$AM$7:$AM$54)+SUMIF('T10 - Infrastructure'!$AL$7:$AL$45,'Labour & Equip Hrs'!A23,'T10 - Infrastructure'!$AM$7:$AM$45)+SUMIF('T11 - Wastes'!$AL$6:$AL$22,'Labour & Equip Hrs'!A23,'T11 - Wastes'!$AM$6:$AM$22)+SUMIF('T12 - Roads'!$AL$7:$AL$19,'Labour & Equip Hrs'!A23,'T12 - Roads'!$AM$7:$AM$19)+SUMIF('T13 - Water'!$AL$7:$AL$60,'Labour & Equip Hrs'!A23,'T13 - Water'!$AM$7:$AM$60) -> 50 | E23: 1 | F23: 1 | G23: 1 | H23: 1 | K23: =VLOOKUP(A23,LHD!$B$6:$G$31,6,FALSE) -> Cat 345 loose loading | L23: =EquipProd!$B$15 -> D9 Loose recontouring | M23: =EquipProd!$B$31 -> Zone S - Crush & Screen | N23: =EquipProd!$B$29 -> Roller compacting | P23: =IFERROR(IF(D23="","",$B23/VLOOKUP($K23,Productivity,2,FALSE)),"") | Q23: =IFERROR(IF(E23="","",$B23/VLOOKUP($K23,Productivity,2,FALSE)),"") -> 0.14367816 | R23: =IF(B23=0,0,$B23/VLOOKUP($A23,LHD!$B$6:$T$31,19,FALSE)) -> 0.52888805 | S23: =IF(G23="","",$B23/VLOOKUP(L23,Productivity,2,FALSE)) -> 0.065381591 | T23: =IF(H23="","",$B23/VLOOKUP(N23,Productivity,2,FALSE)) -> 0.22102661 | U23: =IF(I23="","",$B23/VLOOKUP(M23,Productivity,2,FALSE)*2) | V23: =SUM(P23:U23) -> 0.95897441 | Z23: =A23 -> Explosive Magazine Cleanup | AA23: =SUMIF('T6 - Pits'!$AU$7:$AU$44,'Labour & Equip Hrs'!Z23,'T6 - Pits'!$AV$7:$AV$44)+SUMIF('T7 - WSF'!$AU$7:$AU$69,'Labour & Equip Hrs'!Z23,'T7 - WSF'!$AV$7:$AV$69)+SUMIF('T8 - Facilities'!$AU$7:$AU$115,'Labour & Equip Hrs'!Z23,'T8 - Facilities'!$AV$7:$AV$115)+SUMIF('T9 - Ponds'!$AU$7:$AU$54,'Labour & Equip Hrs'!Z23,'T9 - Ponds'!$AV$7:$AV$54)+SUMIF('T10 - Infrastructure'!$AU$7:$AU$45,'Labour & Equip Hrs'!Z23,'T10 - Infrastructure'!$AV$7:$AV$45)+SUMIF('T11 - Wastes'!$AU$6:$AU$22,'Labour & Equip Hrs'!Z23,'T11 - Wastes'!$AV$6:$AV$22)+SUMIF('T12 - Roads'!$AU$7:$AU$19,'Labour & Equip Hrs'!Z23,'T12 - Roads'!$AV$7:$AV$19)+SUMIF('T13 - Water'!$AU$7:$AU$60,'Labour & Equip Hrs'!Z23,'T13 - Water'!$AV$7:$AV$60) -> 7475 | AC23: =IFERROR(IF($D23="","",$AA23/VLOOKUP($K23,Productivity,2,FALSE)),"") | AD23: =IFERROR(IF(E23="","",$AA23/VLOOKUP($K23,Productivity,2,FALSE)),"") -> 21.479885 | AE23: =AA23/VLOOKUP(Z23,LHD!$B$6:$Z$31,19,FALSE) -> 79.068764 | AF23: =IF(G23="","",$AA23/VLOOKUP(L23,Productivity,2,FALSE)) -> 9.7745479 | AG23: =IF(H23="","",$AA23/VLOOKUP(N23,Productivity,2,FALSE)) -> 33.043478 | AH23: =IF(I23="","",$AA23/VLOOKUP(M23,Productivity,2,FALSE)*2) | AI23: =SUM(AC23:AH23) -> 143.36668 | AL23: =A23 -> Explosive Magazine Cleanup | AM23: =SUMIF('T6 - Pits'!$BD$7:$BD$44,'Labour & Equip Hrs'!AL23,'T6 - Pits'!$BE$7:$BE$44)+SUMIF('T7 - WSF'!$BD$7:$BD$69,'Labour & Equip Hrs'!AL23,'T7 - WSF'!$BE$7:$BE$69)+SUMIF('T8 - Facilities'!$BD$7:$BD$115,'Labour & Equip Hrs'!AL23,'T8 - Facilities'!$BE$7:$BE$115)+SUMIF('T9 - Ponds'!$BD$7:$BD$54,'Labour & Equip Hrs'!AL23,'T9 - Ponds'!$BE$7:$BE$54)+SUMIF('T10 - Infrastructure'!$BD$7:$BD$45,'Labour & Equip Hrs'!AL23,'T10 - Infrastructure'!$BE$7:$BE$45)+SUMIF('T11 - Wastes'!$BD$6:$BD$22,'Labour & Equip Hrs'!AL23,'T11 - Wastes'!$BE$6:$BE$22)+SUMIF('T12 - Roads'!$BD$7:$BD$19,'Labour & Equip Hrs'!AL23,'T12 - Roads'!$BE$7:$BE$19)+SUMIF('T13 - Water'!$BD$7:$BD$60,'Labour & Equip Hrs'!AL23,'T13 - Water'!$BE$7:$BE$60) -> 7475 | AO23: =IFERROR(IF($D23="","",$AM23/VLOOKUP($K23,Productivity,2,FALSE)),"") | AP23: =IFERROR(IF(E23="","",$AM23/VLOOKUP($K23,Productivity,2,FALSE)),"") -> 21.479885 | AQ23: =AM23/VLOOKUP(AL23,LHD!$B$6:$Z$31,19,FALSE) -> 79.068764 | AR23: =IF(G23="","",$AM23/VLOOKUP(L23,Productivity,2,FALSE)) -> 9.7745479 | AS23: =IF(H23="","",$AM23/VLOOKUP(N23,Productivity,2,FALSE)) -> 33.043478 | AT23: =IF(I23="","",$AM23/VLOOKUP(M23,Productivity,2,FALSE)*2) | AU23: =SUM(AO23:AT23) -> 143.36668
A24: =LHD!B41 -> Mining Workshop Overburden | B24: =SUMIF('T6 - Pits'!$AL$7:$AL$44,'Labour & Equip Hrs'!A24,'T6 - Pits'!$AM$7:$AM$44)+SUMIF('T7 - WSF'!$AL$7:$AL$69,'Labour & Equip Hrs'!A24,'T7 - WSF'!$AM$7:$AM$69)+SUMIF('T8 - Facilities'!$AL$7:$AL$115,'Labour & Equip Hrs'!A24,'T8 - Facilities'!$AM$7:$AM$115)+SUMIF('T9 - Ponds'!$AL$7:$AL$54,'Labour & Equip Hrs'!A24,'T9 - Ponds'!$AM$7:$AM$54)+SUMIF('T10 - Infrastructure'!$AL$7:$AL$45,'Labour & Equip Hrs'!A24,'T10 - Infrastructure'!$AM$7:$AM$45)+SUMIF('T11 - Wastes'!$AL$6:$AL$22,'Labour & Equip Hrs'!A24,'T11 - Wastes'!$AM$6:$AM$22)+SUMIF('T12 - Roads'!$AL$7:$AL$19,'Labour & Equip Hrs'!A24,'T12 - Roads'!$AM$7:$AM$19)+SUMIF('T13 - Water'!$AL$7:$AL$60,'Labour & Equip Hrs'!A24,'T13 - Water'!$AM$7:$AM$60) -> 0 | E24: 1 | F24: 1 | G24: 1 | H24: 1 | K24: =VLOOKUP(A24,LHD!$B$6:$G$31,6,FALSE) -> Cat 988 Soil/Gravel Loading | L24: =EquipProd!$B$15 -> D9 Loose recontouring | M24: =EquipProd!$B$31 -> Zone S - Crush & Screen | N24: =EquipProd!$B$29 -> Roller compacting | P24: =IFERROR(IF(D24="","",$B24/VLOOKUP($K24,Productivity,2,FALSE)),"") | Q24: =IFERROR(IF(E24="","",$B24/VLOOKUP($K24,Productivity,2,FALSE)),"") -> 0 | R24: =IF(B24=0,0,$B24/VLOOKUP($A24,LHD!$B$6:$T$31,19,FALSE)) -> 0 | S24: =IF(G24="","",$B24/VLOOKUP(L24,Productivity,2,FALSE)) -> 0 | T24: =IF(H24="","",$B24/VLOOKUP(N24,Productivity,2,FALSE)) -> 0 | U24: =IF(I24="","",$B24/VLOOKUP(M24,Productivity,2,FALSE)*2) | V24: =SUM(P24:U24) -> 0 | Z24: =A24 -> Mining Workshop Overburden | AA24: =SUMIF('T6 - Pits'!$AU$7:$AU$44,'Labour & Equip Hrs'!Z24,'T6 - Pits'!$AV$7:$AV$44)+SUMIF('T7 - WSF'!$AU$7:$AU$69,'Labour & Equip Hrs'!Z24,'T7 - WSF'!$AV$7:$AV$69)+SUMIF('T8 - Facilities'!$AU$7:$AU$115,'Labour & Equip Hrs'!Z24,'T8 - Facilities'!$AV$7:$AV$115)+SUMIF('T9 - Ponds'!$AU$7:$AU$54,'Labour & Equip Hrs'!Z24,'T9 - Ponds'!$AV$7:$AV$54)+SUMIF('T10 - Infrastructure'!$AU$7:$AU$45,'Labour & Equip Hrs'!Z24,'T10 - Infrastructure'!$AV$7:$AV$45)+SUMIF('T11 - Wastes'!$AU$6:$AU$22,'Labour & Equip Hrs'!Z24,'T11 - Wastes'!$AV$6:$AV$22)+SUMIF('T12 - Roads'!$AU$7:$AU$19,'Labour & Equip Hrs'!Z24,'T12 - Roads'!$AV$7:$AV$19)+SUMIF('T13 - Water'!$AU$7:$AU$60,'Labour & Equip Hrs'!Z24,'T13 - Water'!$AV$7:$AV$60) -> 33307.5 | AC24: =IFERROR(IF($D24="","",$AA24/VLOOKUP($K24,Productivity,2,FALSE)),"") | AD24: =IFERROR(IF(E24="","",$AA24/VLOOKUP($K24,Productivity,2,FALSE)),"") -> 75.173177 | AE24: =AA24/VLOOKUP(Z24,LHD!$B$6:$Z$31,19,FALSE) -> 244.53429 | AF24: =IF(G24="","",$AA24/VLOOKUP(L24,Productivity,2,FALSE)) -> 43.553947 | AG24: =IF(H24="","",$AA24/VLOOKUP(N24,Productivity,2,FALSE)) -> 147.23688 | AH24: =IF(I24="","",$AA24/VLOOKUP(M24,Productivity,2,FALSE)*2) | AI24: =SUM(AC24:AH24) -> 510.4983 | AL24: =A24 -> Mining Workshop Overburden | AM24: =SUMIF('T6 - Pits'!$BD$7:$BD$44,'Labour & Equip Hrs'!AL24,'T6 - Pits'!$BE$7:$BE$44)+SUMIF('T7 - WSF'!$BD$7:$BD$69,'Labour & Equip Hrs'!AL24,'T7 - WSF'!$BE$7:$BE$69)+SUMIF('T8 - Facilities'!$BD$7:$BD$115,'Labour & Equip Hrs'!AL24,'T8 - Facilities'!$BE$7:$BE$115)+SUMIF('T9 - Ponds'!$BD$7:$BD$54,'Labour & Equip Hrs'!AL24,'T9 - Ponds'!$BE$7:$BE$54)+SUMIF('T10 - Infrastructure'!$BD$7:$BD$45,'Labour & Equip Hrs'!AL24,'T10 - Infrastructure'!$BE$7:$BE$45)+SUMIF('T11 - Wastes'!$BD$6:$BD$22,'Labour & Equip Hrs'!AL24,'T11 - Wastes'!$BE$6:$BE$22)+SUMIF('T12 - Roads'!$BD$7:$BD$19,'Labour & Equip Hrs'!AL24,'T12 - Roads'!$BE$7:$BE$19)+SUMIF('T13 - Water'!$BD$7:$BD$60,'Labour & Equip Hrs'!AL24,'T13 - Water'!$BE$7:$BE$60) -> 33307.5 | AO24: =IFERROR(IF($D24="","",$AM24/VLOOKUP($K24,Productivity,2,FALSE)),"") | AP24: =IFERROR(IF(E24="","",$AM24/VLOOKUP($K24,Productivity,2,FALSE)),"") -> 75.173177 | AQ24: =AM24/VLOOKUP(AL24,LHD!$B$6:$Z$31,19,FALSE) -> 244.53429 | AR24: =IF(G24="","",$AM24/VLOOKUP(L24,Productivity,2,FALSE)) -> 43.553947 | AS24: =IF(H24="","",$AM24/VLOOKUP(N24,Productivity,2,FALSE)) -> 147.23688 | AT24: =IF(I24="","",$AM24/VLOOKUP(M24,Productivity,2,FALSE)*2) | AU24: =SUM(AO24:AT24) -> 510.4983
A25: =LHD!B42 -> Mining Workshop Topsoil | B25: =SUMIF('T6 - Pits'!$AL$7:$AL$44,'Labour & Equip Hrs'!A25,'T6 - Pits'!$AM$7:$AM$44)+SUMIF('T7 - WSF'!$AL$7:$AL$69,'Labour & Equip Hrs'!A25,'T7 - WSF'!$AM$7:$AM$69)+SUMIF('T8 - Facilities'!$AL$7:$AL$115,'Labour & Equip Hrs'!A25,'T8 - Facilities'!$AM$7:$AM$115)+SUMIF('T9 - Ponds'!$AL$7:$AL$54,'Labour & Equip Hrs'!A25,'T9 - Ponds'!$AM$7:$AM$54)+SUMIF('T10 - Infrastructure'!$AL$7:$AL$45,'Labour & Equip Hrs'!A25,'T10 - Infrastructure'!$AM$7:$AM$45)+SUMIF('T11 - Wastes'!$AL$6:$AL$22,'Labour & Equip Hrs'!A25,'T11 - Wastes'!$AM$6:$AM$22)+SUMIF('T12 - Roads'!$AL$7:$AL$19,'Labour & Equip Hrs'!A25,'T12 - Roads'!$AM$7:$AM$19)+SUMIF('T13 - Water'!$AL$7:$AL$60,'Labour & Equip Hrs'!A25,'T13 - Water'!$AM$7:$AM$60) -> 0 | E25: 1 | F25: 1 | G25: 1 | H25: 1 | K25: =VLOOKUP(A25,LHD!$B$6:$G$31,6,FALSE) -> Cat 988 Soil/Gravel Loading | L25: =EquipProd!$B$15 -> D9 Loose recontouring | M25: =EquipProd!$B$31 -> Zone S - Crush & Screen | N25: =EquipProd!$B$29 -> Roller compacting | P25: =IFERROR(IF(D25="","",$B25/VLOOKUP($K25,Productivity,2,FALSE)),"") | Q25: =IFERROR(IF(E25="","",$B25/VLOOKUP($K25,Productivity,2,FALSE)),"") -> 0 | R25: =IF(B25=0,0,$B25/VLOOKUP($A25,LHD!$B$6:$T$31,19,FALSE)) -> 0 | S25: =IF(G25="","",$B25/VLOOKUP(L25,Productivity,2,FALSE)) -> 0 | T25: =IF(H25="","",$B25/VLOOKUP(N25,Productivity,2,FALSE)) -> 0 | U25: =IF(I25="","",$B25/VLOOKUP(M25,Productivity,2,FALSE)*2) | V25: =SUM(P25:U25) -> 0 | Z25: =A25 -> Mining Workshop Topsoil | AA25: =SUMIF('T6 - Pits'!$AU$7:$AU$44,'Labour & Equip Hrs'!Z25,'T6 - Pits'!$AV$7:$AV$44)+SUMIF('T7 - WSF'!$AU$7:$AU$69,'Labour & Equip Hrs'!Z25,'T7 - WSF'!$AV$7:$AV$69)+SUMIF('T8 - Facilities'!$AU$7:$AU$115,'Labour & Equip Hrs'!Z25,'T8 - Facilities'!$AV$7:$AV$115)+SUMIF('T9 - Ponds'!$AU$7:$AU$54,'Labour & Equip Hrs'!Z25,'T9 - Ponds'!$AV$7:$AV$54)+SUMIF('T10 - Infrastructure'!$AU$7:$AU$45,'Labour & Equip Hrs'!Z25,'T10 - Infrastructure'!$AV$7:$AV$45)+SUMIF('T11 - Wastes'!$AU$6:$AU$22,'Labour & Equip Hrs'!Z25,'T11 - Wastes'!$AV$6:$AV$22)+SUMIF('T12 - Roads'!$AU$7:$AU$19,'Labour & Equip Hrs'!Z25,'T12 - Roads'!$AV$7:$AV$19)+SUMIF('T13 - Water'!$AU$7:$AU$60,'Labour & Equip Hrs'!Z25,'T13 - Water'!$AV$7:$AV$60) -> 9992.25 | AC25: =IFERROR(IF($D25="","",$AA25/VLOOKUP($K25,Productivity,2,FALSE)),"") | AD25: =IFERROR(IF(E25="","",$AA25/VLOOKUP($K25,Productivity,2,FALSE)),"") -> 22.551953 | AE25: =AA25/VLOOKUP(Z25,LHD!$B$6:$Z$31,19,FALSE) -> 34.700725 | AF25: =IF(G25="","",$AA25/VLOOKUP(L25,Productivity,2,FALSE)) -> 13.066184 | AG25: =IF(H25="","",$AA25/VLOOKUP(N25,Productivity,2,FALSE)) -> 44.171063 | AH25: =IF(I25="","",$AA25/VLOOKUP(M25,Productivity,2,FALSE)*2) | AI25: =SUM(AC25:AH25) -> 114.48993 | AL25: =A25 -> Mining Workshop Topsoil | AM25: =SUMIF('T6 - Pits'!$BD$7:$BD$44,'Labour & Equip Hrs'!AL25,'T6 - Pits'!$BE$7:$BE$44)+SUMIF('T7 - WSF'!$BD$7:$BD$69,'Labour & Equip Hrs'!AL25,'T7 - WSF'!$BE$7:$BE$69)+SUMIF('T8 - Facilities'!$BD$7:$BD$115,'Labour & Equip Hrs'!AL25,'T8 - Facilities'!$BE$7:$BE$115)+SUMIF('T9 - Ponds'!$BD$7:$BD$54,'Labour & Equip Hrs'!AL25,'T9 - Ponds'!$BE$7:$BE$54)+SUMIF('T10 - Infrastructure'!$BD$7:$BD$45,'Labour & Equip Hrs'!AL25,'T10 - Infrastructure'!$BE$7:$BE$45)+SUMIF('T11 - Wastes'!$BD$6:$BD$22,'Labour & Equip Hrs'!AL25,'T11 - Wastes'!$BE$6:$BE$22)+SUMIF('T12 - Roads'!$BD$7:$BD$19,'Labour & Equip Hrs'!AL25,'T12 - Roads'!$BE$7:$BE$19)+SUMIF('T13 - Water'!$BD$7:$BD$60,'Labour & Equip Hrs'!AL25,'T13 - Water'!$BE$7:$BE$60) -> 9992.25 | AO25: =IFERROR(IF($D25="","",$AM25/VLOOKUP($K25,Productivity,2,FALSE)),"") | AP25: =IFERROR(IF(E25="","",$AM25/VLOOKUP($K25,Productivity,2,FALSE)),"") -> 22.551953 | AQ25: =AM25/VLOOKUP(AL25,LHD!$B$6:$Z$31,19,FALSE) -> 34.700725 | AR25: =IF(G25="","",$AM25/VLOOKUP(L25,Productivity,2,FALSE)) -> 13.066184 | AS25: =IF(H25="","",$AM25/VLOOKUP(N25,Productivity,2,FALSE)) -> 44.171063 | AT25: =IF(I25="","",$AM25/VLOOKUP(M25,Productivity,2,FALSE)*2) | AU25: =SUM(AO25:AT25) -> 114.48993
A26: =LHD!B43 -> Mill Site Overburden | B26: =SUMIF('T6 - Pits'!$AL$7:$AL$44,'Labour & Equip Hrs'!A26,'T6 - Pits'!$AM$7:$AM$44)+SUMIF('T7 - WSF'!$AL$7:$AL$69,'Labour & Equip Hrs'!A26,'T7 - WSF'!$AM$7:$AM$69)+SUMIF('T8 - Facilities'!$AL$7:$AL$115,'Labour & Equip Hrs'!A26,'T8 - Facilities'!$AM$7:$AM$115)+SUMIF('T9 - Ponds'!$AL$7:$AL$54,'Labour & Equip Hrs'!A26,'T9 - Ponds'!$AM$7:$AM$54)+SUMIF('T10 - Infrastructure'!$AL$7:$AL$45,'Labour & Equip Hrs'!A26,'T10 - Infrastructure'!$AM$7:$AM$45)+SUMIF('T11 - Wastes'!$AL$6:$AL$22,'Labour & Equip Hrs'!A26,'T11 - Wastes'!$AM$6:$AM$22)+SUMIF('T12 - Roads'!$AL$7:$AL$19,'Labour & Equip Hrs'!A26,'T12 - Roads'!$AM$7:$AM$19)+SUMIF('T13 - Water'!$AL$7:$AL$60,'Labour & Equip Hrs'!A26,'T13 - Water'!$AM$7:$AM$60) -> 60270 | E26: 1 | F26: 1 | G26: 1 | H26: 1 | K26: =VLOOKUP(A26,LHD!$B$6:$G$31,6,FALSE) -> Cat 988 Crushed Loading | L26: =EquipProd!$B$15 -> D9 Loose recontouring | M26: =EquipProd!$B$31 -> Zone S - Crush & Screen | N26: =EquipProd!$B$29 -> Roller compacting | P26: =IFERROR(IF(D26="","",$B26/VLOOKUP($K26,Productivity,2,FALSE)),"") | Q26: =IFERROR(IF(E26="","",$B26/VLOOKUP($K26,Productivity,2,FALSE)),"") -> 140.21146 | R26: =IF(B26=0,0,$B26/VLOOKUP($A26,LHD!$B$6:$T$31,19,FALSE)) -> 485.11787 | S26: =IF(G26="","",$B26/VLOOKUP(L26,Productivity,2,FALSE)) -> 78.81097 | T26: =IF(H26="","",$B26/VLOOKUP(N26,Productivity,2,FALSE)) -> 266.42548 | U26: =IF(I26="","",$B26/VLOOKUP(M26,Productivity,2,FALSE)*2) | V26: =SUM(P26:U26) -> 970.56577 | Z26: =A26 -> Mill Site Overburden | AA26: =SUMIF('T6 - Pits'!$AU$7:$AU$44,'Labour & Equip Hrs'!Z26,'T6 - Pits'!$AV$7:$AV$44)+SUMIF('T7 - WSF'!$AU$7:$AU$69,'Labour & Equip Hrs'!Z26,'T7 - WSF'!$AV$7:$AV$69)+SUMIF('T8 - Facilities'!$AU$7:$AU$115,'Labour & Equip Hrs'!Z26,'T8 - Facilities'!$AV$7:$AV$115)+SUMIF('T9 - Ponds'!$AU$7:$AU$54,'Labour & Equip Hrs'!Z26,'T9 - Ponds'!$AV$7:$AV$54)+SUMIF('T10 - Infrastructure'!$AU$7:$AU$45,'Labour & Equip Hrs'!Z26,'T10 - Infrastructure'!$AV$7:$AV$45)+SUMIF('T11 - Wastes'!$AU$6:$AU$22,'Labour & Equip Hrs'!Z26,'T11 - Wastes'!$AV$6:$AV$22)+SUMIF('T12 - Roads'!$AU$7:$AU$19,'Labour & Equip Hrs'!Z26,'T12 - Roads'!$AV$7:$AV$19)+SUMIF('T13 - Water'!$AU$7:$AU$60,'Labour & Equip Hrs'!Z26,'T13 - Water'!$AV$7:$AV$60) -> 60270 | AC26: =IFERROR(IF($D26="","",$AA26/VLOOKUP($K26,Productivity,2,FALSE)),"") | AD26: =IFERROR(IF(E26="","",$AA26/VLOOKUP($K26,Productivity,2,FALSE)),"") -> 140.21146 | AE26: =AA26/VLOOKUP(Z26,LHD!$B$6:$Z$31,19,FALSE) -> 485.11787 | AF26: =IF(G26="","",$AA26/VLOOKUP(L26,Productivity,2,FALSE)) -> 78.81097 | AG26: =IF(H26="","",$AA26/VLOOKUP(N26,Productivity,2,FALSE)) -> 266.42548 | AH26: =IF(I26="","",$AA26/VLOOKUP(M26,Productivity,2,FALSE)*2) | AI26: =SUM(AC26:AH26) -> 970.56577 | AL26: =A26 -> Mill Site Overburden | AM26: =SUMIF('T6 - Pits'!$BD$7:$BD$44,'Labour & Equip Hrs'!AL26,'T6 - Pits'!$BE$7:$BE$44)+SUMIF('T7 - WSF'!$BD$7:$BD$69,'Labour & Equip Hrs'!AL26,'T7 - WSF'!$BE$7:$BE$69)+SUMIF('T8 - Facilities'!$BD$7:$BD$115,'Labour & Equip Hrs'!AL26,'T8 - Facilities'!$BE$7:$BE$115)+SUMIF('T9 - Ponds'!$BD$7:$BD$54,'Labour & Equip Hrs'!AL26,'T9 - Ponds'!$BE$7:$BE$54)+SUMIF('T10 - Infrastructure'!$BD$7:$BD$45,'Labour & Equip Hrs'!AL26,'T10 - Infrastructure'!$BE$7:$BE$45)+SUMIF('T11 - Wastes'!$BD$6:$BD$22,'Labour & Equip Hrs'!AL26,'T11 - Wastes'!$BE$6:$BE$22)+SUMIF('T12 - Roads'!$BD$7:$BD$19,'Labour & Equip Hrs'!AL26,'T12 - Roads'!$BE$7:$BE$19)+SUMIF('T13 - Water'!$BD$7:$BD$60,'Labour & Equip Hrs'!AL26,'T13 - Water'!$BE$7:$BE$60) -> 60270 | AO26: =IFERROR(IF($D26="","",$AM26/VLOOKUP($K26,Productivity,2,FALSE)),"") | AP26: =IFERROR(IF(E26="","",$AM26/VLOOKUP($K26,Productivity,2,FALSE)),"") -> 140.21146 | AQ26: =AM26/VLOOKUP(AL26,LHD!$B$6:$Z$31,19,FALSE) -> 485.11787 | AR26: =IF(G26="","",$AM26/VLOOKUP(L26,Productivity,2,FALSE)) -> 78.81097 | AS26: =IF(H26="","",$AM26/VLOOKUP(N26,Productivity,2,FALSE)) -> 266.42548 | AT26: =IF(I26="","",$AM26/VLOOKUP(M26,Productivity,2,FALSE)*2) | AU26: =SUM(AO26:AT26) -> 970.56577
A27: =LHD!B44 -> Mill Site Topsoil | B27: =SUMIF('T6 - Pits'!$AL$7:$AL$44,'Labour & Equip Hrs'!A27,'T6 - Pits'!$AM$7:$AM$44)+SUMIF('T7 - WSF'!$AL$7:$AL$69,'Labour & Equip Hrs'!A27,'T7 - WSF'!$AM$7:$AM$69)+SUMIF('T8 - Facilities'!$AL$7:$AL$115,'Labour & Equip Hrs'!A27,'T8 - Facilities'!$AM$7:$AM$115)+SUMIF('T9 - Ponds'!$AL$7:$AL$54,'Labour & Equip Hrs'!A27,'T9 - Ponds'!$AM$7:$AM$54)+SUMIF('T10 - Infrastructure'!$AL$7:$AL$45,'Labour & Equip Hrs'!A27,'T10 - Infrastructure'!$AM$7:$AM$45)+SUMIF('T11 - Wastes'!$AL$6:$AL$22,'Labour & Equip Hrs'!A27,'T11 - Wastes'!$AM$6:$AM$22)+SUMIF('T12 - Roads'!$AL$7:$AL$19,'Labour & Equip Hrs'!A27,'T12 - Roads'!$AM$7:$AM$19)+SUMIF('T13 - Water'!$AL$7:$AL$60,'Labour & Equip Hrs'!A27,'T13 - Water'!$AM$7:$AM$60) -> 30135 | E27: 1 | F27: 1 | G27: 1 | H27: 1 | K27: =VLOOKUP(A27,LHD!$B$6:$G$31,6,FALSE) -> Cat 988 Soil/Gravel Loading | L27: =EquipProd!$B$15 -> D9 Loose recontouring | M27: =EquipProd!$B$31 -> Zone S - Crush & Screen | N27: =EquipProd!$B$29 -> Roller compacting | P27: =IFERROR(IF(D27="","",$B27/VLOOKUP($K27,Productivity,2,FALSE)),"") | Q27: =IFERROR(IF(E27="","",$B27/VLOOKUP($K27,Productivity,2,FALSE)),"") -> 68.013021 | R27: =IF(B27=0,0,$B27/VLOOKUP($A27,LHD!$B$6:$T$31,19,FALSE)) -> 104.65174 | S27: =IF(G27="","",$B27/VLOOKUP(L27,Productivity,2,FALSE)) -> 39.405485 | T27: =IF(H27="","",$B27/VLOOKUP(N27,Productivity,2,FALSE)) -> 133.21274 | U27: =IF(I27="","",$B27/VLOOKUP(M27,Productivity,2,FALSE)*2) | V27: =SUM(P27:U27) -> 345.28298 | Z27: =A27 -> Mill Site Topsoil | AA27: =SUMIF('T6 - Pits'!$AU$7:$AU$44,'Labour & Equip Hrs'!Z27,'T6 - Pits'!$AV$7:$AV$44)+SUMIF('T7 - WSF'!$AU$7:$AU$69,'Labour & Equip Hrs'!Z27,'T7 - WSF'!$AV$7:$AV$69)+SUMIF('T8 - Facilities'!$AU$7:$AU$115,'Labour & Equip Hrs'!Z27,'T8 - Facilities'!$AV$7:$AV$115)+SUMIF('T9 - Ponds'!$AU$7:$AU$54,'Labour & Equip Hrs'!Z27,'T9 - Ponds'!$AV$7:$AV$54)+SUMIF('T10 - Infrastructure'!$AU$7:$AU$45,'Labour & Equip Hrs'!Z27,'T10 - Infrastructure'!$AV$7:$AV$45)+SUMIF('T11 - Wastes'!$AU$6:$AU$22,'Labour & Equip Hrs'!Z27,'T11 - Wastes'!$AV$6:$AV$22)+SUMIF('T12 - Roads'!$AU$7:$AU$19,'Labour & Equip Hrs'!Z27,'T12 - Roads'!$AV$7:$AV$19)+SUMIF('T13 - Water'!$AU$7:$AU$60,'Labour & Equip Hrs'!Z27,'T13 - Water'!$AV$7:$AV$60) -> 30135 | AC27: =IFERROR(IF($D27="","",$AA27/VLOOKUP($K27,Productivity,2,FALSE)),"") | AD27: =IFERROR(IF(E27="","",$AA27/VLOOKUP($K27,Productivity,2,FALSE)),"") -> 68.013021 | AE27: =AA27/VLOOKUP(Z27,LHD!$B$6:$Z$31,19,FALSE) -> 104.65174 | AF27: =IF(G27="","",$AA27/VLOOKUP(L27,Productivity,2,FALSE)) -> 39.405485 | AG27: =IF(H27="","",$AA27/VLOOKUP(N27,Productivity,2,FALSE)) -> 133.21274 | AH27: =IF(I27="","",$AA27/VLOOKUP(M27,Productivity,2,FALSE)*2) | AI27: =SUM(AC27:AH27) -> 345.28298 | AL27: =A27 -> Mill Site Topsoil | AM27: =SUMIF('T6 - Pits'!$BD$7:$BD$44,'Labour & Equip Hrs'!AL27,'T6 - Pits'!$BE$7:$BE$44)+SUMIF('T7 - WSF'!$BD$7:$BD$69,'Labour & Equip Hrs'!AL27,'T7 - WSF'!$BE$7:$BE$69)+SUMIF('T8 - Facilities'!$BD$7:$BD$115,'Labour & Equip Hrs'!AL27,'T8 - Facilities'!$BE$7:$BE$115)+SUMIF('T9 - Ponds'!$BD$7:$BD$54,'Labour & Equip Hrs'!AL27,'T9 - Ponds'!$BE$7:$BE$54)+SUMIF('T10 - Infrastructure'!$BD$7:$BD$45,'Labour & Equip Hrs'!AL27,'T10 - Infrastructure'!$BE$7:$BE$45)+SUMIF('T11 - Wastes'!$BD$6:$BD$22,'Labour & Equip Hrs'!AL27,'T11 - Wastes'!$BE$6:$BE$22)+SUMIF('T12 - Roads'!$BD$7:$BD$19,'Labour & Equip Hrs'!AL27,'T12 - Roads'!$BE$7:$BE$19)+SUMIF('T13 - Water'!$BD$7:$BD$60,'Labour & Equip Hrs'!AL27,'T13 - Water'!$BE$7:$BE$60) -> 30135 | AO27: =IFERROR(IF($D27="","",$AM27/VLOOKUP($K27,Productivity,2,FALSE)),"") | AP27: =IFERROR(IF(E27="","",$AM27/VLOOKUP($K27,Productivity,2,FALSE)),"") -> 68.013021 | AQ27: =AM27/VLOOKUP(AL27,LHD!$B$6:$Z$31,19,FALSE) -> 104.65174 | AR27: =IF(G27="","",$AM27/VLOOKUP(L27,Productivity,2,FALSE)) -> 39.405485 | AS27: =IF(H27="","",$AM27/VLOOKUP(N27,Productivity,2,FALSE)) -> 133.21274 | AT27: =IF(I27="","",$AM27/VLOOKUP(M27,Productivity,2,FALSE)*2) | AU27: =SUM(AO27:AT27) -> 345.28298
A28: =LHD!B45 -> Topsoil - General Areas | B28: =SUMIF('T6 - Pits'!$AL$7:$AL$44,'Labour & Equip Hrs'!A28,'T6 - Pits'!$AM$7:$AM$44)+SUMIF('T7 - WSF'!$AL$7:$AL$69,'Labour & Equip Hrs'!A28,'T7 - WSF'!$AM$7:$AM$69)+SUMIF('T8 - Facilities'!$AL$7:$AL$115,'Labour & Equip Hrs'!A28,'T8 - Facilities'!$AM$7:$AM$115)+SUMIF('T9 - Ponds'!$AL$7:$AL$54,'Labour & Equip Hrs'!A28,'T9 - Ponds'!$AM$7:$AM$54)+SUMIF('T10 - Infrastructure'!$AL$7:$AL$45,'Labour & Equip Hrs'!A28,'T10 - Infrastructure'!$AM$7:$AM$45)+SUMIF('T11 - Wastes'!$AL$6:$AL$22,'Labour & Equip Hrs'!A28,'T11 - Wastes'!$AM$6:$AM$22)+SUMIF('T12 - Roads'!$AL$7:$AL$19,'Labour & Equip Hrs'!A28,'T12 - Roads'!$AM$7:$AM$19)+SUMIF('T13 - Water'!$AL$7:$AL$60,'Labour & Equip Hrs'!A28,'T13 - Water'!$AM$7:$AM$60) -> 9105 | E28: 1 | F28: 1 | G28: 1 | H28: 1 | K28: =VLOOKUP(A28,LHD!$B$6:$G$31,6,FALSE) -> Cat 988 Soil/Gravel Loading | L28: =EquipProd!$B$15 -> D9 Loose recontouring | M28: =EquipProd!$B$31 -> Zone S - Crush & Screen | N28: =EquipProd!$B$29 -> Roller compacting | P28: =IFERROR(IF(D28="","",$B28/VLOOKUP($K28,Productivity,2,FALSE)),"") | Q28: =IFERROR(IF(E28="","",$B28/VLOOKUP($K28,Productivity,2,FALSE)),"") -> 20.549479 | R28: =IF(B28=0,0,$B28/VLOOKUP($A28,LHD!$B$6:$T$31,19,FALSE)) -> 31.619515 | S28: =IF(G28="","",$B28/VLOOKUP(L28,Productivity,2,FALSE)) -> 11.905988 | T28: =IF(H28="","",$B28/VLOOKUP(N28,Productivity,2,FALSE)) -> 40.248946 | U28: =IF(I28="","",$B28/VLOOKUP(M28,Productivity,2,FALSE)*2) | V28: =SUM(P28:U28) -> 104.32393 | Z28: =A28 -> Topsoil - General Areas | AA28: =SUMIF('T6 - Pits'!$AU$7:$AU$44,'Labour & Equip Hrs'!Z28,'T6 - Pits'!$AV$7:$AV$44)+SUMIF('T7 - WSF'!$AU$7:$AU$69,'Labour & Equip Hrs'!Z28,'T7 - WSF'!$AV$7:$AV$69)+SUMIF('T8 - Facilities'!$AU$7:$AU$115,'Labour & Equip Hrs'!Z28,'T8 - Facilities'!$AV$7:$AV$115)+SUMIF('T9 - Ponds'!$AU$7:$AU$54,'Labour & Equip Hrs'!Z28,'T9 - Ponds'!$AV$7:$AV$54)+SUMIF('T10 - Infrastructure'!$AU$7:$AU$45,'Labour & Equip Hrs'!Z28,'T10 - Infrastructure'!$AV$7:$AV$45)+SUMIF('T11 - Wastes'!$AU$6:$AU$22,'Labour & Equip Hrs'!Z28,'T11 - Wastes'!$AV$6:$AV$22)+SUMIF('T12 - Roads'!$AU$7:$AU$19,'Labour & Equip Hrs'!Z28,'T12 - Roads'!$AV$7:$AV$19)+SUMIF('T13 - Water'!$AU$7:$AU$60,'Labour & Equip Hrs'!Z28,'T13 - Water'!$AV$7:$AV$60) -> 61470 | AC28: =IFERROR(IF($D28="","",$AA28/VLOOKUP($K28,Productivity,2,FALSE)),"") | AD28: =IFERROR(IF(E28="","",$AA28/VLOOKUP($K28,Productivity,2,FALSE)),"") -> 138.73438 | AE28: =AA28/VLOOKUP(Z28,LHD!$B$6:$Z$31,19,FALSE) -> 213.4708 | AF28: =IF(G28="","",$AA28/VLOOKUP(L28,Productivity,2,FALSE)) -> 80.380129 | AG28: =IF(H28="","",$AA28/VLOOKUP(N28,Productivity,2,FALSE)) -> 271.73011 | AH28: =IF(I28="","",$AA28/VLOOKUP(M28,Productivity,2,FALSE)*2) | AI28: =SUM(AC28:AH28) -> 704.31542 | AL28: =A28 -> Topsoil - General Areas | AM28: =SUMIF('T6 - Pits'!$BD$7:$BD$44,'Labour & Equip Hrs'!AL28,'T6 - Pits'!$BE$7:$BE$44)+SUMIF('T7 - WSF'!$BD$7:$BD$69,'Labour & Equip Hrs'!AL28,'T7 - WSF'!$BE$7:$BE$69)+SUMIF('T8 - Facilities'!$BD$7:$BD$115,'Labour & Equip Hrs'!AL28,'T8 - Facilities'!$BE$7:$BE$115)+SUMIF('T9 - Ponds'!$BD$7:$BD$54,'Labour & Equip Hrs'!AL28,'T9 - Ponds'!$BE$7:$BE$54)+SUMIF('T10 - Infrastructure'!$BD$7:$BD$45,'Labour & Equip Hrs'!AL28,'T10 - Infrastructure'!$BE$7:$BE$45)+SUMIF('T11 - Wastes'!$BD$6:$BD$22,'Labour & Equip Hrs'!AL28,'T11 - Wastes'!$BE$6:$BE$22)+SUMIF('T12 - Roads'!$BD$7:$BD$19,'Labour & Equip Hrs'!AL28,'T12 - Roads'!$BE$7:$BE$19)+SUMIF('T13 - Water'!$BD$7:$BD$60,'Labour & Equip Hrs'!AL28,'T13 - Water'!$BE$7:$BE$60) -> 61470 | AO28: =IFERROR(IF($D28="","",$AM28/VLOOKUP($K28,Productivity,2,FALSE)),"") | AP28: =IFERROR(IF(E28="","",$AM28/VLOOKUP($K28,Productivity,2,FALSE)),"") -> 138.73438 | AQ28: =AM28/VLOOKUP(AL28,LHD!$B$6:$Z$31,19,FALSE) -> 213.4708 | AR28: =IF(G28="","",$AM28/VLOOKUP(L28,Productivity,2,FALSE)) -> 80.380129 | AS28: =IF(H28="","",$AM28/VLOOKUP(N28,Productivity,2,FALSE)) -> 271.73011 | AT28: =IF(I28="","",$AM28/VLOOKUP(M28,Productivity,2,FALSE)*2) | AU28: =SUM(AO28:AT28) -> 704.31542
A29: =LHD!B46 -> Class A Glacial Till | B29: =SUMIF('T6 - Pits'!$AL$7:$AL$44,'Labour & Equip Hrs'!A29,'T6 - Pits'!$AM$7:$AM$44)+SUMIF('T7 - WSF'!$AL$7:$AL$69,'Labour & Equip Hrs'!A29,'T7 - WSF'!$AM$7:$AM$69)+SUMIF('T8 - Facilities'!$AL$7:$AL$115,'Labour & Equip Hrs'!A29,'T8 - Facilities'!$AM$7:$AM$115)+SUMIF('T9 - Ponds'!$AL$7:$AL$54,'Labour & Equip Hrs'!A29,'T9 - Ponds'!$AM$7:$AM$54)+SUMIF('T10 - Infrastructure'!$AL$7:$AL$45,'Labour & Equip Hrs'!A29,'T10 - Infrastructure'!$AM$7:$AM$45)+SUMIF('T11 - Wastes'!$AL$6:$AL$22,'Labour & Equip Hrs'!A29,'T11 - Wastes'!$AM$6:$AM$22)+SUMIF('T12 - Roads'!$AL$7:$AL$19,'Labour & Equip Hrs'!A29,'T12 - Roads'!$AM$7:$AM$19)+SUMIF('T13 - Water'!$AL$7:$AL$60,'Labour & Equip Hrs'!A29,'T13 - Water'!$AM$7:$AM$60) -> 0 | E29: 1 | F29: 1 | G29: 1 | H29: 1 | K29: =VLOOKUP(A29,LHD!$B$6:$G$31,6,FALSE) -> Cat 988 Crushed Loading | L29: =EquipProd!$B$15 -> D9 Loose recontouring | M29: =EquipProd!$B$31 -> Zone S - Crush & Screen | N29: =EquipProd!$B$29 -> Roller compacting | P29: =IFERROR(IF(D29="","",$B29/VLOOKUP($K29,Productivity,2,FALSE)),"") | Q29: =IFERROR(IF(E29="","",$B29/VLOOKUP($K29,Productivity,2,FALSE)),"") -> 0 | R29: =IF(B29=0,0,$B29/VLOOKUP($A29,LHD!$B$6:$T$31,19,FALSE)) -> 0 | S29: =IF(G29="","",$B29/VLOOKUP(L29,Productivity,2,FALSE)) -> 0 | T29: =IF(H29="","",$B29/VLOOKUP(N29,Productivity,2,FALSE)) -> 0 | U29: =IF(I29="","",$B29/VLOOKUP(M29,Productivity,2,FALSE)*2) | V29: =SUM(P29:U29) -> 0 | Z29: =A29 -> Class A Glacial Till | AA29: =SUMIF('T6 - Pits'!$AU$7:$AU$44,'Labour & Equip Hrs'!Z29,'T6 - Pits'!$AV$7:$AV$44)+SUMIF('T7 - WSF'!$AU$7:$AU$69,'Labour & Equip Hrs'!Z29,'T7 - WSF'!$AV$7:$AV$69)+SUMIF('T8 - Facilities'!$AU$7:$AU$115,'Labour & Equip Hrs'!Z29,'T8 - Facilities'!$AV$7:$AV$115)+SUMIF('T9 - Ponds'!$AU$7:$AU$54,'Labour & Equip Hrs'!Z29,'T9 - Ponds'!$AV$7:$AV$54)+SUMIF('T10 - Infrastructure'!$AU$7:$AU$45,'Labour & Equip Hrs'!Z29,'T10 - Infrastructure'!$AV$7:$AV$45)+SUMIF('T11 - Wastes'!$AU$6:$AU$22,'Labour & Equip Hrs'!Z29,'T11 - Wastes'!$AV$6:$AV$22)+SUMIF('T12 - Roads'!$AU$7:$AU$19,'Labour & Equip Hrs'!Z29,'T12 - Roads'!$AV$7:$AV$19)+SUMIF('T13 - Water'!$AU$7:$AU$60,'Labour & Equip Hrs'!Z29,'T13 - Water'!$AV$7:$AV$60) -> 113950 | AC29: =IFERROR(IF($D29="","",$AA29/VLOOKUP($K29,Productivity,2,FALSE)),"") | AD29: =IFERROR(IF(E29="","",$AA29/VLOOKUP($K29,Productivity,2,FALSE)),"") -> 265.09201 | AE29: =AA29/VLOOKUP(Z29,LHD!$B$6:$Z$31,19,FALSE) -> 462.1034 | AF29: =IF(G29="","",$AA29/VLOOKUP(L29,Productivity,2,FALSE)) -> 149.00465 | AG29: =IF(H29="","",$AA29/VLOOKUP(N29,Productivity,2,FALSE)) -> 503.71965 | AH29: =IF(I29="","",$AA29/VLOOKUP(M29,Productivity,2,FALSE)*2) | AI29: =SUM(AC29:AH29) -> 1379.9197 | AL29: =A29 -> Class A Glacial Till | AM29: =SUMIF('T6 - Pits'!$BD$7:$BD$44,'Labour & Equip Hrs'!AL29,'T6 - Pits'!$BE$7:$BE$44)+SUMIF('T7 - WSF'!$BD$7:$BD$69,'Labour & Equip Hrs'!AL29,'T7 - WSF'!$BE$7:$BE$69)+SUMIF('T8 - Facilities'!$BD$7:$BD$115,'Labour & Equip Hrs'!AL29,'T8 - Facilities'!$BE$7:$BE$115)+SUMIF('T9 - Ponds'!$BD$7:$BD$54,'Labour & Equip Hrs'!AL29,'T9 - Ponds'!$BE$7:$BE$54)+SUMIF('T10 - Infrastructure'!$BD$7:$BD$45,'Labour & Equip Hrs'!AL29,'T10 - Infrastructure'!$BE$7:$BE$45)+SUMIF('T11 - Wastes'!$BD$6:$BD$22,'Labour & Equip Hrs'!AL29,'T11 - Wastes'!$BE$6:$BE$22)+SUMIF('T12 - Roads'!$BD$7:$BD$19,'Labour & Equip Hrs'!AL29,'T12 - Roads'!$BE$7:$BE$19)+SUMIF('T13 - Water'!$BD$7:$BD$60,'Labour & Equip Hrs'!AL29,'T13 - Water'!$BE$7:$BE$60) -> 184800 | AO29: =IFERROR(IF($D29="","",$AM29/VLOOKUP($K29,Productivity,2,FALSE)),"") | AP29: =IFERROR(IF(E29="","",$AM29/VLOOKUP($K29,Productivity,2,FALSE)),"") -> 429.91667 | AQ29: =AM29/VLOOKUP(AL29,LHD!$B$6:$Z$31,19,FALSE) -> 749.42262 | AR29: =IF(G29="","",$AM29/VLOOKUP(L29,Productivity,2,FALSE)) -> 241.65036 | AS29: =IF(H29="","",$AM29/VLOOKUP(N29,Productivity,2,FALSE)) -> 816.91435 | AT29: =IF(I29="","",$AM29/VLOOKUP(M29,Productivity,2,FALSE)*2) | AU29: =SUM(AO29:AT29) -> 2237.904
A30: =LHD!B47 -> Class A Liner Protection | B30: =SUMIF('T6 - Pits'!$AL$7:$AL$44,'Labour & Equip Hrs'!A30,'T6 - Pits'!$AM$7:$AM$44)+SUMIF('T7 - WSF'!$AL$7:$AL$69,'Labour & Equip Hrs'!A30,'T7 - WSF'!$AM$7:$AM$69)+SUMIF('T8 - Facilities'!$AL$7:$AL$115,'Labour & Equip Hrs'!A30,'T8 - Facilities'!$AM$7:$AM$115)+SUMIF('T9 - Ponds'!$AL$7:$AL$54,'Labour & Equip Hrs'!A30,'T9 - Ponds'!$AM$7:$AM$54)+SUMIF('T10 - Infrastructure'!$AL$7:$AL$45,'Labour & Equip Hrs'!A30,'T10 - Infrastructure'!$AM$7:$AM$45)+SUMIF('T11 - Wastes'!$AL$6:$AL$22,'Labour & Equip Hrs'!A30,'T11 - Wastes'!$AM$6:$AM$22)+SUMIF('T12 - Roads'!$AL$7:$AL$19,'Labour & Equip Hrs'!A30,'T12 - Roads'!$AM$7:$AM$19)+SUMIF('T13 - Water'!$AL$7:$AL$60,'Labour & Equip Hrs'!A30,'T13 - Water'!$AM$7:$AM$60) -> 0 | E30: 1 | F30: 1 | G30: 1 | H30: 1 | K30: =VLOOKUP(A30,LHD!$B$6:$G$31,6,FALSE) -> Cat 988 Soil/Gravel Loading | L30: =EquipProd!$B$15 -> D9 Loose recontouring | M30: =EquipProd!$B$31 -> Zone S - Crush & Screen | N30: =EquipProd!$B$29 -> Roller compacting | P30: =IFERROR(IF(D30="","",$B30/VLOOKUP($K30,Productivity,2,FALSE)),"") | Q30: =IFERROR(IF(E30="","",$B30/VLOOKUP($K30,Productivity,2,FALSE)),"") -> 0 | R30: =IF(B30=0,0,$B30/VLOOKUP($A30,LHD!$B$6:$T$31,19,FALSE)) -> 0 | S30: =IF(G30="","",$B30/VLOOKUP(L30,Productivity,2,FALSE)) -> 0 | T30: =IF(H30="","",$B30/VLOOKUP(N30,Productivity,2,FALSE)) -> 0 | U30: =IF(I30="","",$B30/VLOOKUP(M30,Productivity,2,FALSE)*2) | V30: =SUM(P30:U30) -> 0 | Z30: =A30 -> Class A Liner Protection | AA30: =SUMIF('T6 - Pits'!$AU$7:$AU$44,'Labour & Equip Hrs'!Z30,'T6 - Pits'!$AV$7:$AV$44)+SUMIF('T7 - WSF'!$AU$7:$AU$69,'Labour & Equip Hrs'!Z30,'T7 - WSF'!$AV$7:$AV$69)+SUMIF('T8 - Facilities'!$AU$7:$AU$115,'Labour & Equip Hrs'!Z30,'T8 - Facilities'!$AV$7:$AV$115)+SUMIF('T9 - Ponds'!$AU$7:$AU$54,'Labour & Equip Hrs'!Z30,'T9 - Ponds'!$AV$7:$AV$54)+SUMIF('T10 - Infrastructure'!$AU$7:$AU$45,'Labour & Equip Hrs'!Z30,'T10 - Infrastructure'!$AV$7:$AV$45)+SUMIF('T11 - Wastes'!$AU$6:$AU$22,'Labour & Equip Hrs'!Z30,'T11 - Wastes'!$AV$6:$AV$22)+SUMIF('T12 - Roads'!$AU$7:$AU$19,'Labour & Equip Hrs'!Z30,'T12 - Roads'!$AV$7:$AV$19)+SUMIF('T13 - Water'!$AU$7:$AU$60,'Labour & Equip Hrs'!Z30,'T13 - Water'!$AV$7:$AV$60) -> 113950 | AC30: =IFERROR(IF($D30="","",$AA30/VLOOKUP($K30,Productivity,2,FALSE)),"") | AD30: =IFERROR(IF(E30="","",$AA30/VLOOKUP($K30,Productivity,2,FALSE)),"") -> 257.17882 | AE30: =AA30/VLOOKUP(Z30,LHD!$B$6:$Z$31,19,FALSE) -> 708.59508 | AF30: =IF(G30="","",$AA30/VLOOKUP(L30,Productivity,2,FALSE)) -> 149.00465 | AG30: =IF(H30="","",$AA30/VLOOKUP(N30,Productivity,2,FALSE)) -> 503.71965 | AH30: =IF(I30="","",$AA30/VLOOKUP(M30,Productivity,2,FALSE)*2) | AI30: =SUM(AC30:AH30) -> 1618.4982 | AL30: =A30 -> Class A Liner Protection | AM30: =SUMIF('T6 - Pits'!$BD$7:$BD$44,'Labour & Equip Hrs'!AL30,'T6 - Pits'!$BE$7:$BE$44)+SUMIF('T7 - WSF'!$BD$7:$BD$69,'Labour & Equip Hrs'!AL30,'T7 - WSF'!$BE$7:$BE$69)+SUMIF('T8 - Facilities'!$BD$7:$BD$115,'Labour & Equip Hrs'!AL30,'T8 - Facilities'!$BE$7:$BE$115)+SUMIF('T9 - Ponds'!$BD$7:$BD$54,'Labour & Equip Hrs'!AL30,'T9 - Ponds'!$BE$7:$BE$54)+SUMIF('T10 - Infrastructure'!$BD$7:$BD$45,'Labour & Equip Hrs'!AL30,'T10 - Infrastructure'!$BE$7:$BE$45)+SUMIF('T11 - Wastes'!$BD$6:$BD$22,'Labour & Equip Hrs'!AL30,'T11 - Wastes'!$BE$6:$BE$22)+SUMIF('T12 - Roads'!$BD$7:$BD$19,'Labour & Equip Hrs'!AL30,'T12 - Roads'!$BE$7:$BE$19)+SUMIF('T13 - Water'!$BD$7:$BD$60,'Labour & Equip Hrs'!AL30,'T13 - Water'!$BE$7:$BE$60) -> 184800 | AO30: =IFERROR(IF($D30="","",$AM30/VLOOKUP($K30,Productivity,2,FALSE)),"") | AP30: =IFERROR(IF(E30="","",$AM30/VLOOKUP($K30,Productivity,2,FALSE)),"") -> 417.08333 | AQ30: =AM30/VLOOKUP(AL30,LHD!$B$6:$Z$31,19,FALSE) -> 1149.1739 | AR30: =IF(G30="","",$AM30/VLOOKUP(L30,Productivity,2,FALSE)) -> 241.65036 | AS30: =IF(H30="","",$AM30/VLOOKUP(N30,Productivity,2,FALSE)) -> 816.91435 | AT30: =IF(I30="","",$AM30/VLOOKUP(M30,Productivity,2,FALSE)*2) | AU30: =SUM(AO30:AT30) -> 2624.822
A31: =LHD!B48 -> Class A Frost Protect - Progressive | B31: =SUMIF('T6 - Pits'!$AL$7:$AL$44,'Labour & Equip Hrs'!A31,'T6 - Pits'!$AM$7:$AM$44)+SUMIF('T7 - WSF'!$AL$7:$AL$69,'Labour & Equip Hrs'!A31,'T7 - WSF'!$AM$7:$AM$69)+SUMIF('T8 - Facilities'!$AL$7:$AL$115,'Labour & Equip Hrs'!A31,'T8 - Facilities'!$AM$7:$AM$115)+SUMIF('T9 - Ponds'!$AL$7:$AL$54,'Labour & Equip Hrs'!A31,'T9 - Ponds'!$AM$7:$AM$54)+SUMIF('T10 - Infrastructure'!$AL$7:$AL$45,'Labour & Equip Hrs'!A31,'T10 - Infrastructure'!$AM$7:$AM$45)+SUMIF('T11 - Wastes'!$AL$6:$AL$22,'Labour & Equip Hrs'!A31,'T11 - Wastes'!$AM$6:$AM$22)+SUMIF('T12 - Roads'!$AL$7:$AL$19,'Labour & Equip Hrs'!A31,'T12 - Roads'!$AM$7:$AM$19)+SUMIF('T13 - Water'!$AL$7:$AL$60,'Labour & Equip Hrs'!A31,'T13 - Water'!$AM$7:$AM$60) -> 0 | E31: 1 | F31: 1 | G31: 1 | H31: 1 | K31: =VLOOKUP(A31,LHD!$B$6:$G$31,6,FALSE) -> 400 ton Excavator | L31: =EquipProd!$B$15 -> D9 Loose recontouring | M31: =EquipProd!$B$31 -> Zone S - Crush & Screen | N31: =EquipProd!$B$29 -> Roller compacting | P31: =IFERROR(IF(D31="","",$B31/VLOOKUP($K31,Productivity,2,FALSE)),"") | Q31: =IFERROR(IF(E31="","",$B31/VLOOKUP($K31,Productivity,2,FALSE)),"") | R31: =IF(B31=0,0,$B31/VLOOKUP($A31,LHD!$B$6:$T$31,19,FALSE)) -> 0 | S31: =IF(G31="","",$B31/VLOOKUP(L31,Productivity,2,FALSE)) -> 0 | T31: =IF(H31="","",$B31/VLOOKUP(N31,Productivity,2,FALSE)) -> 0 | U31: =IF(I31="","",$B31/VLOOKUP(M31,Productivity,2,FALSE)*2) | V31: =SUM(P31:U31) -> 0 | Z31: =A31 -> Class A Frost Protect - Progressive | AA31: =SUMIF('T6 - Pits'!$AU$7:$AU$44,'Labour & Equip Hrs'!Z31,'T6 - Pits'!$AV$7:$AV$44)+SUMIF('T7 - WSF'!$AU$7:$AU$69,'Labour & Equip Hrs'!Z31,'T7 - WSF'!$AV$7:$AV$69)+SUMIF('T8 - Facilities'!$AU$7:$AU$115,'Labour & Equip Hrs'!Z31,'T8 - Facilities'!$AV$7:$AV$115)+SUMIF('T9 - Ponds'!$AU$7:$AU$54,'Labour & Equip Hrs'!Z31,'T9 - Ponds'!$AV$7:$AV$54)+SUMIF('T10 - Infrastructure'!$AU$7:$AU$45,'Labour & Equip Hrs'!Z31,'T10 - Infrastructure'!$AV$7:$AV$45)+SUMIF('T11 - Wastes'!$AU$6:$AU$22,'Labour & Equip Hrs'!Z31,'T11 - Wastes'!$AV$6:$AV$22)+SUMIF('T12 - Roads'!$AU$7:$AU$19,'Labour & Equip Hrs'!Z31,'T12 - Roads'!$AV$7:$AV$19)+SUMIF('T13 - Water'!$AU$7:$AU$60,'Labour & Equip Hrs'!Z31,'T13 - Water'!$AV$7:$AV$60) -> 0 | AC31: =IFERROR(IF($D31="","",$AA31/VLOOKUP($K31,Productivity,2,FALSE)),"") | AD31: =IFERROR(IF(E31="","",$AA31/VLOOKUP($K31,Productivity,2,FALSE)),"") | AE31: =AA31/VLOOKUP(Z31,LHD!$B$6:$Z$31,19,FALSE) -> 0 | AF31: =IF(G31="","",$AA31/VLOOKUP(L31,Productivity,2,FALSE)) -> 0 | AG31: =IF(H31="","",$AA31/VLOOKUP(N31,Productivity,2,FALSE)) -> 0 | AH31: =IF(I31="","",$AA31/VLOOKUP(M31,Productivity,2,FALSE)*2) | AI31: =SUM(AC31:AH31) -> 0 | AL31: =A31 -> Class A Frost Protect - Progressive | AM31: =SUMIF('T6 - Pits'!$BD$7:$BD$44,'Labour & Equip Hrs'!AL31,'T6 - Pits'!$BE$7:$BE$44)+SUMIF('T7 - WSF'!$BD$7:$BD$69,'Labour & Equip Hrs'!AL31,'T7 - WSF'!$BE$7:$BE$69)+SUMIF('T8 - Facilities'!$BD$7:$BD$115,'Labour & Equip Hrs'!AL31,'T8 - Facilities'!$BE$7:$BE$115)+SUMIF('T9 - Ponds'!$BD$7:$BD$54,'Labour & Equip Hrs'!AL31,'T9 - Ponds'!$BE$7:$BE$54)+SUMIF('T10 - Infrastructure'!$BD$7:$BD$45,'Labour & Equip Hrs'!AL31,'T10 - Infrastructure'!$BE$7:$BE$45)+SUMIF('T11 - Wastes'!$BD$6:$BD$22,'Labour & Equip Hrs'!AL31,'T11 - Wastes'!$BE$6:$BE$22)+SUMIF('T12 - Roads'!$BD$7:$BD$19,'Labour & Equip Hrs'!AL31,'T12 - Roads'!$BE$7:$BE$19)+SUMIF('T13 - Water'!$BD$7:$BD$60,'Labour & Equip Hrs'!AL31,'T13 - Water'!$BE$7:$BE$60) -> 0 | AO31: =IFERROR(IF($D31="","",$AM31/VLOOKUP($K31,Productivity,2,FALSE)),"") | AP31: =IFERROR(IF(E31="","",$AM31/VLOOKUP($K31,Productivity,2,FALSE)),"") | AQ31: =AM31/VLOOKUP(AL31,LHD!$B$6:$Z$31,19,FALSE) -> 0 | AR31: =IF(G31="","",$AM31/VLOOKUP(L31,Productivity,2,FALSE)) -> 0 | AS31: =IF(H31="","",$AM31/VLOOKUP(N31,Productivity,2,FALSE)) -> 0 | AT31: =IF(I31="","",$AM31/VLOOKUP(M31,Productivity,2,FALSE)*2) | AU31: =SUM(AO31:AT31) -> 0
A32: =LHD!B49 -> Class A Frost Protection - Closure - YG | B32: =SUMIF('T6 - Pits'!$AL$7:$AL$44,'Labour & Equip Hrs'!A32,'T6 - Pits'!$AM$7:$AM$44)+SUMIF('T7 - WSF'!$AL$7:$AL$69,'Labour & Equip Hrs'!A32,'T7 - WSF'!$AM$7:$AM$69)+SUMIF('T8 - Facilities'!$AL$7:$AL$115,'Labour & Equip Hrs'!A32,'T8 - Facilities'!$AM$7:$AM$115)+SUMIF('T9 - Ponds'!$AL$7:$AL$54,'Labour & Equip Hrs'!A32,'T9 - Ponds'!$AM$7:$AM$54)+SUMIF('T10 - Infrastructure'!$AL$7:$AL$45,'Labour & Equip Hrs'!A32,'T10 - Infrastructure'!$AM$7:$AM$45)+SUMIF('T11 - Wastes'!$AL$6:$AL$22,'Labour & Equip Hrs'!A32,'T11 - Wastes'!$AM$6:$AM$22)+SUMIF('T12 - Roads'!$AL$7:$AL$19,'Labour & Equip Hrs'!A32,'T12 - Roads'!$AM$7:$AM$19)+SUMIF('T13 - Water'!$AL$7:$AL$60,'Labour & Equip Hrs'!A32,'T13 - Water'!$AM$7:$AM$60) -> 0 | E32: 1 | F32: 1 | G32: 1 | H32: 1 | K32: =VLOOKUP(A32,LHD!$B$6:$G$31,6,FALSE) -> Cat 988 Rock Loading | L32: =EquipProd!$B$15 -> D9 Loose recontouring | M32: =EquipProd!$B$31 -> Zone S - Crush & Screen | N32: =EquipProd!$B$29 -> Roller compacting | P32: =IFERROR(IF(D32="","",$B32/VLOOKUP($K32,Productivity,2,FALSE)),"") | Q32: =IFERROR(IF(E32="","",$B32/VLOOKUP($K32,Productivity,2,FALSE)),"") -> 0 | R32: =IF(B32=0,0,$B32/VLOOKUP($A32,LHD!$B$6:$T$31,19,FALSE)) -> 0 | S32: =IF(G32="","",$B32/VLOOKUP(L32,Productivity,2,FALSE)) -> 0 | T32: =IF(H32="","",$B32/VLOOKUP(N32,Productivity,2,FALSE)) -> 0 | U32: =IF(I32="","",$B32/VLOOKUP(M32,Productivity,2,FALSE)*2) | V32: =SUM(P32:U32) -> 0 | Z32: =A32 -> Class A Frost Protection - Closure - YG | AA32: =SUMIF('T6 - Pits'!$AU$7:$AU$44,'Labour & Equip Hrs'!Z32,'T6 - Pits'!$AV$7:$AV$44)+SUMIF('T7 - WSF'!$AU$7:$AU$69,'Labour & Equip Hrs'!Z32,'T7 - WSF'!$AV$7:$AV$69)+SUMIF('T8 - Facilities'!$AU$7:$AU$115,'Labour & Equip Hrs'!Z32,'T8 - Facilities'!$AV$7:$AV$115)+SUMIF('T9 - Ponds'!$AU$7:$AU$54,'Labour & Equip Hrs'!Z32,'T9 - Ponds'!$AV$7:$AV$54)+SUMIF('T10 - Infrastructure'!$AU$7:$AU$45,'Labour & Equip Hrs'!Z32,'T10 - Infrastructure'!$AV$7:$AV$45)+SUMIF('T11 - Wastes'!$AU$6:$AU$22,'Labour & Equip Hrs'!Z32,'T11 - Wastes'!$AV$6:$AV$22)+SUMIF('T12 - Roads'!$AU$7:$AU$19,'Labour & Equip Hrs'!Z32,'T12 - Roads'!$AV$7:$AV$19)+SUMIF('T13 - Water'!$AU$7:$AU$60,'Labour & Equip Hrs'!Z32,'T13 - Water'!$AV$7:$AV$60) -> 683700 | AC32: =IFERROR(IF($D32="","",$AA32/VLOOKUP($K32,Productivity,2,FALSE)),"") | AD32: =IFERROR(IF(E32="","",$AA32/VLOOKUP($K32,Productivity,2,FALSE)),"") -> 1684.114 | AE32: =AA32/VLOOKUP(Z32,LHD!$B$6:$Z$31,19,FALSE) -> 2884.8946 | AF32: =IF(G32="","",$AA32/VLOOKUP(L32,Productivity,2,FALSE)) -> 894.02788 | AG32: =IF(H32="","",$AA32/VLOOKUP(N32,Productivity,2,FALSE)) -> 3022.3179 | AH32: =IF(I32="","",$AA32/VLOOKUP(M32,Productivity,2,FALSE)*2) | AI32: =SUM(AC32:AH32) -> 8485.3544 | AL32: =A32 -> Class A Frost Protection - Closure - YG | AM32: =SUMIF('T6 - Pits'!$BD$7:$BD$44,'Labour & Equip Hrs'!AL32,'T6 - Pits'!$BE$7:$BE$44)+SUMIF('T7 - WSF'!$BD$7:$BD$69,'Labour & Equip Hrs'!AL32,'T7 - WSF'!$BE$7:$BE$69)+SUMIF('T8 - Facilities'!$BD$7:$BD$115,'Labour & Equip Hrs'!AL32,'T8 - Facilities'!$BE$7:$BE$115)+SUMIF('T9 - Ponds'!$BD$7:$BD$54,'Labour & Equip Hrs'!AL32,'T9 - Ponds'!$BE$7:$BE$54)+SUMIF('T10 - Infrastructure'!$BD$7:$BD$45,'Labour & Equip Hrs'!AL32,'T10 - Infrastructure'!$BE$7:$BE$45)+SUMIF('T11 - Wastes'!$BD$6:$BD$22,'Labour & Equip Hrs'!AL32,'T11 - Wastes'!$BE$6:$BE$22)+SUMIF('T12 - Roads'!$BD$7:$BD$19,'Labour & Equip Hrs'!AL32,'T12 - Roads'!$BE$7:$BE$19)+SUMIF('T13 - Water'!$BD$7:$BD$60,'Labour & Equip Hrs'!AL32,'T13 - Water'!$BE$7:$BE$60) -> 1108800 | AO32: =IFERROR(IF($D32="","",$AM32/VLOOKUP($K32,Productivity,2,FALSE)),"") | AP32: =IFERROR(IF(E32="","",$AM32/VLOOKUP($K32,Productivity,2,FALSE)),"") -> 2731.2353 | AQ32: =AM32/VLOOKUP(AL32,LHD!$B$6:$Z$31,19,FALSE) -> 4678.6181 | AR32: =IF(G32="","",$AM32/VLOOKUP(L32,Productivity,2,FALSE)) -> 1449.9022 | AS32: =IF(H32="","",$AM32/VLOOKUP(N32,Productivity,2,FALSE)) -> 4901.4861 | AT32: =IF(I32="","",$AM32/VLOOKUP(M32,Productivity,2,FALSE)*2) | AU32: =SUM(AO32:AT32) -> 13761.242
A33: =LHD!B50 -> Class A Frost Protection - Closure - BMC | B33: =SUMIF('T6 - Pits'!$AL$7:$AL$44,'Labour & Equip Hrs'!A33,'T6 - Pits'!$AM$7:$AM$44)+SUMIF('T7 - WSF'!$AL$7:$AL$69,'Labour & Equip Hrs'!A33,'T7 - WSF'!$AM$7:$AM$69)+SUMIF('T8 - Facilities'!$AL$7:$AL$115,'Labour & Equip Hrs'!A33,'T8 - Facilities'!$AM$7:$AM$115)+SUMIF('T9 - Ponds'!$AL$7:$AL$54,'Labour & Equip Hrs'!A33,'T9 - Ponds'!$AM$7:$AM$54)+SUMIF('T10 - Infrastructure'!$AL$7:$AL$45,'Labour & Equip Hrs'!A33,'T10 - Infrastructure'!$AM$7:$AM$45)+SUMIF('T11 - Wastes'!$AL$6:$AL$22,'Labour & Equip Hrs'!A33,'T11 - Wastes'!$AM$6:$AM$22)+SUMIF('T12 - Roads'!$AL$7:$AL$19,'Labour & Equip Hrs'!A33,'T12 - Roads'!$AM$7:$AM$19)+SUMIF('T13 - Water'!$AL$7:$AL$60,'Labour & Equip Hrs'!A33,'T13 - Water'!$AM$7:$AM$60) -> 0 | E33: 1 | F33: 1 | G33: 1 | H33: 1 | K33: =VLOOKUP(A33,LHD!$B$6:$G$31,6,FALSE) -> Cat 992 Rock Loading | L33: =EquipProd!$B$15 -> D9 Loose recontouring | M33: =EquipProd!$B$31 -> Zone S - Crush & Screen | N33: =EquipProd!$B$29 -> Roller compacting | P33: =IFERROR(IF(D33="","",$B33/VLOOKUP($K33,Productivity,2,FALSE)),"") | Q33: =IFERROR(IF(E33="","",$B33/VLOOKUP($K33,Productivity,2,FALSE)),"") -> 0 | R33: =IF(B33=0,0,$B33/VLOOKUP($A33,LHD!$B$6:$T$31,19,FALSE)) -> 0 | S33: =IF(G33="","",$B33/VLOOKUP(L33,Productivity,2,FALSE)) -> 0 | T33: =IF(H33="","",$B33/VLOOKUP(N33,Productivity,2,FALSE)) -> 0 | U33: =IF(I33="","",$B33/VLOOKUP(M33,Productivity,2,FALSE)*2) | V33: =SUM(P33:U33) -> 0 | Z33: =A33 -> Class A Frost Protection - Closure - BMC | AA33: =SUMIF('T6 - Pits'!$AU$7:$AU$44,'Labour & Equip Hrs'!Z33,'T6 - Pits'!$AV$7:$AV$44)+SUMIF('T7 - WSF'!$AU$7:$AU$69,'Labour & Equip Hrs'!Z33,'T7 - WSF'!$AV$7:$AV$69)+SUMIF('T8 - Facilities'!$AU$7:$AU$115,'Labour & Equip Hrs'!Z33,'T8 - Facilities'!$AV$7:$AV$115)+SUMIF('T9 - Ponds'!$AU$7:$AU$54,'Labour & Equip Hrs'!Z33,'T9 - Ponds'!$AV$7:$AV$54)+SUMIF('T10 - Infrastructure'!$AU$7:$AU$45,'Labour & Equip Hrs'!Z33,'T10 - Infrastructure'!$AV$7:$AV$45)+SUMIF('T11 - Wastes'!$AU$6:$AU$22,'Labour & Equip Hrs'!Z33,'T11 - Wastes'!$AV$6:$AV$22)+SUMIF('T12 - Roads'!$AU$7:$AU$19,'Labour & Equip Hrs'!Z33,'T12 - Roads'!$AV$7:$AV$19)+SUMIF('T13 - Water'!$AU$7:$AU$60,'Labour & Equip Hrs'!Z33,'T13 - Water'!$AV$7:$AV$60) -> 0 | AC33: =IFERROR(IF($D33="","",$AA33/VLOOKUP($K33,Productivity,2,FALSE)),"") | AD33: =IFERROR(IF(E33="","",$AA33/VLOOKUP($K33,Productivity,2,FALSE)),"") -> 0 | AE33: =AA33/VLOOKUP(Z33,LHD!$B$6:$Z$31,19,FALSE) -> 0 | AF33: =IF(G33="","",$AA33/VLOOKUP(L33,Productivity,2,FALSE)) -> 0 | AG33: =IF(H33="","",$AA33/VLOOKUP(N33,Productivity,2,FALSE)) -> 0 | AH33: =IF(I33="","",$AA33/VLOOKUP(M33,Productivity,2,FALSE)*2) | AI33: =SUM(AC33:AH33) -> 0 | AL33: =A33 -> Class A Frost Protection - Closure - BMC | AM33: =SUMIF('T6 - Pits'!$BD$7:$BD$44,'Labour & Equip Hrs'!AL33,'T6 - Pits'!$BE$7:$BE$44)+SUMIF('T7 - WSF'!$BD$7:$BD$69,'Labour & Equip Hrs'!AL33,'T7 - WSF'!$BE$7:$BE$69)+SUMIF('T8 - Facilities'!$BD$7:$BD$115,'Labour & Equip Hrs'!AL33,'T8 - Facilities'!$BE$7:$BE$115)+SUMIF('T9 - Ponds'!$BD$7:$BD$54,'Labour & Equip Hrs'!AL33,'T9 - Ponds'!$BE$7:$BE$54)+SUMIF('T10 - Infrastructure'!$BD$7:$BD$45,'Labour & Equip Hrs'!AL33,'T10 - Infrastructure'!$BE$7:$BE$45)+SUMIF('T11 - Wastes'!$BD$6:$BD$22,'Labour & Equip Hrs'!AL33,'T11 - Wastes'!$BE$6:$BE$22)+SUMIF('T12 - Roads'!$BD$7:$BD$19,'Labour & Equip Hrs'!AL33,'T12 - Roads'!$BE$7:$BE$19)+SUMIF('T13 - Water'!$BD$7:$BD$60,'Labour & Equip Hrs'!AL33,'T13 - Water'!$BE$7:$BE$60) -> 0 | AO33: =IFERROR(IF($D33="","",$AM33/VLOOKUP($K33,Productivity,2,FALSE)),"") | AP33: =IFERROR(IF(E33="","",$AM33/VLOOKUP($K33,Productivity,2,FALSE)),"") -> 0 | AQ33: =AM33/VLOOKUP(AL33,LHD!$B$6:$Z$31,19,FALSE) -> 0 | AR33: =IF(G33="","",$AM33/VLOOKUP(L33,Productivity,2,FALSE)) -> 0 | AS33: =IF(H33="","",$AM33/VLOOKUP(N33,Productivity,2,FALSE)) -> 0 | AT33: =IF(I33="","",$AM33/VLOOKUP(M33,Productivity,2,FALSE)*2) | AU33: =SUM(AO33:AT33) -> 0
A34: =LHD!B51 -> Class A Overburden | B34: =SUMIF('T6 - Pits'!$AL$7:$AL$44,'Labour & Equip Hrs'!A34,'T6 - Pits'!$AM$7:$AM$44)+SUMIF('T7 - WSF'!$AL$7:$AL$69,'Labour & Equip Hrs'!A34,'T7 - WSF'!$AM$7:$AM$69)+SUMIF('T8 - Facilities'!$AL$7:$AL$115,'Labour & Equip Hrs'!A34,'T8 - Facilities'!$AM$7:$AM$115)+SUMIF('T9 - Ponds'!$AL$7:$AL$54,'Labour & Equip Hrs'!A34,'T9 - Ponds'!$AM$7:$AM$54)+SUMIF('T10 - Infrastructure'!$AL$7:$AL$45,'Labour & Equip Hrs'!A34,'T10 - Infrastructure'!$AM$7:$AM$45)+SUMIF('T11 - Wastes'!$AL$6:$AL$22,'Labour & Equip Hrs'!A34,'T11 - Wastes'!$AM$6:$AM$22)+SUMIF('T12 - Roads'!$AL$7:$AL$19,'Labour & Equip Hrs'!A34,'T12 - Roads'!$AM$7:$AM$19)+SUMIF('T13 - Water'!$AL$7:$AL$60,'Labour & Equip Hrs'!A34,'T13 - Water'!$AM$7:$AM$60) -> 0 | E34: 1 | F34: 1 | G34: 1 | H34: 1 | K34: =VLOOKUP(A34,LHD!$B$6:$G$31,6,FALSE) -> Cat 988 Crushed Loading | L34: =EquipProd!$B$15 -> D9 Loose recontouring | M34: =EquipProd!$B$31 -> Zone S - Crush & Screen | N34: =EquipProd!$B$29 -> Roller compacting | P34: =IFERROR(IF(D34="","",$B34/VLOOKUP($K34,Productivity,2,FALSE)),"") | Q34: =IFERROR(IF(E34="","",$B34/VLOOKUP($K34,Productivity,2,FALSE)),"") -> 0 | R34: =IF(B34=0,0,$B34/VLOOKUP($A34,LHD!$B$6:$T$31,19,FALSE)) -> 0 | S34: =IF(G34="","",$B34/VLOOKUP(L34,Productivity,2,FALSE)) -> 0 | T34: =IF(H34="","",$B34/VLOOKUP(N34,Productivity,2,FALSE)) -> 0 | U34: =IF(I34="","",$B34/VLOOKUP(M34,Productivity,2,FALSE)*2) | V34: =SUM(P34:U34) -> 0 | Z34: =A34 -> Class A Overburden | AA34: =SUMIF('T6 - Pits'!$AU$7:$AU$44,'Labour & Equip Hrs'!Z34,'T6 - Pits'!$AV$7:$AV$44)+SUMIF('T7 - WSF'!$AU$7:$AU$69,'Labour & Equip Hrs'!Z34,'T7 - WSF'!$AV$7:$AV$69)+SUMIF('T8 - Facilities'!$AU$7:$AU$115,'Labour & Equip Hrs'!Z34,'T8 - Facilities'!$AV$7:$AV$115)+SUMIF('T9 - Ponds'!$AU$7:$AU$54,'Labour & Equip Hrs'!Z34,'T9 - Ponds'!$AV$7:$AV$54)+SUMIF('T10 - Infrastructure'!$AU$7:$AU$45,'Labour & Equip Hrs'!Z34,'T10 - Infrastructure'!$AV$7:$AV$45)+SUMIF('T11 - Wastes'!$AU$6:$AU$22,'Labour & Equip Hrs'!Z34,'T11 - Wastes'!$AV$6:$AV$22)+SUMIF('T12 - Roads'!$AU$7:$AU$19,'Labour & Equip Hrs'!Z34,'T12 - Roads'!$AV$7:$AV$19)+SUMIF('T13 - Water'!$AU$7:$AU$60,'Labour & Equip Hrs'!Z34,'T13 - Water'!$AV$7:$AV$60) -> 91200 | AC34: =IFERROR(IF($D34="","",$AA34/VLOOKUP($K34,Productivity,2,FALSE)),"") | AD34: =IFERROR(IF(E34="","",$AA34/VLOOKUP($K34,Productivity,2,FALSE)),"") -> 212.16667 | AE34: =AA34/VLOOKUP(Z34,LHD!$B$6:$Z$31,19,FALSE) -> 369.84493 | AF34: =IF(G34="","",$AA34/VLOOKUP(L34,Productivity,2,FALSE)) -> 119.25602 | AG34: =IF(H34="","",$AA34/VLOOKUP(N34,Productivity,2,FALSE)) -> 403.15254 | AH34: =IF(I34="","",$AA34/VLOOKUP(M34,Productivity,2,FALSE)*2) | AI34: =SUM(AC34:AH34) -> 1104.4202 | AL34: =A34 -> Class A Overburden | AM34: =SUMIF('T6 - Pits'!$BD$7:$BD$44,'Labour & Equip Hrs'!AL34,'T6 - Pits'!$BE$7:$BE$44)+SUMIF('T7 - WSF'!$BD$7:$BD$69,'Labour & Equip Hrs'!AL34,'T7 - WSF'!$BE$7:$BE$69)+SUMIF('T8 - Facilities'!$BD$7:$BD$115,'Labour & Equip Hrs'!AL34,'T8 - Facilities'!$BE$7:$BE$115)+SUMIF('T9 - Ponds'!$BD$7:$BD$54,'Labour & Equip Hrs'!AL34,'T9 - Ponds'!$BE$7:$BE$54)+SUMIF('T10 - Infrastructure'!$BD$7:$BD$45,'Labour & Equip Hrs'!AL34,'T10 - Infrastructure'!$BE$7:$BE$45)+SUMIF('T11 - Wastes'!$BD$6:$BD$22,'Labour & Equip Hrs'!AL34,'T11 - Wastes'!$BE$6:$BE$22)+SUMIF('T12 - Roads'!$BD$7:$BD$19,'Labour & Equip Hrs'!AL34,'T12 - Roads'!$BE$7:$BE$19)+SUMIF('T13 - Water'!$BD$7:$BD$60,'Labour & Equip Hrs'!AL34,'T13 - Water'!$BE$7:$BE$60) -> 67785 | AO34: =IFERROR(IF($D34="","",$AM34/VLOOKUP($K34,Productivity,2,FALSE)),"") | AP34: =IFERROR(IF(E34="","",$AM34/VLOOKUP($K34,Productivity,2,FALSE)),"") -> 157.69427 | AQ34: =AM34/VLOOKUP(AL34,LHD!$B$6:$Z$31,19,FALSE) -> 274.88968 | AR34: =IF(G34="","",$AM34/VLOOKUP(L34,Productivity,2,FALSE)) -> 88.637824 | AS34: =IF(H34="","",$AM34/VLOOKUP(N34,Productivity,2,FALSE)) -> 299.64578 | AT34: =IF(I34="","",$AM34/VLOOKUP(M34,Productivity,2,FALSE)*2) | AU34: =SUM(AO34:AT34) -> 820.86755
... A44: =LHD!B61 -> Class C Topsoil | B44: =SUMIF('T6 - Pits'!$AL$7:$AL$44,'Labour & Equip Hrs'!A44,'T6 - Pits'!$AM$7:$AM$44)+SUMIF('T7 - WSF'!$AL$7:$AL$69,'Labour & Equip Hrs'!A44,'T7 - WSF'!$AM$7:$AM$69)+SUMIF('T8 - Facilities'!$AL$7:$AL$115,'Labour & Equip Hrs'!A44,'T8 - Facilities'!$AM$7:$AM$115)+SUMIF('T9 - Ponds'!$AL$7:$AL$54,'Labour & Equip Hrs'!A44,'T9 - Ponds'!$AM$7:$AM$54)+SUMIF('T10 - Infrastructure'!$AL$7:$AL$45,'Labour & Equip Hrs'!A44,'T10 - Infrastructure'!$AM$7:$AM$45)+SUMIF('T11 - Wastes'!$AL$6:$AL$22,'Labour & Equip Hrs'!A44,'T11 - Wastes'!$AM$6:$AM$22)+SUMIF('T12 - Roads'!$AL$7:$AL$19,'Labour & Equip Hrs'!A44,'T12 - Roads'!$AM$7:$AM$19)+SUMIF('T13 - Water'!$AL$7:$AL$60,'Labour & Equip Hrs'!A44,'T13 - Water'!$AM$7:$AM$60) -> 0 | E44: 1 | F44: 1 | G44: 1 | H44: 1 | K44: =VLOOKUP(A44,LHD!$B$6:$G$31,6,FALSE) -> Cat 988 Soil/Gravel Loading | L44: =EquipProd!$B$15 -> D9 Loose recontouring | M44: =EquipProd!$B$31 -> Zone S - Crush & Screen | N44: =EquipProd!$B$29 -> Roller compacting | P44: =IFERROR(IF(D44="","",$B44/VLOOKUP($K44,Productivity,2,FALSE)),"") | Q44: =IFERROR(IF(E44="","",$B44/VLOOKUP($K44,Productivity,2,FALSE)),"") -> 0 | R44: =IF(B44=0,0,$B44/VLOOKUP($A44,LHD!$B$6:$T$31,19,FALSE)) -> 0 | S44: =IF(G44="","",$B44/VLOOKUP(L44,Productivity,2,FALSE)) -> 0 | T44: =IF(H44="","",$B44/VLOOKUP(N44,Productivity,2,FALSE)) -> 0 | U44: =IF(I44="","",$B44/VLOOKUP(M44,Productivity,2,FALSE)*2) | V44: =SUM(P44:U44) -> 0 | Z44: =A44 -> Class C Topsoil | AA44: =SUMIF('T6 - Pits'!$AU$7:$AU$44,'Labour & Equip Hrs'!Z44,'T6 - Pits'!$AV$7:$AV$44)+SUMIF('T7 - WSF'!$AU$7:$AU$69,'Labour & Equip Hrs'!Z44,'T7 - WSF'!$AV$7:$AV$69)+SUMIF('T8 - Facilities'!$AU$7:$AU$115,'Labour & Equip Hrs'!Z44,'T8 - Facilities'!$AV$7:$AV$115)+SUMIF('T9 - Ponds'!$AU$7:$AU$54,'Labour & Equip Hrs'!Z44,'T9 - Ponds'!$AV$7:$AV$54)+SUMIF('T10 - Infrastructure'!$AU$7:$AU$45,'Labour & Equip Hrs'!Z44,'T10 - Infrastructure'!$AV$7:$AV$45)+SUMIF('T11 - Wastes'!$AU$6:$AU$22,'Labour & Equip Hrs'!Z44,'T11 - Wastes'!$AV$6:$AV$22)+SUMIF('T12 - Roads'!$AU$7:$AU$19,'Labour & Equip Hrs'!Z44,'T12 - Roads'!$AV$7:$AV$19)+SUMIF('T13 - Water'!$AU$7:$AU$60,'Labour & Equip Hrs'!Z44,'T13 - Water'!$AV$7:$AV$60) -> 57870 | AC44: =IFERROR(IF($D44="","",$AA44/VLOOKUP($K44,Productivity,2,FALSE)),"") | AD44: =IFERROR(IF(E44="","",$AA44/VLOOKUP($K44,Productivity,2,FALSE)),"") -> 130.60938 | AE44: =AA44/VLOOKUP(Z44,LHD!$B$6:$Z$31,19,FALSE) -> 280.41596 | AF44: =IF(G44="","",$AA44/VLOOKUP(L44,Productivity,2,FALSE)) -> 75.672654 | AG44: =IF(H44="","",$AA44/VLOOKUP(N44,Productivity,2,FALSE)) -> 255.8162 | AH44: =IF(I44="","",$AA44/VLOOKUP(M44,Productivity,2,FALSE)*2) | AI44: =SUM(AC44:AH44) -> 742.51419 | AL44: =A44 -> Class C Topsoil | AM44: =SUMIF('T6 - Pits'!$BD$7:$BD$44,'Labour & Equip Hrs'!AL44,'T6 - Pits'!$BE$7:$BE$44)+SUMIF('T7 - WSF'!$BD$7:$BD$69,'Labour & Equip Hrs'!AL44,'T7 - WSF'!$BE$7:$BE$69)+SUMIF('T8 - Facilities'!$BD$7:$BD$115,'Labour & Equip Hrs'!AL44,'T8 - Facilities'!$BE$7:$BE$115)+SUMIF('T9 - Ponds'!$BD$7:$BD$54,'Labour & Equip Hrs'!AL44,'T9 - Ponds'!$BE$7:$BE$54)+SUMIF('T10 - Infrastructure'!$BD$7:$BD$45,'Labour & Equip Hrs'!AL44,'T10 - Infrastructure'!$BE$7:$BE$45)+SUMIF('T11 - Wastes'!$BD$6:$BD$22,'Labour & Equip Hrs'!AL44,'T11 - Wastes'!$BE$6:$BE$22)+SUMIF('T12 - Roads'!$BD$7:$BD$19,'Labour & Equip Hrs'!AL44,'T12 - Roads'!$BE$7:$BE$19)+SUMIF('T13 - Water'!$BD$7:$BD$60,'Labour & Equip Hrs'!AL44,'T13 - Water'!$BE$7:$BE$60) -> 200040 | AO44: =IFERROR(IF($D44="","",$AM44/VLOOKUP($K44,Productivity,2,FALSE)),"") | AP44: =IFERROR(IF(E44="","",$AM44/VLOOKUP($K44,Productivity,2,FALSE)),"") -> 451.47917 | AQ44: =AM44/VLOOKUP(AL44,LHD!$B$6:$Z$31,19,FALSE) -> 969.31759 | AR44: =IF(G44="","",$AM44/VLOOKUP(L44,Productivity,2,FALSE)) -> 261.57867 | AS44: =IF(H44="","",$AM44/VLOOKUP(N44,Productivity,2,FALSE)) -> 884.28326 | AT44: =IF(I44="","",$AM44/VLOOKUP(M44,Productivity,2,FALSE)*2) | AU44: =SUM(AO44:AT44) -> 2566.6587
R45: =IF(B45=0,0,$B45/VLOOKUP($A45,LHD!$B$6:$T$31,19,FALSE)) -> 0
A46: Total | B46: =SUM(B22:B45) -> 99560 | P46: =SUM(P22:P45) -> 0 | Q46: =SUM(Q22:Q45) -> 228.91764 | R46: =SUM(R22:R45) -> 621.91801 | S46: =SUM(S22:S45) -> 130.18782 | T46: =SUM(T22:T45) -> 440.10819 | U46: =SUM(U22:U45) -> 0 | V46: =SUM(P46:U46) -> 1421.1317 | Z46: Total | AA46: =SUM(AA22:AA45) -> 2536249.8 | AC46: =SUM(AC22:AC45) -> 0 | AD46: =SUM(AD22:AD45) -> 6056.0634 | AE46: =SUM(AE22:AE45) -> 11642.291 | AF46: =SUM(AF22:AF45) -> 3316.4809 | AG46: =SUM(AG22:AG45) -> 11211.574 | AH46: =SUM(AH22:AH45) -> 0 | AI46: =SUM(AC46:AH46) -> 32226.409 | AL46: Total | AM46: =SUM(AM22:AM45) -> 3722109.8 | AO46: =SUM(AO22:AO45) -> 0 | AP46: =SUM(AP22:AP45) -> 8895.0526 | AQ46: =SUM(AQ22:AQ45) -> 17398.544 | AR46: =SUM(AR22:AR45) -> 4867.1492 | AS46: =SUM(AS22:AS45) -> 16453.706 | AT46: =SUM(AT22:AT45) -> 0 | AU46: =SUM(AO46:AT46) -> 47614.452
A49: OTHER LABOUR HOURS | C49: Year 2 | D49: Year 5 | E49: EOM
A50: Labour Classification | C50: Hrs | D50: Hrs | E50: Hrs
A51: ='T2 - Unit Rates'!A57 -> Blaster | C51: =SUMIF('T6 - Pits'!$AF$7:$AF$44,'Labour & Equip Hrs'!A51,'T6 - Pits'!$AG$7:$AG$44)+SUMIF('T7 - WSF'!$AF$7:$AF$69,'Labour & Equip Hrs'!A51,'T7 - WSF'!$AG$7:$AG$69)+SUMIF('T8 - Facilities'!$AF$7:$AF$115,'Labour & Equip Hrs'!A51,'T8 - Facilities'!$AG$7:$AG$115)+SUMIF('T9 - Ponds'!$AF$7:$AF$54,'Labour & Equip Hrs'!A51,'T9 - Ponds'!$AG$7:$AG$54)+SUMIF('T10 - Infrastructure'!$AF$7:$AF$45,'Labour & Equip Hrs'!A51,'T10 - Infrastructure'!$AG$7:$AG$45)+SUMIF('T11 - Wastes'!$AF$6:$AF$22,'Labour & Equip Hrs'!A51,'T11 - Wastes'!$AG$6:$AG$22)+SUMIF('T12 - Roads'!$AF$7:$AF$19,'Labour & Equip Hrs'!A51,'T12 - Roads'!$AG$7:$AG$19)+SUMIF('T13 - Water'!$AF$7:$AF$60,'Labour & Equip Hrs'!A51,'T13 - Water'!$AG$7:$AG$60) -> 0 | D51: =SUMIF('T6 - Pits'!$AO$7:$AO$44,A51,'T6 - Pits'!$AP$7:$AP$44)+SUMIF('T7 - WSF'!$AO$7:$AO$69,A51,'T7 - WSF'!$AP$7:$AP$69)+SUMIF('T8 - Facilities'!$AO$7:$AO$115,A51,'T8 - Facilities'!$AP$7:$AP$115)+SUMIF('T9 - Ponds'!$AO$7:$AO$54,A51,'T9 - Ponds'!$AP$7:$AP$54)+SUMIF('T10 - Infrastructure'!$AO$7:$AO$45,A51,'T10 - Infrastructure'!$AP$7:$AP$45)+SUMIF('T11 - Wastes'!$AO$6:$AO$22,A51,'T11 - Wastes'!$AP$6:$AP$22)+SUMIF('T12 - Roads'!$AO$7:$AO$19,A51,'T12 - Roads'!$AP$7:$AP$19)+SUMIF('T13 - Water'!$AO$7:$AO$60,A51,'T13 - Water'!$AP$7:$AP$60) -> 60 | E51: =SUMIF('T6 - Pits'!$AX$7:$AX$44,'Labour & Equip Hrs'!A51,'T6 - Pits'!$AY$7:$AY$44)+SUMIF('T7 - WSF'!$AX$7:$AX$69,'Labour & Equip Hrs'!A51,'T7 - WSF'!$AY$7:$AY$69)+SUMIF('T8 - Facilities'!$AX$7:$AX$115,'Labour & Equip Hrs'!A51,'T8 - Facilities'!$AY$7:$AY$115)+SUMIF('T9 - Ponds'!$AX$7:$AX$54,'Labour & Equip Hrs'!A51,'T9 - Ponds'!$AY$7:$AY$54)+SUMIF('T10 - Infrastructure'!$AX$7:$AX$45,'Labour & Equip Hrs'!A51,'T10 - Infrastructure'!$AY$7:$AY$45)+SUMIF('T11 - Wastes'!$AX$6:$AX$22,'Labour & Equip Hrs'!A51,'T11 - Wastes'!$AY$6:$AY$22)+SUMIF('T12 - Roads'!$AX$7:$AX$19,'Labour & Equip Hrs'!A51,'T12 - Roads'!$AY$7:$AY$19)+SUMIF('T13 - Water'!$AX$7:$AX$60,'Labour & Equip Hrs'!A51,'T13 - Water'!$AY$7:$AY$60) -> 60
A52: ='T2 - Unit Rates'!A58 -> General Labourer | C52: =SUMIF('T6 - Pits'!$AF$7:$AF$44,'Labour & Equip Hrs'!A52,'T6 - Pits'!$AG$7:$AG$44)+SUMIF('T7 - WSF'!$AF$7:$AF$69,'Labour & Equip Hrs'!A52,'T7 - WSF'!$AG$7:$AG$69)+SUMIF('T8 - Facilities'!$AF$7:$AF$115,'Labour & Equip Hrs'!A52,'T8 - Facilities'!$AG$7:$AG$115)+SUMIF('T9 - Ponds'!$AF$7:$AF$54,'Labour & Equip Hrs'!A52,'T9 - Ponds'!$AG$7:$AG$54)+SUMIF('T10 - Infrastructure'!$AF$7:$AF$45,'Labour & Equip Hrs'!A52,'T10 - Infrastructure'!$AG$7:$AG$45)+SUMIF('T11 - Wastes'!$AF$6:$AF$22,'Labour & Equip Hrs'!A52,'T11 - Wastes'!$AG$6:$AG$22)+SUMIF('T12 - Roads'!$AF$7:$AF$19,'Labour & Equip Hrs'!A52,'T12 - Roads'!$AG$7:$AG$19)+SUMIF('T13 - Water'!$AF$7:$AF$60,'Labour & Equip Hrs'!A52,'T13 - Water'!$AG$7:$AG$60) -> 3278 | D52: =SUMIF('T6 - Pits'!$AO$7:$AO$44,A52,'T6 - Pits'!$AP$7:$AP$44)+SUMIF('T7 - WSF'!$AO$7:$AO$69,A52,'T7 - WSF'!$AP$7:$AP$69)+SUMIF('T8 - Facilities'!$AO$7:$AO$115,A52,'T8 - Facilities'!$AP$7:$AP$115)+SUMIF('T9 - Ponds'!$AO$7:$AO$54,A52,'T9 - Ponds'!$AP$7:$AP$54)+SUMIF('T10 - Infrastructure'!$AO$7:$AO$45,A52,'T10 - Infrastructure'!$AP$7:$AP$45)+SUMIF('T11 - Wastes'!$AO$6:$AO$22,A52,'T11 - Wastes'!$AP$6:$AP$22)+SUMIF('T12 - Roads'!$AO$7:$AO$19,A52,'T12 - Roads'!$AP$7:$AP$19)+SUMIF('T13 - Water'!$AO$7:$AO$60,A52,'T13 - Water'!$AP$7:$AP$60) -> 7909.55 | E52: =SUMIF('T6 - Pits'!$AX$7:$AX$44,'Labour & Equip Hrs'!A52,'T6 - Pits'!$AY$7:$AY$44)+SUMIF('T7 - WSF'!$AX$7:$AX$69,'Labour & Equip Hrs'!A52,'T7 - WSF'!$AY$7:$AY$69)+SUMIF('T8 - Facilities'!$AX$7:$AX$115,'Labour & Equip Hrs'!A52,'T8 - Facilities'!$AY$7:$AY$115)+SUMIF('T9 - Ponds'!$AX$7:$AX$54,'Labour & Equip Hrs'!A52,'T9 - Ponds'!$AY$7:$AY$54)+SUMIF('T10 - Infrastructure'!$AX$7:$AX$45,'Labour & Equip Hrs'!A52,'T10 - Infrastructure'!$AY$7:$AY$45)+SUMIF('T11 - Wastes'!$AX$6:$AX$22,'Labour & Equip Hrs'!A52,'T11 - Wastes'!$AY$6:$AY$22)+SUMIF('T12 - Roads'!$AX$7:$AX$19,'Labour & Equip Hrs'!A52,'T12 - Roads'!$AY$7:$AY$19)+SUMIF('T13 - Water'!$AX$7:$AX$60,'Labour & Equip Hrs'!A52,'T13 - Water'!$AY$7:$AY$60) -> 7909.55
A53: ='T2 - Unit Rates'!A59 -> Trades Labourer | C53: =SUMIF('T6 - Pits'!$AF$7:$AF$44,'Labour & Equip Hrs'!A53,'T6 - Pits'!$AG$7:$AG$44)+SUMIF('T7 - WSF'!$AF$7:$AF$69,'Labour & Equip Hrs'!A53,'T7 - WSF'!$AG$7:$AG$69)+SUMIF('T8 - Facilities'!$AF$7:$AF$115,'Labour & Equip Hrs'!A53,'T8 - Facilities'!$AG$7:$AG$115)+SUMIF('T9 - Ponds'!$AF$7:$AF$54,'Labour & Equip Hrs'!A53,'T9 - Ponds'!$AG$7:$AG$54)+SUMIF('T10 - Infrastructure'!$AF$7:$AF$45,'Labour & Equip Hrs'!A53,'T10 - Infrastructure'!$AG$7:$AG$45)+SUMIF('T11 - Wastes'!$AF$6:$AF$22,'Labour & Equip Hrs'!A53,'T11 - Wastes'!$AG$6:$AG$22)+SUMIF('T12 - Roads'!$AF$7:$AF$19,'Labour & Equip Hrs'!A53,'T12 - Roads'!$AG$7:$AG$19)+SUMIF('T13 - Water'!$AF$7:$AF$60,'Labour & Equip Hrs'!A53,'T13 - Water'!$AG$7:$AG$60) -> 194 | D53: =SUMIF('T6 - Pits'!$AO$7:$AO$44,A53,'T6 - Pits'!$AP$7:$AP$44)+SUMIF('T7 - WSF'!$AO$7:$AO$69,A53,'T7 - WSF'!$AP$7:$AP$69)+SUMIF('T8 - Facilities'!$AO$7:$AO$115,A53,'T8 - Facilities'!$AP$7:$AP$115)+SUMIF('T9 - Ponds'!$AO$7:$AO$54,A53,'T9 - Ponds'!$AP$7:$AP$54)+SUMIF('T10 - Infrastructure'!$AO$7:$AO$45,A53,'T10 - Infrastructure'!$AP$7:$AP$45)+SUMIF('T11 - Wastes'!$AO$6:$AO$22,A53,'T11 - Wastes'!$AP$6:$AP$22)+SUMIF('T12 - Roads'!$AO$7:$AO$19,A53,'T12 - Roads'!$AP$7:$AP$19)+SUMIF('T13 - Water'!$AO$7:$AO$60,A53,'T13 - Water'!$AP$7:$AP$60) -> 3215 | E53: =SUMIF('T6 - Pits'!$AX$7:$AX$44,'Labour & Equip Hrs'!A53,'T6 - Pits'!$AY$7:$AY$44)+SUMIF('T7 - WSF'!$AX$7:$AX$69,'Labour & Equip Hrs'!A53,'T7 - WSF'!$AY$7:$AY$69)+SUMIF('T8 - Facilities'!$AX$7:$AX$115,'Labour & Equip Hrs'!A53,'T8 - Facilities'!$AY$7:$AY$115)+SUMIF('T9 - Ponds'!$AX$7:$AX$54,'Labour & Equip Hrs'!A53,'T9 - Ponds'!$AY$7:$AY$54)+SUMIF('T10 - Infrastructure'!$AX$7:$AX$45,'Labour & Equip Hrs'!A53,'T10 - Infrastructure'!$AY$7:$AY$45)+SUMIF('T11 - Wastes'!$AX$6:$AX$22,'Labour & Equip Hrs'!A53,'T11 - Wastes'!$AY$6:$AY$22)+SUMIF('T12 - Roads'!$AX$7:$AX$19,'Labour & Equip Hrs'!A53,'T12 - Roads'!$AY$7:$AY$19)+SUMIF('T13 - Water'!$AX$7:$AX$60,'Labour & Equip Hrs'!A53,'T13 - Water'!$AY$7:$AY$60) -> 3215
A54: ='T2 - Unit Rates'!A60 -> Camp Labourer | C54: =SUMIF('T6 - Pits'!$AF$7:$AF$44,'Labour & Equip Hrs'!A54,'T6 - Pits'!$AG$7:$AG$44)+SUMIF('T7 - WSF'!$AF$7:$AF$69,'Labour & Equip Hrs'!A54,'T7 - WSF'!$AG$7:$AG$69)+SUMIF('T8 - Facilities'!$AF$7:$AF$115,'Labour & Equip Hrs'!A54,'T8 - Facilities'!$AG$7:$AG$115)+SUMIF('T9 - Ponds'!$AF$7:$AF$54,'Labour & Equip Hrs'!A54,'T9 - Ponds'!$AG$7:$AG$54)+SUMIF('T10 - Infrastructure'!$AF$7:$AF$45,'Labour & Equip Hrs'!A54,'T10 - Infrastructure'!$AG$7:$AG$45)+SUMIF('T11 - Wastes'!$AF$6:$AF$22,'Labour & Equip Hrs'!A54,'T11 - Wastes'!$AG$6:$AG$22)+SUMIF('T12 - Roads'!$AF$7:$AF$19,'Labour & Equip Hrs'!A54,'T12 - Roads'!$AG$7:$AG$19)+SUMIF('T13 - Water'!$AF$7:$AF$60,'Labour & Equip Hrs'!A54,'T13 - Water'!$AG$7:$AG$60) -> 0 | D54: =SUMIF('T6 - Pits'!$AO$7:$AO$44,A54,'T6 - Pits'!$AP$7:$AP$44)+SUMIF('T7 - WSF'!$AO$7:$AO$69,A54,'T7 - WSF'!$AP$7:$AP$69)+SUMIF('T8 - Facilities'!$AO$7:$AO$115,A54,'T8 - Facilities'!$AP$7:$AP$115)+SUMIF('T9 - Ponds'!$AO$7:$AO$54,A54,'T9 - Ponds'!$AP$7:$AP$54)+SUMIF('T10 - Infrastructure'!$AO$7:$AO$45,A54,'T10 - Infrastructure'!$AP$7:$AP$45)+SUMIF('T11 - Wastes'!$AO$6:$AO$22,A54,'T11 - Wastes'!$AP$6:$AP$22)+SUMIF('T12 - Roads'!$AO$7:$AO$19,A54,'T12 - Roads'!$AP$7:$AP$19)+SUMIF('T13 - Water'!$AO$7:$AO$60,A54,'T13 - Water'!$AP$7:$AP$60) -> 0 | E54: =SUMIF('T6 - Pits'!$AX$7:$AX$44,'Labour & Equip Hrs'!A54,'T6 - Pits'!$AY$7:$AY$44)+SUMIF('T7 - WSF'!$AX$7:$AX$69,'Labour & Equip Hrs'!A54,'T7 - WSF'!$AY$7:$AY$69)+SUMIF('T8 - Facilities'!$AX$7:$AX$115,'Labour & Equip Hrs'!A54,'T8 - Facilities'!$AY$7:$AY$115)+SUMIF('T9 - Ponds'!$AX$7:$AX$54,'Labour & Equip Hrs'!A54,'T9 - Ponds'!$AY$7:$AY$54)+SUMIF('T10 - Infrastructure'!$AX$7:$AX$45,'Labour & Equip Hrs'!A54,'T10 - Infrastructure'!$AY$7:$AY$45)+SUMIF('T11 - Wastes'!$AX$6:$AX$22,'Labour & Equip Hrs'!A54,'T11 - Wastes'!$AY$6:$AY$22)+SUMIF('T12 - Roads'!$AX$7:$AX$19,'Labour & Equip Hrs'!A54,'T12 - Roads'!$AY$7:$AY$19)+SUMIF('T13 - Water'!$AX$7:$AX$60,'Labour & Equip Hrs'!A54,'T13 - Water'!$AY$7:$AY$60) -> 0
A55: ='T2 - Unit Rates'!A61 -> Site Caretaker | C55: =SUMIF('T6 - Pits'!$AF$7:$AF$44,'Labour & Equip Hrs'!A55,'T6 - Pits'!$AG$7:$AG$44)+SUMIF('T7 - WSF'!$AF$7:$AF$69,'Labour & Equip Hrs'!A55,'T7 - WSF'!$AG$7:$AG$69)+SUMIF('T8 - Facilities'!$AF$7:$AF$115,'Labour & Equip Hrs'!A55,'T8 - Facilities'!$AG$7:$AG$115)+SUMIF('T9 - Ponds'!$AF$7:$AF$54,'Labour & Equip Hrs'!A55,'T9 - Ponds'!$AG$7:$AG$54)+SUMIF('T10 - Infrastructure'!$AF$7:$AF$45,'Labour & Equip Hrs'!A55,'T10 - Infrastructure'!$AG$7:$AG$45)+SUMIF('T11 - Wastes'!$AF$6:$AF$22,'Labour & Equip Hrs'!A55,'T11 - Wastes'!$AG$6:$AG$22)+SUMIF('T12 - Roads'!$AF$7:$AF$19,'Labour & Equip Hrs'!A55,'T12 - Roads'!$AG$7:$AG$19)+SUMIF('T13 - Water'!$AF$7:$AF$60,'Labour & Equip Hrs'!A55,'T13 - Water'!$AG$7:$AG$60) -> 0 | D55: =SUMIF('T6 - Pits'!$AO$7:$AO$44,A55,'T6 - Pits'!$AP$7:$AP$44)+SUMIF('T7 - WSF'!$AO$7:$AO$69,A55,'T7 - WSF'!$AP$7:$AP$69)+SUMIF('T8 - Facilities'!$AO$7:$AO$115,A55,'T8 - Facilities'!$AP$7:$AP$115)+SUMIF('T9 - Ponds'!$AO$7:$AO$54,A55,'T9 - Ponds'!$AP$7:$AP$54)+SUMIF('T10 - Infrastructure'!$AO$7:$AO$45,A55,'T10 - Infrastructure'!$AP$7:$AP$45)+SUMIF('T11 - Wastes'!$AO$6:$AO$22,A55,'T11 - Wastes'!$AP$6:$AP$22)+SUMIF('T12 - Roads'!$AO$7:$AO$19,A55,'T12 - Roads'!$AP$7:$AP$19)+SUMIF('T13 - Water'!$AO$7:$AO$60,A55,'T13 - Water'!$AP$7:$AP$60) -> 0 | E55: =SUMIF('T6 - Pits'!$AX$7:$AX$44,'Labour & Equip Hrs'!A55,'T6 - Pits'!$AY$7:$AY$44)+SUMIF('T7 - WSF'!$AX$7:$AX$69,'Labour & Equip Hrs'!A55,'T7 - WSF'!$AY$7:$AY$69)+SUMIF('T8 - Facilities'!$AX$7:$AX$115,'Labour & Equip Hrs'!A55,'T8 - Facilities'!$AY$7:$AY$115)+SUMIF('T9 - Ponds'!$AX$7:$AX$54,'Labour & Equip Hrs'!A55,'T9 - Ponds'!$AY$7:$AY$54)+SUMIF('T10 - Infrastructure'!$AX$7:$AX$45,'Labour & Equip Hrs'!A55,'T10 - Infrastructure'!$AY$7:$AY$45)+SUMIF('T11 - Wastes'!$AX$6:$AX$22,'Labour & Equip Hrs'!A55,'T11 - Wastes'!$AY$6:$AY$22)+SUMIF('T12 - Roads'!$AX$7:$AX$19,'Labour & Equip Hrs'!A55,'T12 - Roads'!$AY$7:$AY$19)+SUMIF('T13 - Water'!$AX$7:$AX$60,'Labour & Equip Hrs'!A55,'T13 - Water'!$AY$7:$AY$60) -> 0
A56: ='T2 - Unit Rates'!A62 -> Mechanic | C56: =SUMIF('T6 - Pits'!$AF$7:$AF$44,'Labour & Equip Hrs'!A56,'T6 - Pits'!$AG$7:$AG$44)+SUMIF('T7 - WSF'!$AF$7:$AF$69,'Labour & Equip Hrs'!A56,'T7 - WSF'!$AG$7:$AG$69)+SUMIF('T8 - Facilities'!$AF$7:$AF$115,'Labour & Equip Hrs'!A56,'T8 - Facilities'!$AG$7:$AG$115)+SUMIF('T9 - Ponds'!$AF$7:$AF$54,'Labour & Equip Hrs'!A56,'T9 - Ponds'!$AG$7:$AG$54)+SUMIF('T10 - Infrastructure'!$AF$7:$AF$45,'Labour & Equip Hrs'!A56,'T10 - Infrastructure'!$AG$7:$AG$45)+SUMIF('T11 - Wastes'!$AF$6:$AF$22,'Labour & Equip Hrs'!A56,'T11 - Wastes'!$AG$6:$AG$22)+SUMIF('T12 - Roads'!$AF$7:$AF$19,'Labour & Equip Hrs'!A56,'T12 - Roads'!$AG$7:$AG$19)+SUMIF('T13 - Water'!$AF$7:$AF$60,'Labour & Equip Hrs'!A56,'T13 - Water'!$AG$7:$AG$60) -> 0 | D56: =SUMIF('T6 - Pits'!$AO$7:$AO$44,A56,'T6 - Pits'!$AP$7:$AP$44)+SUMIF('T7 - WSF'!$AO$7:$AO$69,A56,'T7 - WSF'!$AP$7:$AP$69)+SUMIF('T8 - Facilities'!$AO$7:$AO$115,A56,'T8 - Facilities'!$AP$7:$AP$115)+SUMIF('T9 - Ponds'!$AO$7:$AO$54,A56,'T9 - Ponds'!$AP$7:$AP$54)+SUMIF('T10 - Infrastructure'!$AO$7:$AO$45,A56,'T10 - Infrastructure'!$AP$7:$AP$45)+SUMIF('T11 - Wastes'!$AO$6:$AO$22,A56,'T11 - Wastes'!$AP$6:$AP$22)+SUMIF('T12 - Roads'!$AO$7:$AO$19,A56,'T12 - Roads'!$AP$7:$AP$19)+SUMIF('T13 - Water'!$AO$7:$AO$60,A56,'T13 - Water'!$AP$7:$AP$60) -> 0 | E56: =SUMIF('T6 - Pits'!$AX$7:$AX$44,'Labour & Equip Hrs'!A56,'T6 - Pits'!$AY$7:$AY$44)+SUMIF('T7 - WSF'!$AX$7:$AX$69,'Labour & Equip Hrs'!A56,'T7 - WSF'!$AY$7:$AY$69)+SUMIF('T8 - Facilities'!$AX$7:$AX$115,'Labour & Equip Hrs'!A56,'T8 - Facilities'!$AY$7:$AY$115)+SUMIF('T9 - Ponds'!$AX$7:$AX$54,'Labour & Equip Hrs'!A56,'T9 - Ponds'!$AY$7:$AY$54)+SUMIF('T10 - Infrastructure'!$AX$7:$AX$45,'Labour & Equip Hrs'!A56,'T10 - Infrastructure'!$AY$7:$AY$45)+SUMIF('T11 - Wastes'!$AX$6:$AX$22,'Labour & Equip Hrs'!A56,'T11 - Wastes'!$AY$6:$AY$22)+SUMIF('T12 - Roads'!$AX$7:$AX$19,'Labour & Equip Hrs'!A56,'T12 - Roads'!$AY$7:$AY$19)+SUMIF('T13 - Water'!$AX$7:$AX$60,'Labour & Equip Hrs'!A56,'T13 - Water'!$AY$7:$AY$60) -> 0
A57: ='T2 - Unit Rates'!A63 -> Environmental Monitor | C57: =SUMIF('T6 - Pits'!$AF$7:$AF$44,'Labour & Equip Hrs'!A57,'T6 - Pits'!$AG$7:$AG$44)+SUMIF('T7 - WSF'!$AF$7:$AF$69,'Labour & Equip Hrs'!A57,'T7 - WSF'!$AG$7:$AG$69)+SUMIF('T8 - Facilities'!$AF$7:$AF$115,'Labour & Equip Hrs'!A57,'T8 - Facilities'!$AG$7:$AG$115)+SUMIF('T9 - Ponds'!$AF$7:$AF$54,'Labour & Equip Hrs'!A57,'T9 - Ponds'!$AG$7:$AG$54)+SUMIF('T10 - Infrastructure'!$AF$7:$AF$45,'Labour & Equip Hrs'!A57,'T10 - Infrastructure'!$AG$7:$AG$45)+SUMIF('T11 - Wastes'!$AF$6:$AF$22,'Labour & Equip Hrs'!A57,'T11 - Wastes'!$AG$6:$AG$22)+SUMIF('T12 - Roads'!$AF$7:$AF$19,'Labour & Equip Hrs'!A57,'T12 - Roads'!$AG$7:$AG$19)+SUMIF('T13 - Water'!$AF$7:$AF$60,'Labour & Equip Hrs'!A57,'T13 - Water'!$AG$7:$AG$60) -> 0 | D57: =SUMIF('T6 - Pits'!$AO$7:$AO$44,A57,'T6 - Pits'!$AP$7:$AP$44)+SUMIF('T7 - WSF'!$AO$7:$AO$69,A57,'T7 - WSF'!$AP$7:$AP$69)+SUMIF('T8 - Facilities'!$AO$7:$AO$115,A57,'T8 - Facilities'!$AP$7:$AP$115)+SUMIF('T9 - Ponds'!$AO$7:$AO$54,A57,'T9 - Ponds'!$AP$7:$AP$54)+SUMIF('T10 - Infrastructure'!$AO$7:$AO$45,A57,'T10 - Infrastructure'!$AP$7:$AP$45)+SUMIF('T11 - Wastes'!$AO$6:$AO$22,A57,'T11 - Wastes'!$AP$6:$AP$22)+SUMIF('T12 - Roads'!$AO$7:$AO$19,A57,'T12 - Roads'!$AP$7:$AP$19)+SUMIF('T13 - Water'!$AO$7:$AO$60,A57,'T13 - Water'!$AP$7:$AP$60) -> 0 | E57: =SUMIF('T6 - Pits'!$AX$7:$AX$44,'Labour & Equip Hrs'!A57,'T6 - Pits'!$AY$7:$AY$44)+SUMIF('T7 - WSF'!$AX$7:$AX$69,'Labour & Equip Hrs'!A57,'T7 - WSF'!$AY$7:$AY$69)+SUMIF('T8 - Facilities'!$AX$7:$AX$115,'Labour & Equip Hrs'!A57,'T8 - Facilities'!$AY$7:$AY$115)+SUMIF('T9 - Ponds'!$AX$7:$AX$54,'Labour & Equip Hrs'!A57,'T9 - Ponds'!$AY$7:$AY$54)+SUMIF('T10 - Infrastructure'!$AX$7:$AX$45,'Labour & Equip Hrs'!A57,'T10 - Infrastructure'!$AY$7:$AY$45)+SUMIF('T11 - Wastes'!$AX$6:$AX$22,'Labour & Equip Hrs'!A57,'T11 - Wastes'!$AY$6:$AY$22)+SUMIF('T12 - Roads'!$AX$7:$AX$19,'Labour & Equip Hrs'!A57,'T12 - Roads'!$AY$7:$AY$19)+SUMIF('T13 - Water'!$AX$7:$AX$60,'Labour & Equip Hrs'!A57,'T13 - Water'!$AY$7:$AY$60) -> 0
A58: ='T2 - Unit Rates'!A64 -> Site Supervisor | C58: =SUMIF('T6 - Pits'!$AF$7:$AF$44,'Labour & Equip Hrs'!A58,'T6 - Pits'!$AG$7:$AG$44)+SUMIF('T7 - WSF'!$AF$7:$AF$69,'Labour & Equip Hrs'!A58,'T7 - WSF'!$AG$7:$AG$69)+SUMIF('T8 - Facilities'!$AF$7:$AF$115,'Labour & Equip Hrs'!A58,'T8 - Facilities'!$AG$7:$AG$115)+SUMIF('T9 - Ponds'!$AF$7:$AF$54,'Labour & Equip Hrs'!A58,'T9 - Ponds'!$AG$7:$AG$54)+SUMIF('T10 - Infrastructure'!$AF$7:$AF$45,'Labour & Equip Hrs'!A58,'T10 - Infrastructure'!$AG$7:$AG$45)+SUMIF('T11 - Wastes'!$AF$6:$AF$22,'Labour & Equip Hrs'!A58,'T11 - Wastes'!$AG$6:$AG$22)+SUMIF('T12 - Roads'!$AF$7:$AF$19,'Labour & Equip Hrs'!A58,'T12 - Roads'!$AG$7:$AG$19)+SUMIF('T13 - Water'!$AF$7:$AF$60,'Labour & Equip Hrs'!A58,'T13 - Water'!$AG$7:$AG$60) -> 0 | D58: =SUMIF('T6 - Pits'!$AO$7:$AO$44,A58,'T6 - Pits'!$AP$7:$AP$44)+SUMIF('T7 - WSF'!$AO$7:$AO$69,A58,'T7 - WSF'!$AP$7:$AP$69)+SUMIF('T8 - Facilities'!$AO$7:$AO$115,A58,'T8 - Facilities'!$AP$7:$AP$115)+SUMIF('T9 - Ponds'!$AO$7:$AO$54,A58,'T9 - Ponds'!$AP$7:$AP$54)+SUMIF('T10 - Infrastructure'!$AO$7:$AO$45,A58,'T10 - Infrastructure'!$AP$7:$AP$45)+SUMIF('T11 - Wastes'!$AO$6:$AO$22,A58,'T11 - Wastes'!$AP$6:$AP$22)+SUMIF('T12 - Roads'!$AO$7:$AO$19,A58,'T12 - Roads'!$AP$7:$AP$19)+SUMIF('T13 - Water'!$AO$7:$AO$60,A58,'T13 - Water'!$AP$7:$AP$60) -> 0 | E58: =SUMIF('T6 - Pits'!$AX$7:$AX$44,'Labour & Equip Hrs'!A58,'T6 - Pits'!$AY$7:$AY$44)+SUMIF('T7 - WSF'!$AX$7:$AX$69,'Labour & Equip Hrs'!A58,'T7 - WSF'!$AY$7:$AY$69)+SUMIF('T8 - Facilities'!$AX$7:$AX$115,'Labour & Equip Hrs'!A58,'T8 - Facilities'!$AY$7:$AY$115)+SUMIF('T9 - Ponds'!$AX$7:$AX$54,'Labour & Equip Hrs'!A58,'T9 - Ponds'!$AY$7:$AY$54)+SUMIF('T10 - Infrastructure'!$AX$7:$AX$45,'Labour & Equip Hrs'!A58,'T10 - Infrastructure'!$AY$7:$AY$45)+SUMIF('T11 - Wastes'!$AX$6:$AX$22,'Labour & Equip Hrs'!A58,'T11 - Wastes'!$AY$6:$AY$22)+SUMIF('T12 - Roads'!$AX$7:$AX$19,'Labour & Equip Hrs'!A58,'T12 - Roads'!$AY$7:$AY$19)+SUMIF('T13 - Water'!$AX$7:$AX$60,'Labour & Equip Hrs'!A58,'T13 - Water'!$AY$7:$AY$60) -> 0
A59: ='T2 - Unit Rates'!A65 -> Design Engineer | C59: =SUMIF('T6 - Pits'!$AF$7:$AF$44,'Labour & Equip Hrs'!A59,'T6 - Pits'!$AG$7:$AG$44)+SUMIF('T7 - WSF'!$AF$7:$AF$69,'Labour & Equip Hrs'!A59,'T7 - WSF'!$AG$7:$AG$69)+SUMIF('T8 - Facilities'!$AF$7:$AF$115,'Labour & Equip Hrs'!A59,'T8 - Facilities'!$AG$7:$AG$115)+SUMIF('T9 - Ponds'!$AF$7:$AF$54,'Labour & Equip Hrs'!A59,'T9 - Ponds'!$AG$7:$AG$54)+SUMIF('T10 - Infrastructure'!$AF$7:$AF$45,'Labour & Equip Hrs'!A59,'T10 - Infrastructure'!$AG$7:$AG$45)+SUMIF('T11 - Wastes'!$AF$6:$AF$22,'Labour & Equip Hrs'!A59,'T11 - Wastes'!$AG$6:$AG$22)+SUMIF('T12 - Roads'!$AF$7:$AF$19,'Labour & Equip Hrs'!A59,'T12 - Roads'!$AG$7:$AG$19)+SUMIF('T13 - Water'!$AF$7:$AF$60,'Labour & Equip Hrs'!A59,'T13 - Water'!$AG$7:$AG$60) -> 0 | D59: =SUMIF('T6 - Pits'!$AO$7:$AO$44,A59,'T6 - Pits'!$AP$7:$AP$44)+SUMIF('T7 - WSF'!$AO$7:$AO$69,A59,'T7 - WSF'!$AP$7:$AP$69)+SUMIF('T8 - Facilities'!$AO$7:$AO$115,A59,'T8 - Facilities'!$AP$7:$AP$115)+SUMIF('T9 - Ponds'!$AO$7:$AO$54,A59,'T9 - Ponds'!$AP$7:$AP$54)+SUMIF('T10 - Infrastructure'!$AO$7:$AO$45,A59,'T10 - Infrastructure'!$AP$7:$AP$45)+SUMIF('T11 - Wastes'!$AO$6:$AO$22,A59,'T11 - Wastes'!$AP$6:$AP$22)+SUMIF('T12 - Roads'!$AO$7:$AO$19,A59,'T12 - Roads'!$AP$7:$AP$19)+SUMIF('T13 - Water'!$AO$7:$AO$60,A59,'T13 - Water'!$AP$7:$AP$60) -> 0 | E59: =SUMIF('T6 - Pits'!$AX$7:$AX$44,'Labour & Equip Hrs'!A59,'T6 - Pits'!$AY$7:$AY$44)+SUMIF('T7 - WSF'!$AX$7:$AX$69,'Labour & Equip Hrs'!A59,'T7 - WSF'!$AY$7:$AY$69)+SUMIF('T8 - Facilities'!$AX$7:$AX$115,'Labour & Equip Hrs'!A59,'T8 - Facilities'!$AY$7:$AY$115)+SUMIF('T9 - Ponds'!$AX$7:$AX$54,'Labour & Equip Hrs'!A59,'T9 - Ponds'!$AY$7:$AY$54)+SUMIF('T10 - Infrastructure'!$AX$7:$AX$45,'Labour & Equip Hrs'!A59,'T10 - Infrastructure'!$AY$7:$AY$45)+SUMIF('T11 - Wastes'!$AX$6:$AX$22,'Labour & Equip Hrs'!A59,'T11 - Wastes'!$AY$6:$AY$22)+SUMIF('T12 - Roads'!$AX$7:$AX$19,'Labour & Equip Hrs'!A59,'T12 - Roads'!$AY$7:$AY$19)+SUMIF('T13 - Water'!$AX$7:$AX$60,'Labour & Equip Hrs'!A59,'T13 - Water'!$AY$7:$AY$60) -> 0
A60: ='T2 - Unit Rates'!A66 -> Environmental Scientist | C60: =SUMIF('T6 - Pits'!$AF$7:$AF$44,'Labour & Equip Hrs'!A60,'T6 - Pits'!$AG$7:$AG$44)+SUMIF('T7 - WSF'!$AF$7:$AF$69,'Labour & Equip Hrs'!A60,'T7 - WSF'!$AG$7:$AG$69)+SUMIF('T8 - Facilities'!$AF$7:$AF$115,'Labour & Equip Hrs'!A60,'T8 - Facilities'!$AG$7:$AG$115)+SUMIF('T9 - Ponds'!$AF$7:$AF$54,'Labour & Equip Hrs'!A60,'T9 - Ponds'!$AG$7:$AG$54)+SUMIF('T10 - Infrastructure'!$AF$7:$AF$45,'Labour & Equip Hrs'!A60,'T10 - Infrastructure'!$AG$7:$AG$45)+SUMIF('T11 - Wastes'!$AF$6:$AF$22,'Labour & Equip Hrs'!A60,'T11 - Wastes'!$AG$6:$AG$22)+SUMIF('T12 - Roads'!$AF$7:$AF$19,'Labour & Equip Hrs'!A60,'T12 - Roads'!$AG$7:$AG$19)+SUMIF('T13 - Water'!$AF$7:$AF$60,'Labour & Equip Hrs'!A60,'T13 - Water'!$AG$7:$AG$60) -> 20 | D60: =SUMIF('T6 - Pits'!$AO$7:$AO$44,A60,'T6 - Pits'!$AP$7:$AP$44)+SUMIF('T7 - WSF'!$AO$7:$AO$69,A60,'T7 - WSF'!$AP$7:$AP$69)+SUMIF('T8 - Facilities'!$AO$7:$AO$115,A60,'T8 - Facilities'!$AP$7:$AP$115)+SUMIF('T9 - Ponds'!$AO$7:$AO$54,A60,'T9 - Ponds'!$AP$7:$AP$54)+SUMIF('T10 - Infrastructure'!$AO$7:$AO$45,A60,'T10 - Infrastructure'!$AP$7:$AP$45)+SUMIF('T11 - Wastes'!$AO$6:$AO$22,A60,'T11 - Wastes'!$AP$6:$AP$22)+SUMIF('T12 - Roads'!$AO$7:$AO$19,A60,'T12 - Roads'!$AP$7:$AP$19)+SUMIF('T13 - Water'!$AO$7:$AO$60,A60,'T13 - Water'!$AP$7:$AP$60) -> 190 | E60: =SUMIF('T6 - Pits'!$AX$7:$AX$44,'Labour & Equip Hrs'!A60,'T6 - Pits'!$AY$7:$AY$44)+SUMIF('T7 - WSF'!$AX$7:$AX$69,'Labour & Equip Hrs'!A60,'T7 - WSF'!$AY$7:$AY$69)+SUMIF('T8 - Facilities'!$AX$7:$AX$115,'Labour & Equip Hrs'!A60,'T8 - Facilities'!$AY$7:$AY$115)+SUMIF('T9 - Ponds'!$AX$7:$AX$54,'Labour & Equip Hrs'!A60,'T9 - Ponds'!$AY$7:$AY$54)+SUMIF('T10 - Infrastructure'!$AX$7:$AX$45,'Labour & Equip Hrs'!A60,'T10 - Infrastructure'!$AY$7:$AY$45)+SUMIF('T11 - Wastes'!$AX$6:$AX$22,'Labour & Equip Hrs'!A60,'T11 - Wastes'!$AY$6:$AY$22)+SUMIF('T12 - Roads'!$AX$7:$AX$19,'Labour & Equip Hrs'!A60,'T12 - Roads'!$AY$7:$AY$19)+SUMIF('T13 - Water'!$AX$7:$AX$60,'Labour & Equip Hrs'!A60,'T13 - Water'!$AY$7:$AY$60) -> 190
A61: ='T2 - Unit Rates'!A67 -> Passive Treatment Manager | C61: =SUMIF('T6 - Pits'!$AF$7:$AF$44,'Labour & Equip Hrs'!A61,'T6 - Pits'!$AG$7:$AG$44)+SUMIF('T7 - WSF'!$AF$7:$AF$69,'Labour & Equip Hrs'!A61,'T7 - WSF'!$AG$7:$AG$69)+SUMIF('T8 - Facilities'!$AF$7:$AF$115,'Labour & Equip Hrs'!A61,'T8 - Facilities'!$AG$7:$AG$115)+SUMIF('T9 - Ponds'!$AF$7:$AF$54,'Labour & Equip Hrs'!A61,'T9 - Ponds'!$AG$7:$AG$54)+SUMIF('T10 - Infrastructure'!$AF$7:$AF$45,'Labour & Equip Hrs'!A61,'T10 - Infrastructure'!$AG$7:$AG$45)+SUMIF('T11 - Wastes'!$AF$6:$AF$22,'Labour & Equip Hrs'!A61,'T11 - Wastes'!$AG$6:$AG$22)+SUMIF('T12 - Roads'!$AF$7:$AF$19,'Labour & Equip Hrs'!A61,'T12 - Roads'!$AG$7:$AG$19)+SUMIF('T13 - Water'!$AF$7:$AF$60,'Labour & Equip Hrs'!A61,'T13 - Water'!$AG$7:$AG$60) -> 0 | D61: =SUMIF('T6 - Pits'!$AO$7:$AO$44,A61,'T6 - Pits'!$AP$7:$AP$44)+SUMIF('T7 - WSF'!$AO$7:$AO$69,A61,'T7 - WSF'!$AP$7:$AP$69)+SUMIF('T8 - Facilities'!$AO$7:$AO$115,A61,'T8 - Facilities'!$AP$7:$AP$115)+SUMIF('T9 - Ponds'!$AO$7:$AO$54,A61,'T9 - Ponds'!$AP$7:$AP$54)+SUMIF('T10 - Infrastructure'!$AO$7:$AO$45,A61,'T10 - Infrastructure'!$AP$7:$AP$45)+SUMIF('T11 - Wastes'!$AO$6:$AO$22,A61,'T11 - Wastes'!$AP$6:$AP$22)+SUMIF('T12 - Roads'!$AO$7:$AO$19,A61,'T12 - Roads'!$AP$7:$AP$19)+SUMIF('T13 - Water'!$AO$7:$AO$60,A61,'T13 - Water'!$AP$7:$AP$60) -> 0 | E61: =SUMIF('T6 - Pits'!$AX$7:$AX$44,'Labour & Equip Hrs'!A61,'T6 - Pits'!$AY$7:$AY$44)+SUMIF('T7 - WSF'!$AX$7:$AX$69,'Labour & Equip Hrs'!A61,'T7 - WSF'!$AY$7:$AY$69)+SUMIF('T8 - Facilities'!$AX$7:$AX$115,'Labour & Equip Hrs'!A61,'T8 - Facilities'!$AY$7:$AY$115)+SUMIF('T9 - Ponds'!$AX$7:$AX$54,'Labour & Equip Hrs'!A61,'T9 - Ponds'!$AY$7:$AY$54)+SUMIF('T10 - Infrastructure'!$AX$7:$AX$45,'Labour & Equip Hrs'!A61,'T10 - Infrastructure'!$AY$7:$AY$45)+SUMIF('T11 - Wastes'!$AX$6:$AX$22,'Labour & Equip Hrs'!A61,'T11 - Wastes'!$AY$6:$AY$22)+SUMIF('T12 - Roads'!$AX$7:$AX$19,'Labour & Equip Hrs'!A61,'T12 - Roads'!$AY$7:$AY$19)+SUMIF('T13 - Water'!$AX$7:$AX$60,'Labour & Equip Hrs'!A61,'T13 - Water'!$AY$7:$AY$60) -> 0
A62: ='T2 - Unit Rates'!A68 -> Project Manager | C62: =SUMIF('T6 - Pits'!$AF$7:$AF$44,'Labour & Equip Hrs'!A62,'T6 - Pits'!$AG$7:$AG$44)+SUMIF('T7 - WSF'!$AF$7:$AF$69,'Labour & Equip Hrs'!A62,'T7 - WSF'!$AG$7:$AG$69)+SUMIF('T8 - Facilities'!$AF$7:$AF$115,'Labour & Equip Hrs'!A62,'T8 - Facilities'!$AG$7:$AG$115)+SUMIF('T9 - Ponds'!$AF$7:$AF$54,'Labour & Equip Hrs'!A62,'T9 - Ponds'!$AG$7:$AG$54)+SUMIF('T10 - Infrastructure'!$AF$7:$AF$45,'Labour & Equip Hrs'!A62,'T10 - Infrastructure'!$AG$7:$AG$45)+SUMIF('T11 - Wastes'!$AF$6:$AF$22,'Labour & Equip Hrs'!A62,'T11 - Wastes'!$AG$6:$AG$22)+SUMIF('T12 - Roads'!$AF$7:$AF$19,'Labour & Equip Hrs'!A62,'T12 - Roads'!$AG$7:$AG$19)+SUMIF('T13 - Water'!$AF$7:$AF$60,'Labour & Equip Hrs'!A62,'T13 - Water'!$AG$7:$AG$60) -> 0 | D62: =SUMIF('T6 - Pits'!$AO$7:$AO$44,A62,'T6 - Pits'!$AP$7:$AP$44)+SUMIF('T7 - WSF'!$AO$7:$AO$69,A62,'T7 - WSF'!$AP$7:$AP$69)+SUMIF('T8 - Facilities'!$AO$7:$AO$115,A62,'T8 - Facilities'!$AP$7:$AP$115)+SUMIF('T9 - Ponds'!$AO$7:$AO$54,A62,'T9 - Ponds'!$AP$7:$AP$54)+SUMIF('T10 - Infrastructure'!$AO$7:$AO$45,A62,'T10 - Infrastructure'!$AP$7:$AP$45)+SUMIF('T11 - Wastes'!$AO$6:$AO$22,A62,'T11 - Wastes'!$AP$6:$AP$22)+SUMIF('T12 - Roads'!$AO$7:$AO$19,A62,'T12 - Roads'!$AP$7:$AP$19)+SUMIF('T13 - Water'!$AO$7:$AO$60,A62,'T13 - Water'!$AP$7:$AP$60) -> 0 | E62: =SUMIF('T6 - Pits'!$AX$7:$AX$44,'Labour & Equip Hrs'!A62,'T6 - Pits'!$AY$7:$AY$44)+SUMIF('T7 - WSF'!$AX$7:$AX$69,'Labour & Equip Hrs'!A62,'T7 - WSF'!$AY$7:$AY$69)+SUMIF('T8 - Facilities'!$AX$7:$AX$115,'Labour & Equip Hrs'!A62,'T8 - Facilities'!$AY$7:$AY$115)+SUMIF('T9 - Ponds'!$AX$7:$AX$54,'Labour & Equip Hrs'!A62,'T9 - Ponds'!$AY$7:$AY$54)+SUMIF('T10 - Infrastructure'!$AX$7:$AX$45,'Labour & Equip Hrs'!A62,'T10 - Infrastructure'!$AY$7:$AY$45)+SUMIF('T11 - Wastes'!$AX$6:$AX$22,'Labour & Equip Hrs'!A62,'T11 - Wastes'!$AY$6:$AY$22)+SUMIF('T12 - Roads'!$AX$7:$AX$19,'Labour & Equip Hrs'!A62,'T12 - Roads'!$AY$7:$AY$19)+SUMIF('T13 - Water'!$AX$7:$AX$60,'Labour & Equip Hrs'!A62,'T13 - Water'!$AY$7:$AY$60) -> 0
A63: Total | C63: =SUM(C51:C62) -> 3492 | D63: =SUM(D51:D62) -> 11374.55 | E63: =SUM(E51:E62) -> 11374.55
A66: OTHER EQUIPMENT HOURS | C66: Year 2 | D66: Year 5 | E66: EOM | Z66: TOTAL EQUIPMENT HOURS | AB66: Year 2 | AC66: Year 5 | AD66: EOM
A67: Equipment Type | C67: Hrs | D67: Hrs | E67: Hrs | Z67: Equipment Type | AB67: Hrs | AC67: Hrs | AD67: Hrs
A68: ='T2 - Unit Rates'!C7 -> CAT 420F | C68: =SUMIF('T6 - Pits'!$AI$7:$AI$44,'Labour & Equip Hrs'!A68,'T6 - Pits'!$AJ$7:$AJ$44)+SUMIF('T7 - WSF'!$AI$7:$AI$69,'Labour & Equip Hrs'!A68,'T7 - WSF'!$AJ$7:$AJ$69)+SUMIF('T8 - Facilities'!$AI$7:$AI$115,'Labour & Equip Hrs'!A68,'T8 - Facilities'!$AJ$7:$AJ$115)+SUMIF('T9 - Ponds'!$AI$7:$AI$54,'Labour & Equip Hrs'!A68,'T9 - Ponds'!$AJ$7:$AJ$54)+SUMIF('T10 - Infrastructure'!$AI$7:$AI$45,'Labour & Equip Hrs'!A68,'T10 - Infrastructure'!$AJ$7:$AJ$45)+SUMIF('T11 - Wastes'!$AI$6:$AI$22,'Labour & Equip Hrs'!A68,'T11 - Wastes'!$AJ$6:$AJ$22)+SUMIF('T12 - Roads'!$AI$7:$AI$19,'Labour & Equip Hrs'!A68,'T12 - Roads'!$AJ$7:$AJ$19)+SUMIF('T13 - Water'!$AI$7:$AI$60,'Labour & Equip Hrs'!A68,'T13 - Water'!$AJ$7:$AJ$60) -> 0 | D68: =SUMIF('T6 - Pits'!$AR$7:$AR$44,A68,'T6 - Pits'!$AS$7:$AS$44)+SUMIF('T7 - WSF'!$AR$7:$AR$69,A68,'T7 - WSF'!$AS$7:$AS$69)+SUMIF('T8 - Facilities'!$AR$7:$AR$115,A68,'T8 - Facilities'!$AS$7:$AS$115)+SUMIF('T9 - Ponds'!$AR$7:$AR$54,A68,'T9 - Ponds'!$AS$7:$AS$54)+SUMIF('T10 - Infrastructure'!$AR$7:$AR$45,A68,'T10 - Infrastructure'!$AS$7:$AS$45)+SUMIF('T11 - Wastes'!$AR$6:$AR$22,A68,'T11 - Wastes'!$AS$6:$AS$22)+SUMIF('T12 - Roads'!$AR$7:$AR$19,A68,'T12 - Roads'!$AS$7:$AS$19)+SUMIF('T13 - Water'!$AR$7:$AR$60,A68,'T13 - Water'!$AS$7:$AS$60) -> 0 | E68: =SUMIF('T6 - Pits'!$BA$7:$BA$44,'Labour & Equip Hrs'!A68,'T6 - Pits'!$BB$7:$BB$44)+SUMIF('T7 - WSF'!$BA$7:$BA$69,'Labour & Equip Hrs'!A68,'T7 - WSF'!$BB$7:$BB$69)+SUMIF('T8 - Facilities'!$BA$7:$BA$115,'Labour & Equip Hrs'!A68,'T8 - Facilities'!$BB$7:$BB$115)+SUMIF('T9 - Ponds'!$BA$7:$BA$54,'Labour & Equip Hrs'!A68,'T9 - Ponds'!$BB$7:$BB$54)+SUMIF('T10 - Infrastructure'!$BA$7:$BA$45,'Labour & Equip Hrs'!A68,'T10 - Infrastructure'!$BB$7:$BB$45)+SUMIF('T11 - Wastes'!$BA$6:$BA$22,'Labour & Equip Hrs'!A68,'T11 - Wastes'!$BB$6:$BB$22)+SUMIF('T12 - Roads'!$BA$7:$BA$19,'Labour & Equip Hrs'!A68,'T12 - Roads'!$BB$7:$BB$19)+SUMIF('T13 - Water'!$BA$7:$BA$60,'Labour & Equip Hrs'!A68,'T13 - Water'!$BB$7:$BB$60) -> 0 | Z68: =A68 -> CAT 420F | AB68: =C68 -> 0 | AC68: =D68 -> 0 | AD68: =E68 -> 0
A69: ='T2 - Unit Rates'!C8 -> John Deere 410L | C69: =SUMIF('T6 - Pits'!$AI$7:$AI$44,'Labour & Equip Hrs'!A69,'T6 - Pits'!$AJ$7:$AJ$44)+SUMIF('T7 - WSF'!$AI$7:$AI$69,'Labour & Equip Hrs'!A69,'T7 - WSF'!$AJ$7:$AJ$69)+SUMIF('T8 - Facilities'!$AI$7:$AI$115,'Labour & Equip Hrs'!A69,'T8 - Facilities'!$AJ$7:$AJ$115)+SUMIF('T9 - Ponds'!$AI$7:$AI$54,'Labour & Equip Hrs'!A69,'T9 - Ponds'!$AJ$7:$AJ$54)+SUMIF('T10 - Infrastructure'!$AI$7:$AI$45,'Labour & Equip Hrs'!A69,'T10 - Infrastructure'!$AJ$7:$AJ$45)+SUMIF('T11 - Wastes'!$AI$6:$AI$22,'Labour & Equip Hrs'!A69,'T11 - Wastes'!$AJ$6:$AJ$22)+SUMIF('T12 - Roads'!$AI$7:$AI$19,'Labour & Equip Hrs'!A69,'T12 - Roads'!$AJ$7:$AJ$19)+SUMIF('T13 - Water'!$AI$7:$AI$60,'Labour & Equip Hrs'!A69,'T13 - Water'!$AJ$7:$AJ$60) -> 0 | D69: =SUMIF('T6 - Pits'!$AR$7:$AR$44,A69,'T6 - Pits'!$AS$7:$AS$44)+SUMIF('T7 - WSF'!$AR$7:$AR$69,A69,'T7 - WSF'!$AS$7:$AS$69)+SUMIF('T8 - Facilities'!$AR$7:$AR$115,A69,'T8 - Facilities'!$AS$7:$AS$115)+SUMIF('T9 - Ponds'!$AR$7:$AR$54,A69,'T9 - Ponds'!$AS$7:$AS$54)+SUMIF('T10 - Infrastructure'!$AR$7:$AR$45,A69,'T10 - Infrastructure'!$AS$7:$AS$45)+SUMIF('T11 - Wastes'!$AR$6:$AR$22,A69,'T11 - Wastes'!$AS$6:$AS$22)+SUMIF('T12 - Roads'!$AR$7:$AR$19,A69,'T12 - Roads'!$AS$7:$AS$19)+SUMIF('T13 - Water'!$AR$7:$AR$60,A69,'T13 - Water'!$AS$7:$AS$60) -> 0 | E69: =SUMIF('T6 - Pits'!$BA$7:$BA$44,'Labour & Equip Hrs'!A69,'T6 - Pits'!$BB$7:$BB$44)+SUMIF('T7 - WSF'!$BA$7:$BA$69,'Labour & Equip Hrs'!A69,'T7 - WSF'!$BB$7:$BB$69)+SUMIF('T8 - Facilities'!$BA$7:$BA$115,'Labour & Equip Hrs'!A69,'T8 - Facilities'!$BB$7:$BB$115)+SUMIF('T9 - Ponds'!$BA$7:$BA$54,'Labour & Equip Hrs'!A69,'T9 - Ponds'!$BB$7:$BB$54)+SUMIF('T10 - Infrastructure'!$BA$7:$BA$45,'Labour & Equip Hrs'!A69,'T10 - Infrastructure'!$BB$7:$BB$45)+SUMIF('T11 - Wastes'!$BA$6:$BA$22,'Labour & Equip Hrs'!A69,'T11 - Wastes'!$BB$6:$BB$22)+SUMIF('T12 - Roads'!$BA$7:$BA$19,'Labour & Equip Hrs'!A69,'T12 - Roads'!$BB$7:$BB$19)+SUMIF('T13 - Water'!$BA$7:$BA$60,'Labour & Equip Hrs'!A69,'T13 - Water'!$BB$7:$BB$60) -> 0 | Z69: =A69 -> John Deere 410L | AB69: =C69 -> 0 | AC69: =D69 -> 0 | AD69: =E69 -> 0
A70: ='T2 - Unit Rates'!C10 -> CAT CP56 | C70: =SUMIF('T6 - Pits'!$AI$7:$AI$44,'Labour & Equip Hrs'!A70,'T6 - Pits'!$AJ$7:$AJ$44)+SUMIF('T7 - WSF'!$AI$7:$AI$69,'Labour & Equip Hrs'!A70,'T7 - WSF'!$AJ$7:$AJ$69)+SUMIF('T8 - Facilities'!$AI$7:$AI$115,'Labour & Equip Hrs'!A70,'T8 - Facilities'!$AJ$7:$AJ$115)+SUMIF('T9 - Ponds'!$AI$7:$AI$54,'Labour & Equip Hrs'!A70,'T9 - Ponds'!$AJ$7:$AJ$54)+SUMIF('T10 - Infrastructure'!$AI$7:$AI$45,'Labour & Equip Hrs'!A70,'T10 - Infrastructure'!$AJ$7:$AJ$45)+SUMIF('T11 - Wastes'!$AI$6:$AI$22,'Labour & Equip Hrs'!A70,'T11 - Wastes'!$AJ$6:$AJ$22)+SUMIF('T12 - Roads'!$AI$7:$AI$19,'Labour & Equip Hrs'!A70,'T12 - Roads'!$AJ$7:$AJ$19)+SUMIF('T13 - Water'!$AI$7:$AI$60,'Labour & Equip Hrs'!A70,'T13 - Water'!$AJ$7:$AJ$60) -> 0 | D70: =SUMIF('T6 - Pits'!$AR$7:$AR$44,A70,'T6 - Pits'!$AS$7:$AS$44)+SUMIF('T7 - WSF'!$AR$7:$AR$69,A70,'T7 - WSF'!$AS$7:$AS$69)+SUMIF('T8 - Facilities'!$AR$7:$AR$115,A70,'T8 - Facilities'!$AS$7:$AS$115)+SUMIF('T9 - Ponds'!$AR$7:$AR$54,A70,'T9 - Ponds'!$AS$7:$AS$54)+SUMIF('T10 - Infrastructure'!$AR$7:$AR$45,A70,'T10 - Infrastructure'!$AS$7:$AS$45)+SUMIF('T11 - Wastes'!$AR$6:$AR$22,A70,'T11 - Wastes'!$AS$6:$AS$22)+SUMIF('T12 - Roads'!$AR$7:$AR$19,A70,'T12 - Roads'!$AS$7:$AS$19)+SUMIF('T13 - Water'!$AR$7:$AR$60,A70,'T13 - Water'!$AS$7:$AS$60) -> 0 | E70: =SUMIF('T6 - Pits'!$BA$7:$BA$44,'Labour & Equip Hrs'!A70,'T6 - Pits'!$BB$7:$BB$44)+SUMIF('T7 - WSF'!$BA$7:$BA$69,'Labour & Equip Hrs'!A70,'T7 - WSF'!$BB$7:$BB$69)+SUMIF('T8 - Facilities'!$BA$7:$BA$115,'Labour & Equip Hrs'!A70,'T8 - Facilities'!$BB$7:$BB$115)+SUMIF('T9 - Ponds'!$BA$7:$BA$54,'Labour & Equip Hrs'!A70,'T9 - Ponds'!$BB$7:$BB$54)+SUMIF('T10 - Infrastructure'!$BA$7:$BA$45,'Labour & Equip Hrs'!A70,'T10 - Infrastructure'!$BB$7:$BB$45)+SUMIF('T11 - Wastes'!$BA$6:$BA$22,'Labour & Equip Hrs'!A70,'T11 - Wastes'!$BB$6:$BB$22)+SUMIF('T12 - Roads'!$BA$7:$BA$19,'Labour & Equip Hrs'!A70,'T12 - Roads'!$BB$7:$BB$19)+SUMIF('T13 - Water'!$BA$7:$BA$60,'Labour & Equip Hrs'!A70,'T13 - Water'!$BB$7:$BB$60) -> 0 | Z70: =A70 -> CAT CP56 | AB70: =C70+T46 -> 440.10819 | AC70: =D70+AG46 -> 11211.574 | AD70: =E70+AS46 -> 16453.706
A71: ='T2 - Unit Rates'!C11 -> Walk-behind vibrating (30 in) | C71: =SUMIF('T6 - Pits'!$AI$7:$AI$44,'Labour & Equip Hrs'!A71,'T6 - Pits'!$AJ$7:$AJ$44)+SUMIF('T7 - WSF'!$AI$7:$AI$69,'Labour & Equip Hrs'!A71,'T7 - WSF'!$AJ$7:$AJ$69)+SUMIF('T8 - Facilities'!$AI$7:$AI$115,'Labour & Equip Hrs'!A71,'T8 - Facilities'!$AJ$7:$AJ$115)+SUMIF('T9 - Ponds'!$AI$7:$AI$54,'Labour & Equip Hrs'!A71,'T9 - Ponds'!$AJ$7:$AJ$54)+SUMIF('T10 - Infrastructure'!$AI$7:$AI$45,'Labour & Equip Hrs'!A71,'T10 - Infrastructure'!$AJ$7:$AJ$45)+SUMIF('T11 - Wastes'!$AI$6:$AI$22,'Labour & Equip Hrs'!A71,'T11 - Wastes'!$AJ$6:$AJ$22)+SUMIF('T12 - Roads'!$AI$7:$AI$19,'Labour & Equip Hrs'!A71,'T12 - Roads'!$AJ$7:$AJ$19)+SUMIF('T13 - Water'!$AI$7:$AI$60,'Labour & Equip Hrs'!A71,'T13 - Water'!$AJ$7:$AJ$60) -> 0 | D71: =SUMIF('T6 - Pits'!$AR$7:$AR$44,A71,'T6 - Pits'!$AS$7:$AS$44)+SUMIF('T7 - WSF'!$AR$7:$AR$69,A71,'T7 - WSF'!$AS$7:$AS$69)+SUMIF('T8 - Facilities'!$AR$7:$AR$115,A71,'T8 - Facilities'!$AS$7:$AS$115)+SUMIF('T9 - Ponds'!$AR$7:$AR$54,A71,'T9 - Ponds'!$AS$7:$AS$54)+SUMIF('T10 - Infrastructure'!$AR$7:$AR$45,A71,'T10 - Infrastructure'!$AS$7:$AS$45)+SUMIF('T11 - Wastes'!$AR$6:$AR$22,A71,'T11 - Wastes'!$AS$6:$AS$22)+SUMIF('T12 - Roads'!$AR$7:$AR$19,A71,'T12 - Roads'!$AS$7:$AS$19)+SUMIF('T13 - Water'!$AR$7:$AR$60,A71,'T13 - Water'!$AS$7:$AS$60) -> 0 | E71: =SUMIF('T6 - Pits'!$BA$7:$BA$44,'Labour & Equip Hrs'!A71,'T6 - Pits'!$BB$7:$BB$44)+SUMIF('T7 - WSF'!$BA$7:$BA$69,'Labour & Equip Hrs'!A71,'T7 - WSF'!$BB$7:$BB$69)+SUMIF('T8 - Facilities'!$BA$7:$BA$115,'Labour & Equip Hrs'!A71,'T8 - Facilities'!$BB$7:$BB$115)+SUMIF('T9 - Ponds'!$BA$7:$BA$54,'Labour & Equip Hrs'!A71,'T9 - Ponds'!$BB$7:$BB$54)+SUMIF('T10 - Infrastructure'!$BA$7:$BA$45,'Labour & Equip Hrs'!A71,'T10 - Infrastructure'!$BB$7:$BB$45)+SUMIF('T11 - Wastes'!$BA$6:$BA$22,'Labour & Equip Hrs'!A71,'T11 - Wastes'!$BB$6:$BB$22)+SUMIF('T12 - Roads'!$BA$7:$BA$19,'Labour & Equip Hrs'!A71,'T12 - Roads'!$BB$7:$BB$19)+SUMIF('T13 - Water'!$BA$7:$BA$60,'Labour & Equip Hrs'!A71,'T13 - Water'!$BB$7:$BB$60) -> 0 | Z71: =A71 -> Walk-behind vibrating (30 in) | AB71: =C71 -> 0 | AC71: =D71 -> 0 | AD71: =E71 -> 0
A72: ='T2 - Unit Rates'!C13 -> CAT D6D | C72: =SUMIF('T6 - Pits'!$AI$7:$AI$44,'Labour & Equip Hrs'!A72,'T6 - Pits'!$AJ$7:$AJ$44)+SUMIF('T7 - WSF'!$AI$7:$AI$69,'Labour & Equip Hrs'!A72,'T7 - WSF'!$AJ$7:$AJ$69)+SUMIF('T8 - Facilities'!$AI$7:$AI$115,'Labour & Equip Hrs'!A72,'T8 - Facilities'!$AJ$7:$AJ$115)+SUMIF('T9 - Ponds'!$AI$7:$AI$54,'Labour & Equip Hrs'!A72,'T9 - Ponds'!$AJ$7:$AJ$54)+SUMIF('T10 - Infrastructure'!$AI$7:$AI$45,'Labour & Equip Hrs'!A72,'T10 - Infrastructure'!$AJ$7:$AJ$45)+SUMIF('T11 - Wastes'!$AI$6:$AI$22,'Labour & Equip Hrs'!A72,'T11 - Wastes'!$AJ$6:$AJ$22)+SUMIF('T12 - Roads'!$AI$7:$AI$19,'Labour & Equip Hrs'!A72,'T12 - Roads'!$AJ$7:$AJ$19)+SUMIF('T13 - Water'!$AI$7:$AI$60,'Labour & Equip Hrs'!A72,'T13 - Water'!$AJ$7:$AJ$60) -> 224.49755 | D72: =SUMIF('T6 - Pits'!$AR$7:$AR$44,A72,'T6 - Pits'!$AS$7:$AS$44)+SUMIF('T7 - WSF'!$AR$7:$AR$69,A72,'T7 - WSF'!$AS$7:$AS$69)+SUMIF('T8 - Facilities'!$AR$7:$AR$115,A72,'T8 - Facilities'!$AS$7:$AS$115)+SUMIF('T9 - Ponds'!$AR$7:$AR$54,A72,'T9 - Ponds'!$AS$7:$AS$54)+SUMIF('T10 - Infrastructure'!$AR$7:$AR$45,A72,'T10 - Infrastructure'!$AS$7:$AS$45)+SUMIF('T11 - Wastes'!$AR$6:$AR$22,A72,'T11 - Wastes'!$AS$6:$AS$22)+SUMIF('T12 - Roads'!$AR$7:$AR$19,A72,'T12 - Roads'!$AS$7:$AS$19)+SUMIF('T13 - Water'!$AR$7:$AR$60,A72,'T13 - Water'!$AS$7:$AS$60) -> 3271.8318 | E72: =SUMIF('T6 - Pits'!$BA$7:$BA$44,'Labour & Equip Hrs'!A72,'T6 - Pits'!$BB$7:$BB$44)+SUMIF('T7 - WSF'!$BA$7:$BA$69,'Labour & Equip Hrs'!A72,'T7 - WSF'!$BB$7:$BB$69)+SUMIF('T8 - Facilities'!$BA$7:$BA$115,'Labour & Equip Hrs'!A72,'T8 - Facilities'!$BB$7:$BB$115)+SUMIF('T9 - Ponds'!$BA$7:$BA$54,'Labour & Equip Hrs'!A72,'T9 - Ponds'!$BB$7:$BB$54)+SUMIF('T10 - Infrastructure'!$BA$7:$BA$45,'Labour & Equip Hrs'!A72,'T10 - Infrastructure'!$BB$7:$BB$45)+SUMIF('T11 - Wastes'!$BA$6:$BA$22,'Labour & Equip Hrs'!A72,'T11 - Wastes'!$BB$6:$BB$22)+SUMIF('T12 - Roads'!$BA$7:$BA$19,'Labour & Equip Hrs'!A72,'T12 - Roads'!$BB$7:$BB$19)+SUMIF('T13 - Water'!$BA$7:$BA$60,'Labour & Equip Hrs'!A72,'T13 - Water'!$BB$7:$BB$60) -> 439.16504 | Z72: =A72 -> CAT D6D | AB72: =C72 -> 224.49755 | AC72: =D72 -> 3271.8318 | AD72: =E72 -> 439.16504
A73: ='T2 - Unit Rates'!C14 -> CAT D7 | C73: =SUMIF('T6 - Pits'!$AI$7:$AI$44,'Labour & Equip Hrs'!A73,'T6 - Pits'!$AJ$7:$AJ$44)+SUMIF('T7 - WSF'!$AI$7:$AI$69,'Labour & Equip Hrs'!A73,'T7 - WSF'!$AJ$7:$AJ$69)+SUMIF('T8 - Facilities'!$AI$7:$AI$115,'Labour & Equip Hrs'!A73,'T8 - Facilities'!$AJ$7:$AJ$115)+SUMIF('T9 - Ponds'!$AI$7:$AI$54,'Labour & Equip Hrs'!A73,'T9 - Ponds'!$AJ$7:$AJ$54)+SUMIF('T10 - Infrastructure'!$AI$7:$AI$45,'Labour & Equip Hrs'!A73,'T10 - Infrastructure'!$AJ$7:$AJ$45)+SUMIF('T11 - Wastes'!$AI$6:$AI$22,'Labour & Equip Hrs'!A73,'T11 - Wastes'!$AJ$6:$AJ$22)+SUMIF('T12 - Roads'!$AI$7:$AI$19,'Labour & Equip Hrs'!A73,'T12 - Roads'!$AJ$7:$AJ$19)+SUMIF('T13 - Water'!$AI$7:$AI$60,'Labour & Equip Hrs'!A73,'T13 - Water'!$AJ$7:$AJ$60) -> 0 | D73: =SUMIF('T6 - Pits'!$AR$7:$AR$44,A73,'T6 - Pits'!$AS$7:$AS$44)+SUMIF('T7 - WSF'!$AR$7:$AR$69,A73,'T7 - WSF'!$AS$7:$AS$69)+SUMIF('T8 - Facilities'!$AR$7:$AR$115,A73,'T8 - Facilities'!$AS$7:$AS$115)+SUMIF('T9 - Ponds'!$AR$7:$AR$54,A73,'T9 - Ponds'!$AS$7:$AS$54)+SUMIF('T10 - Infrastructure'!$AR$7:$AR$45,A73,'T10 - Infrastructure'!$AS$7:$AS$45)+SUMIF('T11 - Wastes'!$AR$6:$AR$22,A73,'T11 - Wastes'!$AS$6:$AS$22)+SUMIF('T12 - Roads'!$AR$7:$AR$19,A73,'T12 - Roads'!$AS$7:$AS$19)+SUMIF('T13 - Water'!$AR$7:$AR$60,A73,'T13 - Water'!$AS$7:$AS$60) -> 0 | E73: =SUMIF('T6 - Pits'!$BA$7:$BA$44,'Labour & Equip Hrs'!A73,'T6 - Pits'!$BB$7:$BB$44)+SUMIF('T7 - WSF'!$BA$7:$BA$69,'Labour & Equip Hrs'!A73,'T7 - WSF'!$BB$7:$BB$69)+SUMIF('T8 - Facilities'!$BA$7:$BA$115,'Labour & Equip Hrs'!A73,'T8 - Facilities'!$BB$7:$BB$115)+SUMIF('T9 - Ponds'!$BA$7:$BA$54,'Labour & Equip Hrs'!A73,'T9 - Ponds'!$BB$7:$BB$54)+SUMIF('T10 - Infrastructure'!$BA$7:$BA$45,'Labour & Equip Hrs'!A73,'T10 - Infrastructure'!$BB$7:$BB$45)+SUMIF('T11 - Wastes'!$BA$6:$BA$22,'Labour & Equip Hrs'!A73,'T11 - Wastes'!$BB$6:$BB$22)+SUMIF('T12 - Roads'!$BA$7:$BA$19,'Labour & Equip Hrs'!A73,'T12 - Roads'!$BB$7:$BB$19)+SUMIF('T13 - Water'!$BA$7:$BA$60,'Labour & Equip Hrs'!A73,'T13 - Water'!$BB$7:$BB$60) -> 0 | Z73: =A73 -> CAT D7 | AB73: =C73 -> 0 | AC73: =D73 -> 0 | AD73: =E73 -> 0
A74: ='T2 - Unit Rates'!C15 -> CAT D8R | C74: =SUMIF('T6 - Pits'!$AI$7:$AI$44,'Labour & Equip Hrs'!A74,'T6 - Pits'!$AJ$7:$AJ$44)+SUMIF('T7 - WSF'!$AI$7:$AI$69,'Labour & Equip Hrs'!A74,'T7 - WSF'!$AJ$7:$AJ$69)+SUMIF('T8 - Facilities'!$AI$7:$AI$115,'Labour & Equip Hrs'!A74,'T8 - Facilities'!$AJ$7:$AJ$115)+SUMIF('T9 - Ponds'!$AI$7:$AI$54,'Labour & Equip Hrs'!A74,'T9 - Ponds'!$AJ$7:$AJ$54)+SUMIF('T10 - Infrastructure'!$AI$7:$AI$45,'Labour & Equip Hrs'!A74,'T10 - Infrastructure'!$AJ$7:$AJ$45)+SUMIF('T11 - Wastes'!$AI$6:$AI$22,'Labour & Equip Hrs'!A74,'T11 - Wastes'!$AJ$6:$AJ$22)+SUMIF('T12 - Roads'!$AI$7:$AI$19,'Labour & Equip Hrs'!A74,'T12 - Roads'!$AJ$7:$AJ$19)+SUMIF('T13 - Water'!$AI$7:$AI$60,'Labour & Equip Hrs'!A74,'T13 - Water'!$AJ$7:$AJ$60) -> 0 | D74: =SUMIF('T6 - Pits'!$AR$7:$AR$44,A74,'T6 - Pits'!$AS$7:$AS$44)+SUMIF('T7 - WSF'!$AR$7:$AR$69,A74,'T7 - WSF'!$AS$7:$AS$69)+SUMIF('T8 - Facilities'!$AR$7:$AR$115,A74,'T8 - Facilities'!$AS$7:$AS$115)+SUMIF('T9 - Ponds'!$AR$7:$AR$54,A74,'T9 - Ponds'!$AS$7:$AS$54)+SUMIF('T10 - Infrastructure'!$AR$7:$AR$45,A74,'T10 - Infrastructure'!$AS$7:$AS$45)+SUMIF('T11 - Wastes'!$AR$6:$AR$22,A74,'T11 - Wastes'!$AS$6:$AS$22)+SUMIF('T12 - Roads'!$AR$7:$AR$19,A74,'T12 - Roads'!$AS$7:$AS$19)+SUMIF('T13 - Water'!$AR$7:$AR$60,A74,'T13 - Water'!$AS$7:$AS$60) -> 0 | E74: =SUMIF('T6 - Pits'!$BA$7:$BA$44,'Labour & Equip Hrs'!A74,'T6 - Pits'!$BB$7:$BB$44)+SUMIF('T7 - WSF'!$BA$7:$BA$69,'Labour & Equip Hrs'!A74,'T7 - WSF'!$BB$7:$BB$69)+SUMIF('T8 - Facilities'!$BA$7:$BA$115,'Labour & Equip Hrs'!A74,'T8 - Facilities'!$BB$7:$BB$115)+SUMIF('T9 - Ponds'!$BA$7:$BA$54,'Labour & Equip Hrs'!A74,'T9 - Ponds'!$BB$7:$BB$54)+SUMIF('T10 - Infrastructure'!$BA$7:$BA$45,'Labour & Equip Hrs'!A74,'T10 - Infrastructure'!$BB$7:$BB$45)+SUMIF('T11 - Wastes'!$BA$6:$BA$22,'Labour & Equip Hrs'!A74,'T11 - Wastes'!$BB$6:$BB$22)+SUMIF('T12 - Roads'!$BA$7:$BA$19,'Labour & Equip Hrs'!A74,'T12 - Roads'!$BB$7:$BB$19)+SUMIF('T13 - Water'!$BA$7:$BA$60,'Labour & Equip Hrs'!A74,'T13 - Water'!$BB$7:$BB$60) -> 0 | Z74: =A74 -> CAT D8R | AB74: =C74 -> 0 | AC74: =D74 -> 0 | AD74: =E74 -> 0
A75: ='T2 - Unit Rates'!C16 -> CAT D9N | C75: =SUMIF('T6 - Pits'!$AI$7:$AI$44,'Labour & Equip Hrs'!A75,'T6 - Pits'!$AJ$7:$AJ$44)+SUMIF('T7 - WSF'!$AI$7:$AI$69,'Labour & Equip Hrs'!A75,'T7 - WSF'!$AJ$7:$AJ$69)+SUMIF('T8 - Facilities'!$AI$7:$AI$115,'Labour & Equip Hrs'!A75,'T8 - Facilities'!$AJ$7:$AJ$115)+SUMIF('T9 - Ponds'!$AI$7:$AI$54,'Labour & Equip Hrs'!A75,'T9 - Ponds'!$AJ$7:$AJ$54)+SUMIF('T10 - Infrastructure'!$AI$7:$AI$45,'Labour & Equip Hrs'!A75,'T10 - Infrastructure'!$AJ$7:$AJ$45)+SUMIF('T11 - Wastes'!$AI$6:$AI$22,'Labour & Equip Hrs'!A75,'T11 - Wastes'!$AJ$6:$AJ$22)+SUMIF('T12 - Roads'!$AI$7:$AI$19,'Labour & Equip Hrs'!A75,'T12 - Roads'!$AJ$7:$AJ$19)+SUMIF('T13 - Water'!$AI$7:$AI$60,'Labour & Equip Hrs'!A75,'T13 - Water'!$AJ$7:$AJ$60) -> 240.91039 | D75: =SUMIF('T6 - Pits'!$AR$7:$AR$44,A75,'T6 - Pits'!$AS$7:$AS$44)+SUMIF('T7 - WSF'!$AR$7:$AR$69,A75,'T7 - WSF'!$AS$7:$AS$69)+SUMIF('T8 - Facilities'!$AR$7:$AR$115,A75,'T8 - Facilities'!$AS$7:$AS$115)+SUMIF('T9 - Ponds'!$AR$7:$AR$54,A75,'T9 - Ponds'!$AS$7:$AS$54)+SUMIF('T10 - Infrastructure'!$AR$7:$AR$45,A75,'T10 - Infrastructure'!$AS$7:$AS$45)+SUMIF('T11 - Wastes'!$AR$6:$AR$22,A75,'T11 - Wastes'!$AS$6:$AS$22)+SUMIF('T12 - Roads'!$AR$7:$AR$19,A75,'T12 - Roads'!$AS$7:$AS$19)+SUMIF('T13 - Water'!$AR$7:$AR$60,A75,'T13 - Water'!$AS$7:$AS$60) -> 895.19985 | E75: =SUMIF('T6 - Pits'!$BA$7:$BA$44,'Labour & Equip Hrs'!A75,'T6 - Pits'!$BB$7:$BB$44)+SUMIF('T7 - WSF'!$BA$7:$BA$69,'Labour & Equip Hrs'!A75,'T7 - WSF'!$BB$7:$BB$69)+SUMIF('T8 - Facilities'!$BA$7:$BA$115,'Labour & Equip Hrs'!A75,'T8 - Facilities'!$BB$7:$BB$115)+SUMIF('T9 - Ponds'!$BA$7:$BA$54,'Labour & Equip Hrs'!A75,'T9 - Ponds'!$BB$7:$BB$54)+SUMIF('T10 - Infrastructure'!$BA$7:$BA$45,'Labour & Equip Hrs'!A75,'T10 - Infrastructure'!$BB$7:$BB$45)+SUMIF('T11 - Wastes'!$BA$6:$BA$22,'Labour & Equip Hrs'!A75,'T11 - Wastes'!$BB$6:$BB$22)+SUMIF('T12 - Roads'!$BA$7:$BA$19,'Labour & Equip Hrs'!A75,'T12 - Roads'!$BB$7:$BB$19)+SUMIF('T13 - Water'!$BA$7:$BA$60,'Labour & Equip Hrs'!A75,'T13 - Water'!$BB$7:$BB$60) -> 1345.5631 | Z75: =A75 -> CAT D9N | AB75: =C75+S46 -> 371.09821 | AC75: =D75+AF46 -> 4211.6807 | AD75: =E75+AR46 -> 6212.7123
A76: ='T2 - Unit Rates'!C17 -> CAT D10N | C76: =SUMIF('T6 - Pits'!$AI$7:$AI$44,'Labour & Equip Hrs'!A76,'T6 - Pits'!$AJ$7:$AJ$44)+SUMIF('T7 - WSF'!$AI$7:$AI$69,'Labour & Equip Hrs'!A76,'T7 - WSF'!$AJ$7:$AJ$69)+SUMIF('T8 - Facilities'!$AI$7:$AI$115,'Labour & Equip Hrs'!A76,'T8 - Facilities'!$AJ$7:$AJ$115)+SUMIF('T9 - Ponds'!$AI$7:$AI$54,'Labour & Equip Hrs'!A76,'T9 - Ponds'!$AJ$7:$AJ$54)+SUMIF('T10 - Infrastructure'!$AI$7:$AI$45,'Labour & Equip Hrs'!A76,'T10 - Infrastructure'!$AJ$7:$AJ$45)+SUMIF('T11 - Wastes'!$AI$6:$AI$22,'Labour & Equip Hrs'!A76,'T11 - Wastes'!$AJ$6:$AJ$22)+SUMIF('T12 - Roads'!$AI$7:$AI$19,'Labour & Equip Hrs'!A76,'T12 - Roads'!$AJ$7:$AJ$19)+SUMIF('T13 - Water'!$AI$7:$AI$60,'Labour & Equip Hrs'!A76,'T13 - Water'!$AJ$7:$AJ$60) -> 0 | D76: =SUMIF('T6 - Pits'!$AR$7:$AR$44,A76,'T6 - Pits'!$AS$7:$AS$44)+SUMIF('T7 - WSF'!$AR$7:$AR$69,A76,'T7 - WSF'!$AS$7:$AS$69)+SUMIF('T8 - Facilities'!$AR$7:$AR$115,A76,'T8 - Facilities'!$AS$7:$AS$115)+SUMIF('T9 - Ponds'!$AR$7:$AR$54,A76,'T9 - Ponds'!$AS$7:$AS$54)+SUMIF('T10 - Infrastructure'!$AR$7:$AR$45,A76,'T10 - Infrastructure'!$AS$7:$AS$45)+SUMIF('T11 - Wastes'!$AR$6:$AR$22,A76,'T11 - Wastes'!$AS$6:$AS$22)+SUMIF('T12 - Roads'!$AR$7:$AR$19,A76,'T12 - Roads'!$AS$7:$AS$19)+SUMIF('T13 - Water'!$AR$7:$AR$60,A76,'T13 - Water'!$AS$7:$AS$60) -> 0 | E76: =SUMIF('T6 - Pits'!$BA$7:$BA$44,'Labour & Equip Hrs'!A76,'T6 - Pits'!$BB$7:$BB$44)+SUMIF('T7 - WSF'!$BA$7:$BA$69,'Labour & Equip Hrs'!A76,'T7 - WSF'!$BB$7:$BB$69)+SUMIF('T8 - Facilities'!$BA$7:$BA$115,'Labour & Equip Hrs'!A76,'T8 - Facilities'!$BB$7:$BB$115)+SUMIF('T9 - Ponds'!$BA$7:$BA$54,'Labour & Equip Hrs'!A76,'T9 - Ponds'!$BB$7:$BB$54)+SUMIF('T10 - Infrastructure'!$BA$7:$BA$45,'Labour & Equip Hrs'!A76,'T10 - Infrastructure'!$BB$7:$BB$45)+SUMIF('T11 - Wastes'!$BA$6:$BA$22,'Labour & Equip Hrs'!A76,'T11 - Wastes'!$BB$6:$BB$22)+SUMIF('T12 - Roads'!$BA$7:$BA$19,'Labour & Equip Hrs'!A76,'T12 - Roads'!$BB$7:$BB$19)+SUMIF('T13 - Water'!$BA$7:$BA$60,'Labour & Equip Hrs'!A76,'T13 - Water'!$BB$7:$BB$60) -> 0 | Z76: =A76 -> CAT D10N | AB76: =C76 -> 0 | AC76: =D76 -> 0 | AD76: =E76 -> 0
A77: ='T2 - Unit Rates'!C19 -> Air Rotary, 200 cfm compressor | C77: =SUMIF('T6 - Pits'!$AI$7:$AI$44,'Labour & Equip Hrs'!A77,'T6 - Pits'!$AJ$7:$AJ$44)+SUMIF('T7 - WSF'!$AI$7:$AI$69,'Labour & Equip Hrs'!A77,'T7 - WSF'!$AJ$7:$AJ$69)+SUMIF('T8 - Facilities'!$AI$7:$AI$115,'Labour & Equip Hrs'!A77,'T8 - Facilities'!$AJ$7:$AJ$115)+SUMIF('T9 - Ponds'!$AI$7:$AI$54,'Labour & Equip Hrs'!A77,'T9 - Ponds'!$AJ$7:$AJ$54)+SUMIF('T10 - Infrastructure'!$AI$7:$AI$45,'Labour & Equip Hrs'!A77,'T10 - Infrastructure'!$AJ$7:$AJ$45)+SUMIF('T11 - Wastes'!$AI$6:$AI$22,'Labour & Equip Hrs'!A77,'T11 - Wastes'!$AJ$6:$AJ$22)+SUMIF('T12 - Roads'!$AI$7:$AI$19,'Labour & Equip Hrs'!A77,'T12 - Roads'!$AJ$7:$AJ$19)+SUMIF('T13 - Water'!$AI$7:$AI$60,'Labour & Equip Hrs'!A77,'T13 - Water'!$AJ$7:$AJ$60) -> 0 | D77: =SUMIF('T6 - Pits'!$AR$7:$AR$44,A77,'T6 - Pits'!$AS$7:$AS$44)+SUMIF('T7 - WSF'!$AR$7:$AR$69,A77,'T7 - WSF'!$AS$7:$AS$69)+SUMIF('T8 - Facilities'!$AR$7:$AR$115,A77,'T8 - Facilities'!$AS$7:$AS$115)+SUMIF('T9 - Ponds'!$AR$7:$AR$54,A77,'T9 - Ponds'!$AS$7:$AS$54)+SUMIF('T10 - Infrastructure'!$AR$7:$AR$45,A77,'T10 - Infrastructure'!$AS$7:$AS$45)+SUMIF('T11 - Wastes'!$AR$6:$AR$22,A77,'T11 - Wastes'!$AS$6:$AS$22)+SUMIF('T12 - Roads'!$AR$7:$AR$19,A77,'T12 - Roads'!$AS$7:$AS$19)+SUMIF('T13 - Water'!$AR$7:$AR$60,A77,'T13 - Water'!$AS$7:$AS$60) -> 0 | E77: =SUMIF('T6 - Pits'!$BA$7:$BA$44,'Labour & Equip Hrs'!A77,'T6 - Pits'!$BB$7:$BB$44)+SUMIF('T7 - WSF'!$BA$7:$BA$69,'Labour & Equip Hrs'!A77,'T7 - WSF'!$BB$7:$BB$69)+SUMIF('T8 - Facilities'!$BA$7:$BA$115,'Labour & Equip Hrs'!A77,'T8 - Facilities'!$BB$7:$BB$115)+SUMIF('T9 - Ponds'!$BA$7:$BA$54,'Labour & Equip Hrs'!A77,'T9 - Ponds'!$BB$7:$BB$54)+SUMIF('T10 - Infrastructure'!$BA$7:$BA$45,'Labour & Equip Hrs'!A77,'T10 - Infrastructure'!$BB$7:$BB$45)+SUMIF('T11 - Wastes'!$BA$6:$BA$22,'Labour & Equip Hrs'!A77,'T11 - Wastes'!$BB$6:$BB$22)+SUMIF('T12 - Roads'!$BA$7:$BA$19,'Labour & Equip Hrs'!A77,'T12 - Roads'!$BB$7:$BB$19)+SUMIF('T13 - Water'!$BA$7:$BA$60,'Labour & Equip Hrs'!A77,'T13 - Water'!$BB$7:$BB$60) -> 0 | Z77: =A77 -> Air Rotary, 200 cfm compressor | AB77: =C77 -> 0 | AC77: =D77 -> 0 | AD77: =E77 -> 0
A78: ='T2 - Unit Rates'!C20 -> Air track production drill rig (900cfm) | C78: =SUMIF('T6 - Pits'!$AI$7:$AI$44,'Labour & Equip Hrs'!A78,'T6 - Pits'!$AJ$7:$AJ$44)+SUMIF('T7 - WSF'!$AI$7:$AI$69,'Labour & Equip Hrs'!A78,'T7 - WSF'!$AJ$7:$AJ$69)+SUMIF('T8 - Facilities'!$AI$7:$AI$115,'Labour & Equip Hrs'!A78,'T8 - Facilities'!$AJ$7:$AJ$115)+SUMIF('T9 - Ponds'!$AI$7:$AI$54,'Labour & Equip Hrs'!A78,'T9 - Ponds'!$AJ$7:$AJ$54)+SUMIF('T10 - Infrastructure'!$AI$7:$AI$45,'Labour & Equip Hrs'!A78,'T10 - Infrastructure'!$AJ$7:$AJ$45)+SUMIF('T11 - Wastes'!$AI$6:$AI$22,'Labour & Equip Hrs'!A78,'T11 - Wastes'!$AJ$6:$AJ$22)+SUMIF('T12 - Roads'!$AI$7:$AI$19,'Labour & Equip Hrs'!A78,'T12 - Roads'!$AJ$7:$AJ$19)+SUMIF('T13 - Water'!$AI$7:$AI$60,'Labour & Equip Hrs'!A78,'T13 - Water'!$AJ$7:$AJ$60) -> 0 | D78: =SUMIF('T6 - Pits'!$AR$7:$AR$44,A78,'T6 - Pits'!$AS$7:$AS$44)+SUMIF('T7 - WSF'!$AR$7:$AR$69,A78,'T7 - WSF'!$AS$7:$AS$69)+SUMIF('T8 - Facilities'!$AR$7:$AR$115,A78,'T8 - Facilities'!$AS$7:$AS$115)+SUMIF('T9 - Ponds'!$AR$7:$AR$54,A78,'T9 - Ponds'!$AS$7:$AS$54)+SUMIF('T10 - Infrastructure'!$AR$7:$AR$45,A78,'T10 - Infrastructure'!$AS$7:$AS$45)+SUMIF('T11 - Wastes'!$AR$6:$AR$22,A78,'T11 - Wastes'!$AS$6:$AS$22)+SUMIF('T12 - Roads'!$AR$7:$AR$19,A78,'T12 - Roads'!$AS$7:$AS$19)+SUMIF('T13 - Water'!$AR$7:$AR$60,A78,'T13 - Water'!$AS$7:$AS$60) -> 0 | E78: =SUMIF('T6 - Pits'!$BA$7:$BA$44,'Labour & Equip Hrs'!A78,'T6 - Pits'!$BB$7:$BB$44)+SUMIF('T7 - WSF'!$BA$7:$BA$69,'Labour & Equip Hrs'!A78,'T7 - WSF'!$BB$7:$BB$69)+SUMIF('T8 - Facilities'!$BA$7:$BA$115,'Labour & Equip Hrs'!A78,'T8 - Facilities'!$BB$7:$BB$115)+SUMIF('T9 - Ponds'!$BA$7:$BA$54,'Labour & Equip Hrs'!A78,'T9 - Ponds'!$BB$7:$BB$54)+SUMIF('T10 - Infrastructure'!$BA$7:$BA$45,'Labour & Equip Hrs'!A78,'T10 - Infrastructure'!$BB$7:$BB$45)+SUMIF('T11 - Wastes'!$BA$6:$BA$22,'Labour & Equip Hrs'!A78,'T11 - Wastes'!$BB$6:$BB$22)+SUMIF('T12 - Roads'!$BA$7:$BA$19,'Labour & Equip Hrs'!A78,'T12 - Roads'!$BB$7:$BB$19)+SUMIF('T13 - Water'!$BA$7:$BA$60,'Labour & Equip Hrs'!A78,'T13 - Water'!$BB$7:$BB$60) -> 0 | Z78: =A78 -> Air track production drill rig (900cfm) | AB78: =C78 -> 0 | AC78: =D78 -> 0 | AD78: =E78 -> 0
A79: ='T2 - Unit Rates'!C22 -> CAT 325 (30 ton) | C79: =SUMIF('T6 - Pits'!$AI$7:$AI$44,'Labour & Equip Hrs'!A79,'T6 - Pits'!$AJ$7:$AJ$44)+SUMIF('T7 - WSF'!$AI$7:$AI$69,'Labour & Equip Hrs'!A79,'T7 - WSF'!$AJ$7:$AJ$69)+SUMIF('T8 - Facilities'!$AI$7:$AI$115,'Labour & Equip Hrs'!A79,'T8 - Facilities'!$AJ$7:$AJ$115)+SUMIF('T9 - Ponds'!$AI$7:$AI$54,'Labour & Equip Hrs'!A79,'T9 - Ponds'!$AJ$7:$AJ$54)+SUMIF('T10 - Infrastructure'!$AI$7:$AI$45,'Labour & Equip Hrs'!A79,'T10 - Infrastructure'!$AJ$7:$AJ$45)+SUMIF('T11 - Wastes'!$AI$6:$AI$22,'Labour & Equip Hrs'!A79,'T11 - Wastes'!$AJ$6:$AJ$22)+SUMIF('T12 - Roads'!$AI$7:$AI$19,'Labour & Equip Hrs'!A79,'T12 - Roads'!$AJ$7:$AJ$19)+SUMIF('T13 - Water'!$AI$7:$AI$60,'Labour & Equip Hrs'!A79,'T13 - Water'!$AJ$7:$AJ$60) -> 0 | D79: =SUMIF('T6 - Pits'!$AR$7:$AR$44,A79,'T6 - Pits'!$AS$7:$AS$44)+SUMIF('T7 - WSF'!$AR$7:$AR$69,A79,'T7 - WSF'!$AS$7:$AS$69)+SUMIF('T8 - Facilities'!$AR$7:$AR$115,A79,'T8 - Facilities'!$AS$7:$AS$115)+SUMIF('T9 - Ponds'!$AR$7:$AR$54,A79,'T9 - Ponds'!$AS$7:$AS$54)+SUMIF('T10 - Infrastructure'!$AR$7:$AR$45,A79,'T10 - Infrastructure'!$AS$7:$AS$45)+SUMIF('T11 - Wastes'!$AR$6:$AR$22,A79,'T11 - Wastes'!$AS$6:$AS$22)+SUMIF('T12 - Roads'!$AR$7:$AR$19,A79,'T12 - Roads'!$AS$7:$AS$19)+SUMIF('T13 - Water'!$AR$7:$AR$60,A79,'T13 - Water'!$AS$7:$AS$60) -> 0 | E79: =SUMIF('T6 - Pits'!$BA$7:$BA$44,'Labour & Equip Hrs'!A79,'T6 - Pits'!$BB$7:$BB$44)+SUMIF('T7 - WSF'!$BA$7:$BA$69,'Labour & Equip Hrs'!A79,'T7 - WSF'!$BB$7:$BB$69)+SUMIF('T8 - Facilities'!$BA$7:$BA$115,'Labour & Equip Hrs'!A79,'T8 - Facilities'!$BB$7:$BB$115)+SUMIF('T9 - Ponds'!$BA$7:$BA$54,'Labour & Equip Hrs'!A79,'T9 - Ponds'!$BB$7:$BB$54)+SUMIF('T10 - Infrastructure'!$BA$7:$BA$45,'Labour & Equip Hrs'!A79,'T10 - Infrastructure'!$BB$7:$BB$45)+SUMIF('T11 - Wastes'!$BA$6:$BA$22,'Labour & Equip Hrs'!A79,'T11 - Wastes'!$BB$6:$BB$22)+SUMIF('T12 - Roads'!$BA$7:$BA$19,'Labour & Equip Hrs'!A79,'T12 - Roads'!$BB$7:$BB$19)+SUMIF('T13 - Water'!$BA$7:$BA$60,'Labour & Equip Hrs'!A79,'T13 - Water'!$BB$7:$BB$60) -> 0 | Z79: =A79 -> CAT 325 (30 ton) | AB79: =C79 -> 0 | AC79: =D79 -> 0 | AD79: =E79 -> 0
A80: ='T2 - Unit Rates'!C23 -> CAT 336 (40 ton) | C80: =SUMIF('T6 - Pits'!$AI$7:$AI$44,'Labour & Equip Hrs'!A80,'T6 - Pits'!$AJ$7:$AJ$44)+SUMIF('T7 - WSF'!$AI$7:$AI$69,'Labour & Equip Hrs'!A80,'T7 - WSF'!$AJ$7:$AJ$69)+SUMIF('T8 - Facilities'!$AI$7:$AI$115,'Labour & Equip Hrs'!A80,'T8 - Facilities'!$AJ$7:$AJ$115)+SUMIF('T9 - Ponds'!$AI$7:$AI$54,'Labour & Equip Hrs'!A80,'T9 - Ponds'!$AJ$7:$AJ$54)+SUMIF('T10 - Infrastructure'!$AI$7:$AI$45,'Labour & Equip Hrs'!A80,'T10 - Infrastructure'!$AJ$7:$AJ$45)+SUMIF('T11 - Wastes'!$AI$6:$AI$22,'Labour & Equip Hrs'!A80,'T11 - Wastes'!$AJ$6:$AJ$22)+SUMIF('T12 - Roads'!$AI$7:$AI$19,'Labour & Equip Hrs'!A80,'T12 - Roads'!$AJ$7:$AJ$19)+SUMIF('T13 - Water'!$AI$7:$AI$60,'Labour & Equip Hrs'!A80,'T13 - Water'!$AJ$7:$AJ$60) -> 270.756 | D80: =SUMIF('T6 - Pits'!$AR$7:$AR$44,A80,'T6 - Pits'!$AS$7:$AS$44)+SUMIF('T7 - WSF'!$AR$7:$AR$69,A80,'T7 - WSF'!$AS$7:$AS$69)+SUMIF('T8 - Facilities'!$AR$7:$AR$115,A80,'T8 - Facilities'!$AS$7:$AS$115)+SUMIF('T9 - Ponds'!$AR$7:$AR$54,A80,'T9 - Ponds'!$AS$7:$AS$54)+SUMIF('T10 - Infrastructure'!$AR$7:$AR$45,A80,'T10 - Infrastructure'!$AS$7:$AS$45)+SUMIF('T11 - Wastes'!$AR$6:$AR$22,A80,'T11 - Wastes'!$AS$6:$AS$22)+SUMIF('T12 - Roads'!$AR$7:$AR$19,A80,'T12 - Roads'!$AS$7:$AS$19)+SUMIF('T13 - Water'!$AR$7:$AR$60,A80,'T13 - Water'!$AS$7:$AS$60) -> 5875.1 | E80: =SUMIF('T6 - Pits'!$BA$7:$BA$44,'Labour & Equip Hrs'!A80,'T6 - Pits'!$BB$7:$BB$44)+SUMIF('T7 - WSF'!$BA$7:$BA$69,'Labour & Equip Hrs'!A80,'T7 - WSF'!$BB$7:$BB$69)+SUMIF('T8 - Facilities'!$BA$7:$BA$115,'Labour & Equip Hrs'!A80,'T8 - Facilities'!$BB$7:$BB$115)+SUMIF('T9 - Ponds'!$BA$7:$BA$54,'Labour & Equip Hrs'!A80,'T9 - Ponds'!$BB$7:$BB$54)+SUMIF('T10 - Infrastructure'!$BA$7:$BA$45,'Labour & Equip Hrs'!A80,'T10 - Infrastructure'!$BB$7:$BB$45)+SUMIF('T11 - Wastes'!$BA$6:$BA$22,'Labour & Equip Hrs'!A80,'T11 - Wastes'!$BB$6:$BB$22)+SUMIF('T12 - Roads'!$BA$7:$BA$19,'Labour & Equip Hrs'!A80,'T12 - Roads'!$BB$7:$BB$19)+SUMIF('T13 - Water'!$BA$7:$BA$60,'Labour & Equip Hrs'!A80,'T13 - Water'!$BB$7:$BB$60) -> 5901.984 | Z80: =A80 -> CAT 336 (40 ton) | AB80: =C80+P46 -> 270.756 | AC80: =D80+AC46 -> 5875.1 | AD80: =E80+AO46 -> 5901.984
A81: ='T2 - Unit Rates'!C24 -> CAT 336 w hammer | C81: =SUMIF('T6 - Pits'!$AI$7:$AI$44,'Labour & Equip Hrs'!A81,'T6 - Pits'!$AJ$7:$AJ$44)+SUMIF('T7 - WSF'!$AI$7:$AI$69,'Labour & Equip Hrs'!A81,'T7 - WSF'!$AJ$7:$AJ$69)+SUMIF('T8 - Facilities'!$AI$7:$AI$115,'Labour & Equip Hrs'!A81,'T8 - Facilities'!$AJ$7:$AJ$115)+SUMIF('T9 - Ponds'!$AI$7:$AI$54,'Labour & Equip Hrs'!A81,'T9 - Ponds'!$AJ$7:$AJ$54)+SUMIF('T10 - Infrastructure'!$AI$7:$AI$45,'Labour & Equip Hrs'!A81,'T10 - Infrastructure'!$AJ$7:$AJ$45)+SUMIF('T11 - Wastes'!$AI$6:$AI$22,'Labour & Equip Hrs'!A81,'T11 - Wastes'!$AJ$6:$AJ$22)+SUMIF('T12 - Roads'!$AI$7:$AI$19,'Labour & Equip Hrs'!A81,'T12 - Roads'!$AJ$7:$AJ$19)+SUMIF('T13 - Water'!$AI$7:$AI$60,'Labour & Equip Hrs'!A81,'T13 - Water'!$AJ$7:$AJ$60) -> 0 | D81: =SUMIF('T6 - Pits'!$AR$7:$AR$44,A81,'T6 - Pits'!$AS$7:$AS$44)+SUMIF('T7 - WSF'!$AR$7:$AR$69,A81,'T7 - WSF'!$AS$7:$AS$69)+SUMIF('T8 - Facilities'!$AR$7:$AR$115,A81,'T8 - Facilities'!$AS$7:$AS$115)+SUMIF('T9 - Ponds'!$AR$7:$AR$54,A81,'T9 - Ponds'!$AS$7:$AS$54)+SUMIF('T10 - Infrastructure'!$AR$7:$AR$45,A81,'T10 - Infrastructure'!$AS$7:$AS$45)+SUMIF('T11 - Wastes'!$AR$6:$AR$22,A81,'T11 - Wastes'!$AS$6:$AS$22)+SUMIF('T12 - Roads'!$AR$7:$AR$19,A81,'T12 - Roads'!$AS$7:$AS$19)+SUMIF('T13 - Water'!$AR$7:$AR$60,A81,'T13 - Water'!$AS$7:$AS$60) -> 340 | E81: =SUMIF('T6 - Pits'!$BA$7:$BA$44,'Labour & Equip Hrs'!A81,'T6 - Pits'!$BB$7:$BB$44)+SUMIF('T7 - WSF'!$BA$7:$BA$69,'Labour & Equip Hrs'!A81,'T7 - WSF'!$BB$7:$BB$69)+SUMIF('T8 - Facilities'!$BA$7:$BA$115,'Labour & Equip Hrs'!A81,'T8 - Facilities'!$BB$7:$BB$115)+SUMIF('T9 - Ponds'!$BA$7:$BA$54,'Labour & Equip Hrs'!A81,'T9 - Ponds'!$BB$7:$BB$54)+SUMIF('T10 - Infrastructure'!$BA$7:$BA$45,'Labour & Equip Hrs'!A81,'T10 - Infrastructure'!$BB$7:$BB$45)+SUMIF('T11 - Wastes'!$BA$6:$BA$22,'Labour & Equip Hrs'!A81,'T11 - Wastes'!$BB$6:$BB$22)+SUMIF('T12 - Roads'!$BA$7:$BA$19,'Labour & Equip Hrs'!A81,'T12 - Roads'!$BB$7:$BB$19)+SUMIF('T13 - Water'!$BA$7:$BA$60,'Labour & Equip Hrs'!A81,'T13 - Water'!$BB$7:$BB$60) -> 340 | Z81: =A81 -> CAT 336 w hammer | AB81: =C81 -> 0 | AC81: =D81 -> 340 | AD81: =E81 -> 340
A82: ='T2 - Unit Rates'!C25 -> CAT 345 (45 ton) | C82: =SUMIF('T6 - Pits'!$AI$7:$AI$44,'Labour & Equip Hrs'!A82,'T6 - Pits'!$AJ$7:$AJ$44)+SUMIF('T7 - WSF'!$AI$7:$AI$69,'Labour & Equip Hrs'!A82,'T7 - WSF'!$AJ$7:$AJ$69)+SUMIF('T8 - Facilities'!$AI$7:$AI$115,'Labour & Equip Hrs'!A82,'T8 - Facilities'!$AJ$7:$AJ$115)+SUMIF('T9 - Ponds'!$AI$7:$AI$54,'Labour & Equip Hrs'!A82,'T9 - Ponds'!$AJ$7:$AJ$54)+SUMIF('T10 - Infrastructure'!$AI$7:$AI$45,'Labour & Equip Hrs'!A82,'T10 - Infrastructure'!$AJ$7:$AJ$45)+SUMIF('T11 - Wastes'!$AI$6:$AI$22,'Labour & Equip Hrs'!A82,'T11 - Wastes'!$AJ$6:$AJ$22)+SUMIF('T12 - Roads'!$AI$7:$AI$19,'Labour & Equip Hrs'!A82,'T12 - Roads'!$AJ$7:$AJ$19)+SUMIF('T13 - Water'!$AI$7:$AI$60,'Labour & Equip Hrs'!A82,'T13 - Water'!$AJ$7:$AJ$60) -> 0 | D82: =SUMIF('T6 - Pits'!$AR$7:$AR$44,A82,'T6 - Pits'!$AS$7:$AS$44)+SUMIF('T7 - WSF'!$AR$7:$AR$69,A82,'T7 - WSF'!$AS$7:$AS$69)+SUMIF('T8 - Facilities'!$AR$7:$AR$115,A82,'T8 - Facilities'!$AS$7:$AS$115)+SUMIF('T9 - Ponds'!$AR$7:$AR$54,A82,'T9 - Ponds'!$AS$7:$AS$54)+SUMIF('T10 - Infrastructure'!$AR$7:$AR$45,A82,'T10 - Infrastructure'!$AS$7:$AS$45)+SUMIF('T11 - Wastes'!$AR$6:$AR$22,A82,'T11 - Wastes'!$AS$6:$AS$22)+SUMIF('T12 - Roads'!$AR$7:$AR$19,A82,'T12 - Roads'!$AS$7:$AS$19)+SUMIF('T13 - Water'!$AR$7:$AR$60,A82,'T13 - Water'!$AS$7:$AS$60) -> 62.541667 | E82: =SUMIF('T6 - Pits'!$BA$7:$BA$44,'Labour & Equip Hrs'!A82,'T6 - Pits'!$BB$7:$BB$44)+SUMIF('T7 - WSF'!$BA$7:$BA$69,'Labour & Equip Hrs'!A82,'T7 - WSF'!$BB$7:$BB$69)+SUMIF('T8 - Facilities'!$BA$7:$BA$115,'Labour & Equip Hrs'!A82,'T8 - Facilities'!$BB$7:$BB$115)+SUMIF('T9 - Ponds'!$BA$7:$BA$54,'Labour & Equip Hrs'!A82,'T9 - Ponds'!$BB$7:$BB$54)+SUMIF('T10 - Infrastructure'!$BA$7:$BA$45,'Labour & Equip Hrs'!A82,'T10 - Infrastructure'!$BB$7:$BB$45)+SUMIF('T11 - Wastes'!$BA$6:$BA$22,'Labour & Equip Hrs'!A82,'T11 - Wastes'!$BB$6:$BB$22)+SUMIF('T12 - Roads'!$BA$7:$BA$19,'Labour & Equip Hrs'!A82,'T12 - Roads'!$BB$7:$BB$19)+SUMIF('T13 - Water'!$BA$7:$BA$60,'Labour & Equip Hrs'!A82,'T13 - Water'!$BB$7:$BB$60) -> 72.833333 | Z82: =A82 -> CAT 345 (45 ton) | AB82: =C82 -> 0 | AC82: =D82 -> 62.541667 | AD82: =E82 -> 72.833333
A83: ='T2 - Unit Rates'!C27 -> CAT 16G grader | C83: =SUMIF('T6 - Pits'!$AI$7:$AI$44,'Labour & Equip Hrs'!A83,'T6 - Pits'!$AJ$7:$AJ$44)+SUMIF('T7 - WSF'!$AI$7:$AI$69,'Labour & Equip Hrs'!A83,'T7 - WSF'!$AJ$7:$AJ$69)+SUMIF('T8 - Facilities'!$AI$7:$AI$115,'Labour & Equip Hrs'!A83,'T8 - Facilities'!$AJ$7:$AJ$115)+SUMIF('T9 - Ponds'!$AI$7:$AI$54,'Labour & Equip Hrs'!A83,'T9 - Ponds'!$AJ$7:$AJ$54)+SUMIF('T10 - Infrastructure'!$AI$7:$AI$45,'Labour & Equip Hrs'!A83,'T10 - Infrastructure'!$AJ$7:$AJ$45)+SUMIF('T11 - Wastes'!$AI$6:$AI$22,'Labour & Equip Hrs'!A83,'T11 - Wastes'!$AJ$6:$AJ$22)+SUMIF('T12 - Roads'!$AI$7:$AI$19,'Labour & Equip Hrs'!A83,'T12 - Roads'!$AJ$7:$AJ$19)+SUMIF('T13 - Water'!$AI$7:$AI$60,'Labour & Equip Hrs'!A83,'T13 - Water'!$AJ$7:$AJ$60) -> 0 | D83: =SUMIF('T6 - Pits'!$AR$7:$AR$44,A83,'T6 - Pits'!$AS$7:$AS$44)+SUMIF('T7 - WSF'!$AR$7:$AR$69,A83,'T7 - WSF'!$AS$7:$AS$69)+SUMIF('T8 - Facilities'!$AR$7:$AR$115,A83,'T8 - Facilities'!$AS$7:$AS$115)+SUMIF('T9 - Ponds'!$AR$7:$AR$54,A83,'T9 - Ponds'!$AS$7:$AS$54)+SUMIF('T10 - Infrastructure'!$AR$7:$AR$45,A83,'T10 - Infrastructure'!$AS$7:$AS$45)+SUMIF('T11 - Wastes'!$AR$6:$AR$22,A83,'T11 - Wastes'!$AS$6:$AS$22)+SUMIF('T12 - Roads'!$AR$7:$AR$19,A83,'T12 - Roads'!$AS$7:$AS$19)+SUMIF('T13 - Water'!$AR$7:$AR$60,A83,'T13 - Water'!$AS$7:$AS$60) -> 0 | E83: =SUMIF('T6 - Pits'!$BA$7:$BA$44,'Labour & Equip Hrs'!A83,'T6 - Pits'!$BB$7:$BB$44)+SUMIF('T7 - WSF'!$BA$7:$BA$69,'Labour & Equip Hrs'!A83,'T7 - WSF'!$BB$7:$BB$69)+SUMIF('T8 - Facilities'!$BA$7:$BA$115,'Labour & Equip Hrs'!A83,'T8 - Facilities'!$BB$7:$BB$115)+SUMIF('T9 - Ponds'!$BA$7:$BA$54,'Labour & Equip Hrs'!A83,'T9 - Ponds'!$BB$7:$BB$54)+SUMIF('T10 - Infrastructure'!$BA$7:$BA$45,'Labour & Equip Hrs'!A83,'T10 - Infrastructure'!$BB$7:$BB$45)+SUMIF('T11 - Wastes'!$BA$6:$BA$22,'Labour & Equip Hrs'!A83,'T11 - Wastes'!$BB$6:$BB$22)+SUMIF('T12 - Roads'!$BA$7:$BA$19,'Labour & Equip Hrs'!A83,'T12 - Roads'!$BB$7:$BB$19)+SUMIF('T13 - Water'!$BA$7:$BA$60,'Labour & Equip Hrs'!A83,'T13 - Water'!$BB$7:$BB$60) -> 0 | Z83: =A83 -> CAT 16G grader | AB83: =C83 -> 0 | AC83: =D83 -> 0 | AD83: =E83 -> 0
A84: ='T2 - Unit Rates'!C28 -> CAT 140H | C84: =SUMIF('T6 - Pits'!$AI$7:$AI$44,'Labour & Equip Hrs'!A84,'T6 - Pits'!$AJ$7:$AJ$44)+SUMIF('T7 - WSF'!$AI$7:$AI$69,'Labour & Equip Hrs'!A84,'T7 - WSF'!$AJ$7:$AJ$69)+SUMIF('T8 - Facilities'!$AI$7:$AI$115,'Labour & Equip Hrs'!A84,'T8 - Facilities'!$AJ$7:$AJ$115)+SUMIF('T9 - Ponds'!$AI$7:$AI$54,'Labour & Equip Hrs'!A84,'T9 - Ponds'!$AJ$7:$AJ$54)+SUMIF('T10 - Infrastructure'!$AI$7:$AI$45,'Labour & Equip Hrs'!A84,'T10 - Infrastructure'!$AJ$7:$AJ$45)+SUMIF('T11 - Wastes'!$AI$6:$AI$22,'Labour & Equip Hrs'!A84,'T11 - Wastes'!$AJ$6:$AJ$22)+SUMIF('T12 - Roads'!$AI$7:$AI$19,'Labour & Equip Hrs'!A84,'T12 - Roads'!$AJ$7:$AJ$19)+SUMIF('T13 - Water'!$AI$7:$AI$60,'Labour & Equip Hrs'!A84,'T13 - Water'!$AJ$7:$AJ$60) -> 7.796 | D84: =SUMIF('T6 - Pits'!$AR$7:$AR$44,A84,'T6 - Pits'!$AS$7:$AS$44)+SUMIF('T7 - WSF'!$AR$7:$AR$69,A84,'T7 - WSF'!$AS$7:$AS$69)+SUMIF('T8 - Facilities'!$AR$7:$AR$115,A84,'T8 - Facilities'!$AS$7:$AS$115)+SUMIF('T9 - Ponds'!$AR$7:$AR$54,A84,'T9 - Ponds'!$AS$7:$AS$54)+SUMIF('T10 - Infrastructure'!$AR$7:$AR$45,A84,'T10 - Infrastructure'!$AS$7:$AS$45)+SUMIF('T11 - Wastes'!$AR$6:$AR$22,A84,'T11 - Wastes'!$AS$6:$AS$22)+SUMIF('T12 - Roads'!$AR$7:$AR$19,A84,'T12 - Roads'!$AS$7:$AS$19)+SUMIF('T13 - Water'!$AR$7:$AR$60,A84,'T13 - Water'!$AS$7:$AS$60) -> 10.235 | E84: =SUMIF('T6 - Pits'!$BA$7:$BA$44,'Labour & Equip Hrs'!A84,'T6 - Pits'!$BB$7:$BB$44)+SUMIF('T7 - WSF'!$BA$7:$BA$69,'Labour & Equip Hrs'!A84,'T7 - WSF'!$BB$7:$BB$69)+SUMIF('T8 - Facilities'!$BA$7:$BA$115,'Labour & Equip Hrs'!A84,'T8 - Facilities'!$BB$7:$BB$115)+SUMIF('T9 - Ponds'!$BA$7:$BA$54,'Labour & Equip Hrs'!A84,'T9 - Ponds'!$BB$7:$BB$54)+SUMIF('T10 - Infrastructure'!$BA$7:$BA$45,'Labour & Equip Hrs'!A84,'T10 - Infrastructure'!$BB$7:$BB$45)+SUMIF('T11 - Wastes'!$BA$6:$BA$22,'Labour & Equip Hrs'!A84,'T11 - Wastes'!$BB$6:$BB$22)+SUMIF('T12 - Roads'!$BA$7:$BA$19,'Labour & Equip Hrs'!A84,'T12 - Roads'!$BB$7:$BB$19)+SUMIF('T13 - Water'!$BA$7:$BA$60,'Labour & Equip Hrs'!A84,'T13 - Water'!$BB$7:$BB$60) -> 12.679 | Z84: =A84 -> CAT 140H | AB84: =C84 -> 7.796 | AC84: =D84 -> 10.235 | AD84: =E84 -> 12.679
A85: ='T2 - Unit Rates'!C30 -> 30 ton Articulated Haul Truck | C85: =SUMIF('T6 - Pits'!$AI$7:$AI$44,'Labour & Equip Hrs'!A85,'T6 - Pits'!$AJ$7:$AJ$44)+SUMIF('T7 - WSF'!$AI$7:$AI$69,'Labour & Equip Hrs'!A85,'T7 - WSF'!$AJ$7:$AJ$69)+SUMIF('T8 - Facilities'!$AI$7:$AI$115,'Labour & Equip Hrs'!A85,'T8 - Facilities'!$AJ$7:$AJ$115)+SUMIF('T9 - Ponds'!$AI$7:$AI$54,'Labour & Equip Hrs'!A85,'T9 - Ponds'!$AJ$7:$AJ$54)+SUMIF('T10 - Infrastructure'!$AI$7:$AI$45,'Labour & Equip Hrs'!A85,'T10 - Infrastructure'!$AJ$7:$AJ$45)+SUMIF('T11 - Wastes'!$AI$6:$AI$22,'Labour & Equip Hrs'!A85,'T11 - Wastes'!$AJ$6:$AJ$22)+SUMIF('T12 - Roads'!$AI$7:$AI$19,'Labour & Equip Hrs'!A85,'T12 - Roads'!$AJ$7:$AJ$19)+SUMIF('T13 - Water'!$AI$7:$AI$60,'Labour & Equip Hrs'!A85,'T13 - Water'!$AJ$7:$AJ$60) -> 0 | D85: =SUMIF('T6 - Pits'!$AR$7:$AR$44,A85,'T6 - Pits'!$AS$7:$AS$44)+SUMIF('T7 - WSF'!$AR$7:$AR$69,A85,'T7 - WSF'!$AS$7:$AS$69)+SUMIF('T8 - Facilities'!$AR$7:$AR$115,A85,'T8 - Facilities'!$AS$7:$AS$115)+SUMIF('T9 - Ponds'!$AR$7:$AR$54,A85,'T9 - Ponds'!$AS$7:$AS$54)+SUMIF('T10 - Infrastructure'!$AR$7:$AR$45,A85,'T10 - Infrastructure'!$AS$7:$AS$45)+SUMIF('T11 - Wastes'!$AR$6:$AR$22,A85,'T11 - Wastes'!$AS$6:$AS$22)+SUMIF('T12 - Roads'!$AR$7:$AR$19,A85,'T12 - Roads'!$AS$7:$AS$19)+SUMIF('T13 - Water'!$AR$7:$AR$60,A85,'T13 - Water'!$AS$7:$AS$60) -> 0 | E85: =SUMIF('T6 - Pits'!$BA$7:$BA$44,'Labour & Equip Hrs'!A85,'T6 - Pits'!$BB$7:$BB$44)+SUMIF('T7 - WSF'!$BA$7:$BA$69,'Labour & Equip Hrs'!A85,'T7 - WSF'!$BB$7:$BB$69)+SUMIF('T8 - Facilities'!$BA$7:$BA$115,'Labour & Equip Hrs'!A85,'T8 - Facilities'!$BB$7:$BB$115)+SUMIF('T9 - Ponds'!$BA$7:$BA$54,'Labour & Equip Hrs'!A85,'T9 - Ponds'!$BB$7:$BB$54)+SUMIF('T10 - Infrastructure'!$BA$7:$BA$45,'Labour & Equip Hrs'!A85,'T10 - Infrastructure'!$BB$7:$BB$45)+SUMIF('T11 - Wastes'!$BA$6:$BA$22,'Labour & Equip Hrs'!A85,'T11 - Wastes'!$BB$6:$BB$22)+SUMIF('T12 - Roads'!$BA$7:$BA$19,'Labour & Equip Hrs'!A85,'T12 - Roads'!$BB$7:$BB$19)+SUMIF('T13 - Water'!$BA$7:$BA$60,'Labour & Equip Hrs'!A85,'T13 - Water'!$BB$7:$BB$60) -> 0 | Z85: =A85 -> 30 ton Articulated Haul Truck | AB85: =C85 -> 0 | AC85: =D85 -> 0 | AD85: =E85 -> 0
A86: ='T2 - Unit Rates'!C31 -> 35 ton Articulated Haul Truck | C86: =SUMIF('T6 - Pits'!$AI$7:$AI$44,'Labour & Equip Hrs'!A86,'T6 - Pits'!$AJ$7:$AJ$44)+SUMIF('T7 - WSF'!$AI$7:$AI$69,'Labour & Equip Hrs'!A86,'T7 - WSF'!$AJ$7:$AJ$69)+SUMIF('T8 - Facilities'!$AI$7:$AI$115,'Labour & Equip Hrs'!A86,'T8 - Facilities'!$AJ$7:$AJ$115)+SUMIF('T9 - Ponds'!$AI$7:$AI$54,'Labour & Equip Hrs'!A86,'T9 - Ponds'!$AJ$7:$AJ$54)+SUMIF('T10 - Infrastructure'!$AI$7:$AI$45,'Labour & Equip Hrs'!A86,'T10 - Infrastructure'!$AJ$7:$AJ$45)+SUMIF('T11 - Wastes'!$AI$6:$AI$22,'Labour & Equip Hrs'!A86,'T11 - Wastes'!$AJ$6:$AJ$22)+SUMIF('T12 - Roads'!$AI$7:$AI$19,'Labour & Equip Hrs'!A86,'T12 - Roads'!$AJ$7:$AJ$19)+SUMIF('T13 - Water'!$AI$7:$AI$60,'Labour & Equip Hrs'!A86,'T13 - Water'!$AJ$7:$AJ$60) -> 0 | D86: =SUMIF('T6 - Pits'!$AR$7:$AR$44,A86,'T6 - Pits'!$AS$7:$AS$44)+SUMIF('T7 - WSF'!$AR$7:$AR$69,A86,'T7 - WSF'!$AS$7:$AS$69)+SUMIF('T8 - Facilities'!$AR$7:$AR$115,A86,'T8 - Facilities'!$AS$7:$AS$115)+SUMIF('T9 - Ponds'!$AR$7:$AR$54,A86,'T9 - Ponds'!$AS$7:$AS$54)+SUMIF('T10 - Infrastructure'!$AR$7:$AR$45,A86,'T10 - Infrastructure'!$AS$7:$AS$45)+SUMIF('T11 - Wastes'!$AR$6:$AR$22,A86,'T11 - Wastes'!$AS$6:$AS$22)+SUMIF('T12 - Roads'!$AR$7:$AR$19,A86,'T12 - Roads'!$AS$7:$AS$19)+SUMIF('T13 - Water'!$AR$7:$AR$60,A86,'T13 - Water'!$AS$7:$AS$60) -> 24.85 | E86: =SUMIF('T6 - Pits'!$BA$7:$BA$44,'Labour & Equip Hrs'!A86,'T6 - Pits'!$BB$7:$BB$44)+SUMIF('T7 - WSF'!$BA$7:$BA$69,'Labour & Equip Hrs'!A86,'T7 - WSF'!$BB$7:$BB$69)+SUMIF('T8 - Facilities'!$BA$7:$BA$115,'Labour & Equip Hrs'!A86,'T8 - Facilities'!$BB$7:$BB$115)+SUMIF('T9 - Ponds'!$BA$7:$BA$54,'Labour & Equip Hrs'!A86,'T9 - Ponds'!$BB$7:$BB$54)+SUMIF('T10 - Infrastructure'!$BA$7:$BA$45,'Labour & Equip Hrs'!A86,'T10 - Infrastructure'!$BB$7:$BB$45)+SUMIF('T11 - Wastes'!$BA$6:$BA$22,'Labour & Equip Hrs'!A86,'T11 - Wastes'!$BB$6:$BB$22)+SUMIF('T12 - Roads'!$BA$7:$BA$19,'Labour & Equip Hrs'!A86,'T12 - Roads'!$BB$7:$BB$19)+SUMIF('T13 - Water'!$BA$7:$BA$60,'Labour & Equip Hrs'!A86,'T13 - Water'!$BB$7:$BB$60) -> 24.85 | Z86: =A86 -> 35 ton Articulated Haul Truck | AB86: =C86 -> 0 | AC86: =D86 -> 24.85 | AD86: =E86 -> 24.85
